Workbook
Name C_01: ComboValue!$AB$2
Name C_01b: ComboValue!$AC$2
Name C_02: ComboValue!$AD$2
Name C_03: ComboValue!$AE$2
Name C_04: ComboValue!$AF$2
Name C_05: ComboValue!$AG$2
Name C_06: ComboValue!$AH$2:$AH$4
Name C_07: ComboValue!$AI$2:$AI$4
Name C_08: ComboValue!$AJ$2
Name C_09: ComboValue!$AK$2
Name C_10: ComboValue!$AL$2
Name C_11: ComboValue!$AM$2
Name C_12: ComboValue!$AN$2
Name C_13: ComboValue!$AO$2
Name C_14: ComboValue!$AP$2
Name C_15: ComboValue!$AQ$2
Name C_16: ComboValue!$AR$2
Name C_17: ComboValue!$AS$2
Name CMR: #REF!
Name Critère: #REF!
Name D_01: ComboValue!$AB$8
Name D_01b: ComboValue!$AC$8
Name D_02: ComboValue!$AD$8
Name D_03: ComboValue!$AE$8
Name D_04: ComboValue!$AF$8
Name D_05: ComboValue!$AG$8
Name D_06: ComboValue!$AH$8:$AH$10
Name D_07: ComboValue!$AI$8:$AI$10
Name D_08: ComboValue!$AJ$8
Name D_09: ComboValue!$AK$8
Name D_10: ComboValue!$AL$8
Name D_11: ComboValue!$AM$8
Name D_12: ComboValue!$AN$8
Name D_13: ComboValue!$AO$8
Name D_14: ComboValue!$AP$8
Name D_15: ComboValue!$AQ$8
Name D_16: ComboValue!$AR$8
Name Gaz_Fr: ComboValue!$D$2:$D$5
Name Gaz_Nl: ComboValue!$E$2:$E$5
Name Inventaire: #REF!
Name Prods: #REF!
Name Produit: #REF!
Name Tous_Fr: ComboValue!$D$2:$D$18
Name Tous_Nl: ComboValue!$E$2:$E$18

Sheet 0. Gebruikaanwijzing
A1: v2026.2.0 - juin2026
A2: 0. GEBRUIKAANWIJZING
A4: 1. Locaties en Conditioneringen
A5: Als wij weten waar (locaties) en hoe (conditionnering) uw gevaarlijke producten zijn opgeslagen, kunnen wij ons beter voorbereiden op eventuele bezoeken aan uw bedrijf en kunnen wij voorlopig vaststellen of er al dan niet een bodemonderzoek moet worden uitgevoerd. Om het gemakkelijk te maken moet deze informatie niet rechtstreeks in verband worden gebracht met de gevaarlijke producten. --> Dit tabblad moet door u worden ingevuld.
A7: 2. Inventaris
A8: Dit tabblad is het belangrijkste! Hier staan regel voor regel alle gevaarlijke producten die op uw bedrijf aanwezig zijn. Gevaarlijk afval hoeft hier niet te worden opgenomen. Er is ook een handleiding voor het invullen van de inventaris beschikbaar via een hyperlink bovenaan de pagina 2. Inventaris. Er zijn enkele principes die u moet volgen bij het invullen van dit tabblad: 1. Per regel mag slechts één product worden ingevuld 2. De kolommen "A. Naam (of "familie") van gevaarlijke producten", "B. Gevarenpictogram", "C. Type gevaarlijk product", "D. Vlampunt (in °C)" en "E. Maximale opgeslagen hoeveelheid" moeten altijd worden ingevuld voor elk gevaarlijk product. 3. U moet zoveel kolommen "B. Gevarenpictogram" invullen als er pictogrammen bij het betreffende gevaarlijke product horen (bijv. als er op uw product 3 pictogrammen staan aangeduid, moeten er 3 verschillende kolommen met de bijbehorende pictogrammen worden ingevuld). Opmerking: De vermelding „Geen gevarenpictogram“ geldt alleen voor producten waarvan het etiket of het veiligheidsinformatieblad geen gevarenpictogrammen bevat, maar wel codes van gevarenaanduidingen. Deze vermelding mag niet worden geselecteerd voor een product dat niet als gevaarlijk is ingedeeld. De inventaris mag namelijk alleen gevaarlijke producten bevatten. 4. Kolom R. "Moet u de codes van de gevarenaanduidingen bij dit product invullen ?" geeft aan of de volgende kolommen ("F. Code(s) van gevarenaanduidingen (H gevolgd door cijfers)") voor dit product moeten worden ingevuld. 5. De H-codes zijn te vinden in het veiligheidsinformatieblad van het product (rubriek 2). Net als bij de pictogrammen moeten zoveel kolommen worden ingevuld als er H-codes bij het product horen. 6. Laat geen lege regels tussen de verschillende ingevulde producten. --> Dit tabblad moet door u worden ingevuld.
A10: 3. Bijzonder zorgwekkende producten
A11: De aanwezigheid van bepaalde H-codes die wijzen op de aanwezigheid van eigenschappen die bijzonder gevaarlijk zijn voor mens of milieu (bijv. H350 - kan kanker veroorzaken). Deze producten vereisen speciale aandacht en er moet ons meer informatie worden toegezonden om voldoende veiligheid in uw bedrijf op lange termijn te garanderen. /!\ Dit tabblad heeft alleen betrekking op producten die daadwerkelijk worden gebruikt (in tegenstelling tot producten die alleen op voorraad staan). De veiligheidsinformatiebladen van deze producten moeten samen met deze inventaris naar ons worden opgestuurd. --> Dit tabblad moet door u worden ingevuld.
A13: 4. Fouten
A14: Wijst op de meest voorkomende fouten bij het invullen van de inventaris. Helpt om heen en weer geloop tussen u en de administratie te voorkomen. Raadpleeg de productnummers in dit tabblad en controleer de informatie die u hebt ingegeven. --> U moet dit tabblad raadplegen maar mag er geen informatie ingeven.
A16: 5. Resultaten
A17: Het belangrijkste doel van deze inventaris is het opsporen van de aanwezigheid van bepaalde soorten opslag van gevaarlijke producten die, afhankelijk van de opgeslagen hoeveelheden, als ingedeelde inrichtingen kunnen worden beschouwd. In dat geval zal het nodig zijn de in dit tabblad aangegeven rubrieken aan uw vergunningsaanvraag toe te voegen. De klasse (1B-2-3) van de aangevraagde vergunning kan ook veranderen afhankelijk van de klasse van de aangetroffen installaties. Tegelijkertijd geeft dit tabblad een overzicht van de producten van bijzonder belang die in uw exploitatie aanwezig zijn (en herinnert u aan uw verplichting om ons het bijbehorende veiligheidsinformatieblad te bezorgen) alsook van de totale hoeveelheden producten, ingedeeld per gevarenpictogram, informatie die nuttig zal zijn voor het opstellen van de exploitatievoorwaarden van uw vergunning, alsook voor de brandweer in geval van interventie in uw exploitatie. --> U moet dit tabblad raadplegen maar mag er geen informatie ingeven.

Sheet Conditionnement
A1: Inventaire produits dangereux : FEUILLE A REMPLIR - Conditionnement(s)
A4: Conditionnement (choix 1)
A5: Conditionnement (choix 2)
A6: Conditionnement (choix 3)
A7: Conditionnement (choix 4)
A8: Conditionnement (choix 5)
A9: Conditionnement (choix 6)
A10: Conditionnement (choix 7)
A11: Conditionnement (choix 8)
A12: Id_C | B12: =IF(ISBLANK(B4),"",VLOOKUP(B4,ComboValue!$U$2:$W$9,3,FALSE) & ",") & IF(ISBLANK(B5),"",VLOOKUP(B5,ComboValue!$U$2:$W$9,3,FALSE) & ",") & IF(ISBLANK(B6),"",VLOOKUP(B6,ComboValue!$U$2:$W$9,3,FALSE) & ",") & IF(ISBLANK(B7),"",VLOOKUP(B7,ComboValue!$U$2:$W$9,3,FALSE) & ",") & IF(ISBLANK(B8),"",VLOOKUP(B8,ComboValue!$U$2:$W$9,3,FALSE) & ",") & IF(ISBLANK(B9),"",VLOOKUP(B9,ComboValue!$U$2:$W$9,3,FALSE) & ",") & IF(ISBLANK(B10),"",VLOOKUP(B10,ComboValue!$U$2:$W$9,3,FALSE) & ",") & IF(ISBLANK(B11),"",VLOOKUP(B11,ComboValue!$U$2:$W$9,3,FALSE) & ",")
A15: Note :

Sheet 1. Locaties en Conditioneringen
B2: 1a. Locatie(s) van opslag
A3: Locatie (keuze 1)
A4: Locatie (keuze 2)
A5: Locatie (keuze 3)
A6: Locatie (keuze 4)
A7: Locatie (keuze 5)
A8: Locatie (keuze 6)
A9: Locatie (keuze 7)
A10: Locatie (keuze 8)
A11: Locatie (keuze 9)
A12: Id_L
A14: Opmerking : Leefmilieu Brussel moet de verschillende locaties kennen waar uw gevaarlijke producten zullen worden opgeslagen, zodat het deze locaties kan bezoeken. Bovendien zullen, afhankelijk van de hoeveelheden die in bepaalde locaties worden opgeslagen, bepaalde bijkomende exploitatievoorwaarden moeten worden opgesteld.
B18: 1b. Conditionering(en)
A19: Conditionering (keuze 1)
A20: Conditionering (keuze 2)
A21: Conditionering (keuze 3)
A22: Conditionering (keuze 4)
A23: Conditionering (keuze 5)
A24: Conditionering (keuze 6)
A25: Conditionering (keuze 7)
A26: Conditionering (keuze 8)
A27: Id_C
A29: Opmerking : Voor de opslag van gevaarlijke stoffen kan een bodemonderzoek nodig zijn om er zeker van te zijn dat uw gevaarlijke stoffen de kwaliteit van de bodem niet aantasten. Door een gepaste conditionering te kiezen, kunt u van deze verplichting worden vrijgesteld.

Sheet 2. Inventaris
C1: 2. INVENTARIS | G1: Als er meer dan 4 gevarensymbolen aan een product zijn gekoppeld, gebruikt u de [+] hierboven om meer kolommen weer te geven | W1: Indien aan een product meer dan 6 gevarenaanduidingscodes zijn gekoppeld, gebruik dan de [+] hierboven om meer kolommen weer te geven.
B2: Als hulpmiddel om deze inventaris in te vullen bestaat er een gids onder deze link. Deze bevat namelijk belangrijke specificaties voor winkels voor de verkoop van doe-het-zelfproducten, onderhoudsproducten of schoonmaakproducten - supermarkt en hypermarkt.
B3: (Product-nummer) | C3: A. Naam of "familie" van gevaarlijke producten | D3: B. Gevarenpictogram (keuze 1) | E3: B. Gevarenpictogram (keuze 2) | F3: B. Gevarenpictogram (keuze 3) | G3: B. Gevarenpictogram (keuze 4) | H3: B. Gevarenpictogram (keuze 5) | I3: B. Gevarenpictogram (keuze 6) | J3: B. Gevarenpictogram (keuze 7) | K3: B. Gevarenpictogram (keuze 8) | L3: B. Gevarenpictogram (keuze 9) | M3: C. Type gevaarlijk product | N3: D. Vlampunt (in °C) | O3: E. Maximaal opgeslagen hoeveelheid | P3: (Eenheid) | Q3: Opmerkingen | R3: Moet u de gevarencodes voor dit product invullen? | S3: F. Code(s) van gevarenaanduidingen (H gevolgd door cijfers) (keuze 1) | T3: F. Code(s) van gevarenaanduidingen (H gevolgd door cijfers) (keuze 2) | U3: F. Code(s) van gevarenaanduidingen (H gevolgd door cijfers) (keuze 3) | V3: F. Code(s) van gevarenaanduidingen (H gevolgd door cijfers) (keuze 4) | W3: F. Code(s) van gevarenaanduidingen (H gevolgd door cijfers) (keuze 5) | X3: F. Code(s) van gevarenaanduidingen (H gevolgd door cijfers) (keuze 6) | Y3: F. Code(s) van gevarenaanduidingen (H gevolgd door cijfers) (keuze 7) | Z3: F. Code(s) van gevarenaanduidingen (H gevolgd door cijfers) (keuze 8) | AA3: F. Code(s) van gevarenaanduidingen (H gevolgd door cijfers) (keuze 9) | AB3: F. Code(s) van gevarenaanduidingen (H gevolgd door cijfers) (keuze 10) | AC3: F. Code(s) van gevarenaanduidingen (H gevolgd door cijfers) (keuze 11) | AD3: F. Code(s) van gevarenaanduidingen (H gevolgd door cijfers) (keuze 12) | AE3: F. Code(s) van gevarenaanduidingen (H gevolgd door cijfers) (keuze 13) | AF3: F. Code(s) van gevarenaanduidingen (H gevolgd door cijfers) (keuze 14) | AG3: F. Code(s) van gevarenaanduidingen (H gevolgd door cijfers) (keuze 15) | AH3: F. Code(s) van gevarenaanduidingen (H gevolgd door cijfers) (keuze 16) | AI3: F. Code(s) van gevarenaanduidingen (H gevolgd door cijfers) (keuze 17) | AJ3: F. Code(s) van gevarenaanduidingen (H gevolgd door cijfers) (keuze 18) | AK3: F. Code(s) van gevarenaanduidingen (H gevolgd door cijfers) (keuze 19) | AL3: F. Code(s) van gevarenaanduidingen (H gevolgd door cijfers) (keuze 20) | AM3: F. Code(s) van gevarenaanduidingen (H gevolgd door cijfers) (keuze 21) | AN3: F. Code(s) van gevarenaanduidingen (H gevolgd door cijfers) (keuze 22) | AO3: F. Code(s) van gevarenaanduidingen (H gevolgd door cijfers) (keuze 23) | AP3: F. Code(s) van gevarenaanduidingen (H gevolgd door cijfers) (keuze 24) | AQ3: F. Code(s) van gevarenaanduidingen (H gevolgd door cijfers) (keuze 25) | AR3: F. Code(s) van gevarenaanduidingen (H gevolgd door cijfers) (keuze 26) | AS3: F. Code(s) van gevarenaanduidingen (H gevolgd door cijfers) (keuze 27) | AT3: F. Code(s) van gevarenaanduidingen (H gevolgd door cijfers) (keuze 28) | AU3: F. Code(s) van gevarenaanduidingen (H gevolgd door cijfers) (keuze 29) | AV3: F. Code(s) van gevarenaanduidingen (H gevolgd door cijfers) (keuze 30) | AX3: Id_Picto | AY3: Uitrollist TPD | AZ3: Id_TPD | BA3: Id_PE | BB3: Id_H | BC3: Id_Err | BE3: GHS01 (ontploffende bom) | BF3: GHS02 (vlam) | BG3: GHS03 (vlam boven cirkel) | BH3: GHS04 (gasfles) | BI3: GHS05 (corrosie) | BJ3: GHS06 (doodshoofd met gekruiste beenderen) | BK3: GHS07 (uitroepteken) | BL3: GHS08 (gezondheidsgevaar) | BM3: GHS09 (milieu) | BN3: Geen pictogram | BO3: Résid. SGH02 (= SGH02) | BP3: Résid SGH05 (SGH05 - rédid SGH06) | BQ3: Résid SGH06 (SGH06 - résid SGH02) | BR3: Résid SGH07 (SGH07 - résid SGH08) | BS3: Résid SGH08 (SGH08 - résid SGH05) | BT3: Résid SGH09 (SGH09 - résid SGH07) | BU3: Gas : vaste opslag (rub. 72 1°) | BV3: Gas : blusgazen (rub. 72 2°) | BW3: Gas : mobiele opslag (rub. 74 1°) | BX3: Gas : spuitbussen (rub. 74 2°) | BY3: "Ontvlambare vloeistoffen : andere (ondergrondse opslag) (<21°C)" + "Ontvlambare vloeistoffen : benzine (ondergrondse opslag) (<21°C)" (rub. 88 1°(ondergronds)) | BZ3: "Ontvlambare vloeistoffen : andere (niet-ondergrondse opslag) (<21°C)" + "Ontvlambare vloeistoffen : benzine (niet-ondergrondse opslag) (<21°C)" (rub. 88 1°(niet-ondergronds)) | CA3: Ontvlambare vloeistoffen : andere (ondergrondse opslag) (>21°C <55°C) (rub. 88 2°(ondergronds)) | CB3: Ontvlambare vloeistoffen : andere (niet-ondergrondse opslag) (>21°C <55°C) (rub. 88 2°(niet-ondergronds)) | CC3: "Ontvlambare vloeistoffen : andere (ondergrondse opslag) (>55°C <100°C)" + "Specifieke producten : diesel, stookolie, gasolie (ondergrondse opslag en/of bevoorrading voertuigen)) (>55°C <100°C)" (rub. 88 3°(ondegronds/voertuigen)) | CD3: "Ontvlambare vloeistoffen : andere (niet-ondergrondse opslag) (>55°C <100°C)" + "Specifieke producten : diesel, stookoloie, gasolie (niet-ondergrondse opslag) (>55°C <100°C)" (rub. 88 3° (niet ondergronds)) | CE3: Specifieke producten : zware stookolie, minerale of synthetische oliën en analoge vloeistoffen (ondergrondse opslag en/of bevoorrading voertuigen) (rub. 88 4°(ondergronds/voertuigen)) | CF3: Specifieke producten : zware stookolie, minerale of synthetische oliën en analoge vloeistoffen (niet-ondergrondse opslag) (rub.88 4°(niet ondergronds)) | CG3: Specifieke producten : fytofarmaceutische producten (voor professioneel gebruik) (rub. 112 pro) | CH3: Specifieke producten : fytofarmaceutische producten (voor niet-professioneel gebruik bestemd voor verkoop) (rub. 112 niet-pro) | CI3: Specifieke producten : fytofarmaceutische producten (voor niet-professioneel gebruik bestemd voor opslag) (rub. 112 niet-pro) | CJ3: Substanties bijlage 14 van REACH | CK3: Gevaarlijke substanties of mengels die niet in een andere rubriek zijn opgenomen (H302, H304, ….) (alleen ontv/ schad/ irr) (rub. 121 1°) | CL3: Gevaarlijke substanties of mengels die niet in een andere rubriek zijn opgenomen (H200, H201, ….) (uitsluitend ontvlambaar, schadelijk, irriterend) (rub. 121 2°) | CM3: Gezondheidsschadelijke stoffen (CMR, dodelijk, sensibiliserend) Gezondheidsschadelijke producten (CMR, dodelijk, sensibiliserend) | CN3: Gevaar voor het milieu | CO3: Hormoonontregelaars | CP3: Persistente chemische stoffen | CQ3: Substanties bijlage XIV van REACH | CR3: Zorgwekkende stoffen | CS3: GHS01 (ontploffende bom) | CT3: GHS02 (vlam) | CU3: GHS03 (vlam boven cirkel) | CV3: GHS04 (gasfles) | CW3: GHS05 (corrosie) | CX3: GHS06 (doodshoofd met gekruiste beenderen) | CY3: GHS07 (uitroepteken) | CZ3: GHS08 (gezondheidsgevaar) | DA3: GHS09 (milieu) | DB3: Geen pictrogram | DC3: Fout 01 | DD3: Fout 02 | DE3: Fout 03 | DF3: Fout 04
B4: Automatische keuze | C4: in te geven vrij veld | D4: uitrollijst | E4: uitrollijst | F4: uitrollijst | G4: uitrollijst | H4: uitrollijst | I4: uitrollijst | J4: uitrollijst | K4: uitrollijst | L4: uitrollijst | M4: uitrollijst (14 opties) | N4: uitrollijst | O4: in te geven vrij veld | P4: Automatische keuze | Q4: vrij veld | R4: Automatische keuze | S4: uitrollijst | T4: uitrollijst | U4: uitrollijst | V4: uitrollijst | W4: uitrollijst | X4: uitrollijst | Y4: uitrollijst | Z4: uitrollijst | AA4: uitrollijst | AB4: uitrollijst | AC4: uitrollijst | AD4: uitrollijst | AE4: uitrollijst | AF4: uitrollijst | AG4: uitrollijst | AH4: uitrollijst | AI4: uitrollijst | AJ4: uitrollijst | AK4: uitrollijst | AL4: uitrollijst | AM4: uitrollijst | AN4: uitrollijst | AO4: uitrollijst | AP4: uitrollijst | AQ4: uitrollijst | AR4: uitrollijst | AS4: uitrollijst | AT4: uitrollijst | AU4: uitrollijst | AV4: uitrollijst | AX4: Automatische keuze | AY4: Automatische keuze | AZ4: Automatische keuze | BA4: Automatische keuze | BB4: Automatische keuze | BC4: Automatische keuze
B5: Vb. | C5: Voorbeeld: Butaan | D5: GHS02 (vlam) | E5: GHS04 (gasfles) | M5: Gas : vaste opslag | N5: Niet van toepassing | O5: 3000 | P5: liter | R5: JA --> H-codes invullen NEE --> geen H-codes invullen. | S5: H220 : Zeer licht ontvlambaar gas | T5: H280 : Bevat gas onder druk; kan ontploffen bij verwarming
B6: 1 | P6: =IF(ISBLANK(M6),"",VLOOKUP(M6,ComboValue!$E$2:$I$18,5,FALSE)) | R6: {=IF(OR(ISNUMBER(SEARCH("GHS05",$D6:$L6)),ISNUMBER(SEARCH("GHS06",$D6:$L6)),ISNUMBER(SEARCH("GHS07",$D6:$L6)),ISNUMBER(SEARCH("GHS08",$D6:$L6)),ISNUMBER(SEARCH("geen pictogram",$D6:$L6)),ISNUMBER(SEARCH("GHS09",$D6:$L6)),ISNUMBER(SEARCH("GHS03",$D6:$L6))),"JA","NEE")} -> NEE | AX6: {=_xlfn.TEXTJOIN(",", TRUE, IF(D6:L6="","",VLOOKUP(D6:L6, ComboValue!$B$2:$C$11, 2, FALSE)))} | AY6: =IF(ISNUMBER(SEARCH("04",AX6)),"Gaz_Nl","Tous_Nl") -> Tous_Nl | AZ6: =IF(ISBLANK(M6),"",VLOOKUP(M6,ComboValue!$E$2:$G$18,3,FALSE)) | BA6: =IF(ISBLANK(N6),"",VLOOKUP(N6,ComboValue!$K$2:$L$5,2,FALSE)) | BB6: {=_xlfn.TEXTJOIN(",", TRUE, IF(S6:AV6="","",VLOOKUP(S6:AV6, ComboValue!$N$2:$O$100, 2, FALSE)))} | BC6: =IF(AND(ISNUMBER(SEARCH("04",AX6)),NOT(OR("D_01"=AZ6,"D_01b"=AZ6,"D_02"=AZ6,"D_03"=AZ6))),"01,","")&IF(OR(AND("D_01"=AZ6,NOT("04"=BA6)),AND("D_02"=AZ6,NOT("04"=BA6)),AND("D_03"=AZ6,NOT("04"=BA6)),AND("D_04"=AZ6,NOT("01"=BA6)),AND("D_05"=AZ6,NOT("01"=BA6)),AND("D_06"=AZ6,OR("04"=BA6,BA6="")),AND("D_07"=AZ6,OR("04"=BA6,BA6="")),AND("D_08"=AZ6,NOT("03"=BA6)),AND("D_09"=AZ6,NOT("03"=BA6)),AND("D_10"=AZ6,NOT("04"=BA6)),AND("D_11"=AZ6,NOT("04"=BA6)),AND("D_12"=AZ6,NOT("04"=BA6)),AND("D_13"=AZ6,NOT("04"=BA6)),AND("D_14"=AZ6,NOT("04"=BA6))),"02,","")&IF(AND(OR(ISNUMBER(SEARCH("11",BB6)),ISNUMBER(SEARCH("12",BB6))),NOT("01"=BA6)),"03,","")&IF(AND(ISNUMBER(SEARCH("13",BB6)),NOT("02"=BA6)),"04,","") | BE6: =IF(ISNUMBER(SEARCH("01",AX6)),O6,"") | BF6: =IF(ISNUMBER(SEARCH("02",AX6)),O6,"") | BG6: =IF(ISNUMBER(SEARCH("03",AX6)),O6,"") | BH6: =IF(ISNUMBER(SEARCH("04",AX6)),O6,"") | BI6: =IF(ISNUMBER(SEARCH("05",AX6)),O6,"") | BJ6: =IF(ISNUMBER(SEARCH("06",AX6)),O6,"") | BK6: =IF(ISNUMBER(SEARCH("07",AX6)),O6,"") | BL6: =IF(ISNUMBER(SEARCH("08",AX6)),O6,"") | BM6: =IF(ISNUMBER(SEARCH("09",AX6)),O6,"") | BN6: =IF(ISNUMBER(SEARCH("10",AX6)),O6,"") | BO6: =IF(BF6="",0,BF6) -> 0 | BP6: =IF(BI6="",0,BI6-BQ6-BO6) -> 0 | BQ6: =IF(BJ6="",0,BJ6-BO6) -> 0 | BR6: =IF(BK6="",0,BK6-BS6-BP6-BQ6-BO6) -> 0 | BS6: =IF(BK6="",0,BK6-BP6-BQ6-BO6) -> 0 | BT6: =IF(BL6="",0,BL6-BR6-BS6-BP6-BQ6-BO6) -> 0 | BU6: =IF(AZ6="D_01",O6,"") | BV6: =IF(AZ6="D_01b",O6,"") | BW6: =IF(AZ6="D_02",O6,"") | BX6: =IF(AZ6="D_03",O6,"") | BY6: =IF(AND(OR(AZ6="D_04",AZ6="D_06"),BA6="01"),O6,"") | BZ6: =IF(AND(OR(AZ6="D_05",AZ6="D_07"),BA6="01"),O6,"") | CA6: =IF(AND(AZ6="D_06",BA6="02"),O6,"") | CB6: =IF(AND(AZ6="D_07",BA6="02"),O6,"") | CC6: =IF(AND(OR(AZ6="D_06",AZ6="D_08"),BA6="03"),O6,"") | CD6: =IF(AND(OR(AZ6="D_07",AZ6="D_09"),BA6="03"),O6,"") | CE6: =IF(AZ6="D_10",O6,"") | CF6: =IF(AZ6="D_11",O6,"") | CG6: =IF(AZ6="D_12",O6,"") | CH6: =IF(AZ6="D_13",O6,"") | CI6: =IF(AZ6="D_14",O6,"") | CJ6: =IF(AZ6="D_15",O6,"") | CK6: {=IF(AND(AZ6="D_16", SUMPRODUCT(--ISNUMBER(SEARCH({"14","34","38","40","41","42","43","46","48","56","64","65"},BB6)))>0), O6-IF(ISNUMBER(CL6),CL6,0), "")} | CL6: {=IF(AND(AZ6="D_16", SUMPRODUCT(--ISNUMBER(SEARCH({"01";"02";"03";"04";"05";"06";"07";"08";"09";"10";"11";"12";"13";"15";"16";"17";"19";"20";"21";"22";"23";"24";"25";"26";"27";"28";"29";"30";"31";"32";"33";"35";"36";"37";"39";"44";"45";"47";"49";"50";"51";"52";"53";"54";"55";"57";"58";"59";"60";"61";"62";"63";"66";"67";"68";"69";"70";"71";"72";"73";"74";"75"}, BB6)))>0), O6, "")} | CM6: {=IF(SUMPRODUCT(--ISNUMBER(SEARCH({"32";"35";"36";"44";"45";"47";"50";"51";"52";"53";"54";"55";"57";"58";"59";"60"}, BB6)))>0, B6, "")} | CN6: {=IF(SUMPRODUCT(--ISNUMBER(SEARCH({"61";"62"}, BB6)))>0, B6, "")} | CO6: {=IF(SUMPRODUCT(--ISNUMBER(SEARCH({"68";"69";"70";"71"}, BB6)))>0, B6, "")} | CP6: {=IF(SUMPRODUCT(--ISNUMBER(SEARCH({"72";"73";"74";"75"}, BB6)))>0, B6, "")} | CQ6: =IF(ISNUMBER(SEARCH("REACH",M6)),B6,"") | CR6: =IF(OR(AZ6="D_15", CM6<>"",CN6<>"",CO6<>"",CP6<>""), "YES", "NO") -> NO | CS6: =IF(ISNUMBER(SEARCH("01",AX6)),B6,"") | CT6: =IF(ISNUMBER(SEARCH("02",AX6)),B6,"") | CU6: =IF(ISNUMBER(SEARCH("03",AX6)),B6,"") | CV6: =IF(ISNUMBER(SEARCH("04",AX6)),B6,"") | CW6: =IF(ISNUMBER(SEARCH("05",AX6)),B6,"") | CX6: =IF(ISNUMBER(SEARCH("06",AX6)),B6,"") | CY6: =IF(ISNUMBER(SEARCH("07",AX6)),B6,"") | CZ6: =IF(ISNUMBER(SEARCH("08",AX6)),B6,"") | DA6: =IF(ISNUMBER(SEARCH("09",AX6)),B6,"") | DB6: =IF(ISNUMBER(SEARCH("10",AX6)),B6,"") | DC6: =IF(ISNUMBER(SEARCH("01",BC6)),B6,"") | DD6: =IF(ISNUMBER(SEARCH("02",BC6)),B6,"") | DE6: =IF(ISNUMBER(SEARCH("03",BC6)),B6,"") | DF6: =IF(ISNUMBER(SEARCH("04",BC6)),B6,"")
B7: 2 | P7: =IF(ISBLANK(M7),"",VLOOKUP(M7,ComboValue!$E$2:$I$18,5,FALSE)) | R7: {=IF(OR(ISNUMBER(SEARCH("GHS05",$D7:$L7)),ISNUMBER(SEARCH("GHS06",$D7:$L7)),ISNUMBER(SEARCH("GHS07",$D7:$L7)),ISNUMBER(SEARCH("GHS08",$D7:$L7)),ISNUMBER(SEARCH("geen pictogram",$D7:$L7)),ISNUMBER(SEARCH("GHS09",$D7:$L7)),ISNUMBER(SEARCH("GHS03",$D7:$L7))),"JA","NEE")} -> NEE | AX7: {=_xlfn.TEXTJOIN(",", TRUE, IF(D7:L7="","",VLOOKUP(D7:L7, ComboValue!$B$2:$C$11, 2, FALSE)))} | AY7: =IF(ISNUMBER(SEARCH("04",AX7)),"Gaz_Nl","Tous_NL") -> Tous_NL | AZ7: =IF(ISBLANK(M7),"",VLOOKUP(M7,ComboValue!$E$2:$G$18,3,FALSE)) | BA7: =IF(ISBLANK(N7),"",VLOOKUP(N7,ComboValue!$K$2:$L$5,2,FALSE)) | BB7: {=_xlfn.TEXTJOIN(",", TRUE, IF(S7:AV7="","",VLOOKUP(S7:AV7, ComboValue!$N$2:$O$100, 2, FALSE)))} | BC7: =IF(AND(ISNUMBER(SEARCH("04",AX7)),NOT(OR("C_01"=AZ7,"C_01b"=AZ7,"C_02"=AZ7,"C_03"=AZ7))),"01,","") & IF(OR(AND("C_01"=AZ7,NOT("04"=BA7)),AND("C_02"=AZ7,NOT("04"=BA7)),AND("C_03"=AZ7,NOT("04"=BA7)),AND("C_04"=AZ7,NOT("01"=BA7)),AND("C_05"=AZ7,NOT("01"=BA7)),AND("C_06"=AZ7,OR("04"=BA7,BA7="")),AND("C_07"=AZ7,OR("04"=BA7,BA7="")),AND("C_08"=AZ7,NOT("03"=BA7)),AND("C_09"=AZ7,NOT("03"=BA7)),AND("C_10"=AZ7,NOT("04"=BA7)),AND("C_11"=AZ7,NOT("04"=BA7)),AND("C_12"=AZ7,NOT("04"=BA7)),AND("C_13"=AZ7,NOT("04"=BA7)),AND("C_14"=AZ7,NOT("04"=BA7))),"02,","") & IF(AND(OR(ISNUMBER(SEARCH("11",BB7)),ISNUMBER(SEARCH("12",BB7))),NOT("01"=BA7)),"03,","") & IF(AND(ISNUMBER(SEARCH("13",BB7)),NOT("02"=BA7)),"04,","") | BE7: =IF(ISNUMBER(SEARCH("01",AX7)),O7,"") | BF7: =IF(ISNUMBER(SEARCH("02",AX7)),O7,"") | BG7: =IF(ISNUMBER(SEARCH("03",AX7)),O7,"") | BH7: =IF(ISNUMBER(SEARCH("04",AX7)),O7,"") | BI7: =IF(ISNUMBER(SEARCH("05",AX7)),O7,"") | BJ7: =IF(ISNUMBER(SEARCH("06",AX7)),O7,"") | BK7: =IF(ISNUMBER(SEARCH("07",AX7)),O7,"") | BL7: =IF(ISNUMBER(SEARCH("08",AX7)),O7,"") | BM7: =IF(ISNUMBER(SEARCH("09",AX7)),O7,"") | BN7: =IF(ISNUMBER(SEARCH("10",AX7)),O7,"") | BO7: =IF(BF7="",0,BF7) -> 0 | BP7: =IF(BI7="",0,BI7-BQ7-BO7) -> 0 | BQ7: =IF(BJ7="",0,BJ7-BO7) -> 0 | BR7: =IF(BK7="",0,BK7-BS7-BP7-BQ7-BO7) -> 0 | BS7: =IF(BK7="",0,BK7-BP7-BQ7-BO7) -> 0 | BT7: =IF(BL7="",0,BL7-BR7-BS7-BP7-BQ7-BO7) -> 0 | BU7: =IF(AZ7="D_01",O7,"") | BV7: =IF(AZ7="D_01b",O7,"") | BW7: =IF(AZ7="D_02",O7,"") | BX7: =IF(AZ7="D_03",O7,"") | BY7: =IF(AND(OR(AZ7="D_04",AZ7="D_06"),BA7="01"),O7,"") | BZ7: =IF(AND(OR(AZ7="D_05",AZ7="D_07"),BA7="01"),O7,"") | CA7: =IF(AND(AZ7="D_06",BA7="02"),O7,"") | CB7: =IF(AND(AZ7="D_07",BA7="02"),O7,"") | CC7: =IF(AND(OR(AZ7="D_06",AZ7="D_08"),BA7="03"),O7,"") | CD7: =IF(AND(OR(AZ7="D_07",AZ7="D_09"),BA7="03"),O7,"") | CE7: =IF(AZ7="D_10",O7,"") | CF7: =IF(AZ7="D_11",O7,"") | CG7: =IF(AZ7="D_12",O7,"") | CH7: =IF(AZ7="D_13",O7,"") | CI7: =IF(AZ7="D_14",O7,"") | CJ7: =IF(AZ7="D_15",O7,"") | CK7: {=IF(AND(AZ7="D_16", SUMPRODUCT(--ISNUMBER(SEARCH({"14","34","38","40","41","42","43","46","48","56","64","65"},BB7)))>0), O7-IF(ISNUMBER(CL7),CL7,0), "")} | CL7: {=IF(AND(AZ7="D_16", SUMPRODUCT(--ISNUMBER(SEARCH({"01";"02";"03";"04";"05";"06";"07";"08";"09";"10";"11";"12";"13";"15";"16";"17";"19";"20";"21";"22";"23";"24";"25";"26";"27";"28";"29";"30";"31";"32";"33";"35";"36";"37";"39";"44";"45";"47";"49";"50";"51";"52";"53";"54";"55";"57";"58";"59";"60";"61";"62";"63";"66";"67";"68";"69";"70";"71";"72";"73";"74";"75"}, BB7)))>0), O7, "")} | CM7: {=IF(SUMPRODUCT(--ISNUMBER(SEARCH({"32";"35";"36";"44";"45";"47";"50";"51";"52";"53";"54";"55";"57";"58";"59";"60"}, BB7)))>0, B7, "")} | CN7: {=IF(SUMPRODUCT(--ISNUMBER(SEARCH({"61";"62"}, BB7)))>0, B7, "")} | CO7: {=IF(SUMPRODUCT(--ISNUMBER(SEARCH({"68";"69";"70";"71"}, BB7)))>0, B7, "")} | CP7: {=IF(SUMPRODUCT(--ISNUMBER(SEARCH({"72";"73";"74";"75"}, BB7)))>0, B7, "")} | CQ7: =IF(ISNUMBER(SEARCH("REACH",M7)),B7,"") | CR7: =IF(OR(AZ7="D_15", CM7<>"",CN7<>"",CO7<>"",CP7<>""), "YES", "NO") -> NO | CS7: =IF(ISNUMBER(SEARCH("01",AX7)),B7,"") | CT7: =IF(ISNUMBER(SEARCH("02",AX7)),B7,"") | CU7: =IF(ISNUMBER(SEARCH("03",AX7)),B7,"") | CV7: =IF(ISNUMBER(SEARCH("04",AX7)),B7,"") | CW7: =IF(ISNUMBER(SEARCH("05",AX7)),B7,"") | CX7: =IF(ISNUMBER(SEARCH("06",AX7)),B7,"") | CY7: =IF(ISNUMBER(SEARCH("07",AX7)),B7,"") | CZ7: =IF(ISNUMBER(SEARCH("08",AX7)),B7,"") | DA7: =IF(ISNUMBER(SEARCH("09",AX7)),B7,"") | DB7: =IF(ISNUMBER(SEARCH("10",AX7)),B7,"") | DC7: =IF(ISNUMBER(SEARCH("01",BC7)),B7,"") | DD7: =IF(ISNUMBER(SEARCH("02",BC7)),B7,"") | DE7: =IF(ISNUMBER(SEARCH("03",BC7)),B7,"") | DF7: =IF(ISNUMBER(SEARCH("04",BC7)),B7,"")
B8: 3 | P8: =IF(ISBLANK(M8),"",VLOOKUP(M8,ComboValue!$E$2:$I$18,5,FALSE)) | R8: {=IF(OR(ISNUMBER(SEARCH("GHS05",$D8:$L8)),ISNUMBER(SEARCH("GHS06",$D8:$L8)),ISNUMBER(SEARCH("GHS07",$D8:$L8)),ISNUMBER(SEARCH("GHS08",$D8:$L8)),ISNUMBER(SEARCH("geen pictogram",$D8:$L8)),ISNUMBER(SEARCH("GHS09",$D8:$L8)),ISNUMBER(SEARCH("GHS03",$D8:$L8))),"JA","NEE")} -> NEE | AX8: {=_xlfn.TEXTJOIN(",", TRUE, IF(D8:L8="","",VLOOKUP(D8:L8, ComboValue!$B$2:$C$11, 2, FALSE)))} | AY8: =IF(ISNUMBER(SEARCH("04",AX8)),"Gaz_Nl","Tous_NL") -> Tous_NL | AZ8: =IF(ISBLANK(M8),"",VLOOKUP(M8,ComboValue!$E$2:$G$18,3,FALSE)) | BA8: =IF(ISBLANK(N8),"",VLOOKUP(N8,ComboValue!$K$2:$L$5,2,FALSE)) | BB8: {=_xlfn.TEXTJOIN(",", TRUE, IF(S8:AV8="","",VLOOKUP(S8:AV8, ComboValue!$N$2:$O$100, 2, FALSE)))} | BC8: =IF(AND(ISNUMBER(SEARCH("04",AX8)),NOT(OR("C_01"=AZ8,"C_01b"=AZ8,"C_02"=AZ8,"C_03"=AZ8))),"01,","") & IF(OR(AND("C_01"=AZ8,NOT("04"=BA8)),AND("C_02"=AZ8,NOT("04"=BA8)),AND("C_03"=AZ8,NOT("04"=BA8)),AND("C_04"=AZ8,NOT("01"=BA8)),AND("C_05"=AZ8,NOT("01"=BA8)),AND("C_06"=AZ8,OR("04"=BA8,BA8="")),AND("C_07"=AZ8,OR("04"=BA8,BA8="")),AND("C_08"=AZ8,NOT("03"=BA8)),AND("C_09"=AZ8,NOT("03"=BA8)),AND("C_10"=AZ8,NOT("04"=BA8)),AND("C_11"=AZ8,NOT("04"=BA8)),AND("C_12"=AZ8,NOT("04"=BA8)),AND("C_13"=AZ8,NOT("04"=BA8)),AND("C_14"=AZ8,NOT("04"=BA8))),"02,","") & IF(AND(OR(ISNUMBER(SEARCH("11",BB8)),ISNUMBER(SEARCH("12",BB8))),NOT("01"=BA8)),"03,","") & IF(AND(ISNUMBER(SEARCH("13",BB8)),NOT("02"=BA8)),"04,","") | BE8: =IF(ISNUMBER(SEARCH("01",AX8)),O8,"") | BF8: =IF(ISNUMBER(SEARCH("02",AX8)),O8,"") | BG8: =IF(ISNUMBER(SEARCH("03",AX8)),O8,"") | BH8: =IF(ISNUMBER(SEARCH("04",AX8)),O8,"") | BI8: =IF(ISNUMBER(SEARCH("05",AX8)),O8,"") | BJ8: =IF(ISNUMBER(SEARCH("06",AX8)),O8,"") | BK8: =IF(ISNUMBER(SEARCH("07",AX8)),O8,"") | BL8: =IF(ISNUMBER(SEARCH("08",AX8)),O8,"") | BM8: =IF(ISNUMBER(SEARCH("09",AX8)),O8,"") | BN8: =IF(ISNUMBER(SEARCH("10",AX8)),O8,"") | BO8: =IF(BF8="",0,BF8) -> 0 | BP8: =IF(BI8="",0,BI8-BQ8-BO8) -> 0 | BQ8: =IF(BJ8="",0,BJ8-BO8) -> 0 | BR8: =IF(BK8="",0,BK8-BS8-BP8-BQ8-BO8) -> 0 | BS8: =IF(BK8="",0,BK8-BP8-BQ8-BO8) -> 0 | BT8: =IF(BL8="",0,BL8-BR8-BS8-BP8-BQ8-BO8) -> 0 | BU8: =IF(AZ8="D_01",O8,"") | BV8: =IF(AZ8="D_01b",O8,"") | BW8: =IF(AZ8="D_02",O8,"") | BX8: =IF(AZ8="D_03",O8,"") | BY8: =IF(AND(OR(AZ8="D_04",AZ8="D_06"),BA8="01"),O8,"") | BZ8: =IF(AND(OR(AZ8="D_05",AZ8="D_07"),BA8="01"),O8,"") | CA8: =IF(AND(AZ8="D_06",BA8="02"),O8,"") | CB8: =IF(AND(AZ8="D_07",BA8="02"),O8,"") | CC8: =IF(AND(OR(AZ8="D_06",AZ8="D_08"),BA8="03"),O8,"") | CD8: =IF(AND(OR(AZ8="D_07",AZ8="D_09"),BA8="03"),O8,"") | CE8: =IF(AZ8="D_10",O8,"") | CF8: =IF(AZ8="D_11",O8,"") | CG8: =IF(AZ8="D_12",O8,"") | CH8: =IF(AZ8="D_13",O8,"") | CI8: =IF(AZ8="D_14",O8,"") | CJ8: =IF(AZ8="D_15",O8,"") | CK8: {=IF(AND(AZ8="D_16", SUMPRODUCT(--ISNUMBER(SEARCH({"14","34","38","40","41","42","43","46","48","56","64","65"},BB8)))>0), O8-IF(ISNUMBER(CL8),CL8,0), "")} | CL8: {=IF(AND(AZ8="D_16", SUMPRODUCT(--ISNUMBER(SEARCH({"01";"02";"03";"04";"05";"06";"07";"08";"09";"10";"11";"12";"13";"15";"16";"17";"19";"20";"21";"22";"23";"24";"25";"26";"27";"28";"29";"30";"31";"32";"33";"35";"36";"37";"39";"44";"45";"47";"49";"50";"51";"52";"53";"54";"55";"57";"58";"59";"60";"61";"62";"63";"66";"67";"68";"69";"70";"71";"72";"73";"74";"75"}, BB8)))>0), O8, "")} | CM8: {=IF(SUMPRODUCT(--ISNUMBER(SEARCH({"32";"35";"36";"44";"45";"47";"50";"51";"52";"53";"54";"55";"57";"58";"59";"60"}, BB8)))>0, B8, "")} | CN8: {=IF(SUMPRODUCT(--ISNUMBER(SEARCH({"61";"62"}, BB8)))>0, B8, "")} | CO8: {=IF(SUMPRODUCT(--ISNUMBER(SEARCH({"68";"69";"70";"71"}, BB8)))>0, B8, "")} | CP8: {=IF(SUMPRODUCT(--ISNUMBER(SEARCH({"72";"73";"74";"75"}, BB8)))>0, B8, "")} | CQ8: =IF(ISNUMBER(SEARCH("REACH",M8)),B8,"") | CR8: =IF(OR(AZ8="D_15", CM8<>"",CN8<>"",CO8<>"",CP8<>""), "YES", "NO") -> NO | CS8: =IF(ISNUMBER(SEARCH("01",AX8)),B8,"") | CT8: =IF(ISNUMBER(SEARCH("02",AX8)),B8,"") | CU8: =IF(ISNUMBER(SEARCH("03",AX8)),B8,"") | CV8: =IF(ISNUMBER(SEARCH("04",AX8)),B8,"") | CW8: =IF(ISNUMBER(SEARCH("05",AX8)),B8,"") | CX8: =IF(ISNUMBER(SEARCH("06",AX8)),B8,"") | CY8: =IF(ISNUMBER(SEARCH("07",AX8)),B8,"") | CZ8: =IF(ISNUMBER(SEARCH("08",AX8)),B8,"") | DA8: =IF(ISNUMBER(SEARCH("09",AX8)),B8,"") | DB8: =IF(ISNUMBER(SEARCH("10",AX8)),B8,"") | DC8: =IF(ISNUMBER(SEARCH("01",BC8)),B8,"") | DD8: =IF(ISNUMBER(SEARCH("02",BC8)),B8,"") | DE8: =IF(ISNUMBER(SEARCH("03",BC8)),B8,"") | DF8: =IF(ISNUMBER(SEARCH("04",BC8)),B8,"")
B9: 4 | P9: =IF(ISBLANK(M9),"",VLOOKUP(M9,ComboValue!$E$2:$I$18,5,FALSE)) | R9: {=IF(OR(ISNUMBER(SEARCH("GHS05",$D9:$L9)),ISNUMBER(SEARCH("GHS06",$D9:$L9)),ISNUMBER(SEARCH("GHS07",$D9:$L9)),ISNUMBER(SEARCH("GHS08",$D9:$L9)),ISNUMBER(SEARCH("geen pictogram",$D9:$L9)),ISNUMBER(SEARCH("GHS09",$D9:$L9)),ISNUMBER(SEARCH("GHS03",$D9:$L9))),"JA","NEE")} -> NEE | AX9: {=_xlfn.TEXTJOIN(",", TRUE, IF(D9:L9="","",VLOOKUP(D9:L9, ComboValue!$B$2:$C$11, 2, FALSE)))} | AY9: =IF(ISNUMBER(SEARCH("04",AX9)),"Gaz_Nl","Tous_NL") -> Tous_NL | AZ9: =IF(ISBLANK(M9),"",VLOOKUP(M9,ComboValue!$E$2:$G$18,3,FALSE)) | BA9: =IF(ISBLANK(N9),"",VLOOKUP(N9,ComboValue!$K$2:$L$5,2,FALSE)) | BB9: {=_xlfn.TEXTJOIN(",", TRUE, IF(S9:AV9="","",VLOOKUP(S9:AV9, ComboValue!$N$2:$O$100, 2, FALSE)))} | BC9: =IF(AND(ISNUMBER(SEARCH("04",AX9)),NOT(OR("C_01"=AZ9,"C_01b"=AZ9,"C_02"=AZ9,"C_03"=AZ9))),"01,","") & IF(OR(AND("C_01"=AZ9,NOT("04"=BA9)),AND("C_02"=AZ9,NOT("04"=BA9)),AND("C_03"=AZ9,NOT("04"=BA9)),AND("C_04"=AZ9,NOT("01"=BA9)),AND("C_05"=AZ9,NOT("01"=BA9)),AND("C_06"=AZ9,OR("04"=BA9,BA9="")),AND("C_07"=AZ9,OR("04"=BA9,BA9="")),AND("C_08"=AZ9,NOT("03"=BA9)),AND("C_09"=AZ9,NOT("03"=BA9)),AND("C_10"=AZ9,NOT("04"=BA9)),AND("C_11"=AZ9,NOT("04"=BA9)),AND("C_12"=AZ9,NOT("04"=BA9)),AND("C_13"=AZ9,NOT("04"=BA9)),AND("C_14"=AZ9,NOT("04"=BA9))),"02,","") & IF(AND(OR(ISNUMBER(SEARCH("11",BB9)),ISNUMBER(SEARCH("12",BB9))),NOT("01"=BA9)),"03,","") & IF(AND(ISNUMBER(SEARCH("13",BB9)),NOT("02"=BA9)),"04,","") | BE9: =IF(ISNUMBER(SEARCH("01",AX9)),O9,"") | BF9: =IF(ISNUMBER(SEARCH("02",AX9)),O9,"") | BG9: =IF(ISNUMBER(SEARCH("03",AX9)),O9,"") | BH9: =IF(ISNUMBER(SEARCH("04",AX9)),O9,"") | BI9: =IF(ISNUMBER(SEARCH("05",AX9)),O9,"") | BJ9: =IF(ISNUMBER(SEARCH("06",AX9)),O9,"") | BK9: =IF(ISNUMBER(SEARCH("07",AX9)),O9,"") | BL9: =IF(ISNUMBER(SEARCH("08",AX9)),O9,"") | BM9: =IF(ISNUMBER(SEARCH("09",AX9)),O9,"") | BN9: =IF(ISNUMBER(SEARCH("10",AX9)),O9,"") | BO9: =IF(BF9="",0,BF9) -> 0 | BP9: =IF(BI9="",0,BI9-BQ9-BO9) -> 0 | BQ9: =IF(BJ9="",0,BJ9-BO9) -> 0 | BR9: =IF(BK9="",0,BK9-BS9-BP9-BQ9-BO9) -> 0 | BS9: =IF(BK9="",0,BK9-BP9-BQ9-BO9) -> 0 | BT9: =IF(BL9="",0,BL9-BR9-BS9-BP9-BQ9-BO9) -> 0 | BU9: =IF(AZ9="D_01",O9,"") | BV9: =IF(AZ9="D_01b",O9,"") | BW9: =IF(AZ9="D_02",O9,"") | BX9: =IF(AZ9="D_03",O9,"") | BY9: =IF(AND(OR(AZ9="D_04",AZ9="D_06"),BA9="01"),O9,"") | BZ9: =IF(AND(OR(AZ9="D_05",AZ9="D_07"),BA9="01"),O9,"") | CA9: =IF(AND(AZ9="D_06",BA9="02"),O9,"") | CB9: =IF(AND(AZ9="D_07",BA9="02"),O9,"") | CC9: =IF(AND(OR(AZ9="D_06",AZ9="D_08"),BA9="03"),O9,"") | CD9: =IF(AND(OR(AZ9="D_07",AZ9="D_09"),BA9="03"),O9,"") | CE9: =IF(AZ9="D_10",O9,"") | CF9: =IF(AZ9="D_11",O9,"") | CG9: =IF(AZ9="D_12",O9,"") | CH9: =IF(AZ9="D_13",O9,"") | CI9: =IF(AZ9="D_14",O9,"") | CJ9: =IF(AZ9="D_15",O9,"") | CK9: {=IF(AND(AZ9="D_16", SUMPRODUCT(--ISNUMBER(SEARCH({"14","34","38","40","41","42","43","46","48","56","64","65"},BB9)))>0), O9-IF(ISNUMBER(CL9),CL9,0), "")} | CL9: {=IF(AND(AZ9="D_16", SUMPRODUCT(--ISNUMBER(SEARCH({"01";"02";"03";"04";"05";"06";"07";"08";"09";"10";"11";"12";"13";"15";"16";"17";"19";"20";"21";"22";"23";"24";"25";"26";"27";"28";"29";"30";"31";"32";"33";"35";"36";"37";"39";"44";"45";"47";"49";"50";"51";"52";"53";"54";"55";"57";"58";"59";"60";"61";"62";"63";"66";"67";"68";"69";"70";"71";"72";"73";"74";"75"}, BB9)))>0), O9, "")} | CM9: {=IF(SUMPRODUCT(--ISNUMBER(SEARCH({"32";"35";"36";"44";"45";"47";"50";"51";"52";"53";"54";"55";"57";"58";"59";"60"}, BB9)))>0, B9, "")} | CN9: {=IF(SUMPRODUCT(--ISNUMBER(SEARCH({"61";"62"}, BB9)))>0, B9, "")} | CO9: {=IF(SUMPRODUCT(--ISNUMBER(SEARCH({"68";"69";"70";"71"}, BB9)))>0, B9, "")} | CP9: {=IF(SUMPRODUCT(--ISNUMBER(SEARCH({"72";"73";"74";"75"}, BB9)))>0, B9, "")} | CQ9: =IF(ISNUMBER(SEARCH("REACH",M9)),B9,"") | CR9: =IF(OR(AZ9="D_15", CM9<>"",CN9<>"",CO9<>"",CP9<>""), "YES", "NO") -> NO | CS9: =IF(ISNUMBER(SEARCH("01",AX9)),B9,"") | CT9: =IF(ISNUMBER(SEARCH("02",AX9)),B9,"") | CU9: =IF(ISNUMBER(SEARCH("03",AX9)),B9,"") | CV9: =IF(ISNUMBER(SEARCH("04",AX9)),B9,"") | CW9: =IF(ISNUMBER(SEARCH("05",AX9)),B9,"") | CX9: =IF(ISNUMBER(SEARCH("06",AX9)),B9,"") | CY9: =IF(ISNUMBER(SEARCH("07",AX9)),B9,"") | CZ9: =IF(ISNUMBER(SEARCH("08",AX9)),B9,"") | DA9: =IF(ISNUMBER(SEARCH("09",AX9)),B9,"") | DB9: =IF(ISNUMBER(SEARCH("10",AX9)),B9,"") | DC9: =IF(ISNUMBER(SEARCH("01",BC9)),B9,"") | DD9: =IF(ISNUMBER(SEARCH("02",BC9)),B9,"") | DE9: =IF(ISNUMBER(SEARCH("03",BC9)),B9,"") | DF9: =IF(ISNUMBER(SEARCH("04",BC9)),B9,"")
B10: 5 | P10: =IF(ISBLANK(M10),"",VLOOKUP(M10,ComboValue!$E$2:$I$18,5,FALSE)) | R10: {=IF(OR(ISNUMBER(SEARCH("GHS05",$D10:$L10)),ISNUMBER(SEARCH("GHS06",$D10:$L10)),ISNUMBER(SEARCH("GHS07",$D10:$L10)),ISNUMBER(SEARCH("GHS08",$D10:$L10)),ISNUMBER(SEARCH("geen pictogram",$D10:$L10)),ISNUMBER(SEARCH("GHS09",$D10:$L10)),ISNUMBER(SEARCH("GHS03",$D10:$L10))),"JA","NEE")} -> NEE | AX10: {=_xlfn.TEXTJOIN(",", TRUE, IF(D10:L10="","",VLOOKUP(D10:L10, ComboValue!$B$2:$C$11, 2, FALSE)))} | AY10: =IF(ISNUMBER(SEARCH("04",AX10)),"Gaz_Nl","Tous_NL") -> Tous_NL | AZ10: =IF(ISBLANK(M10),"",VLOOKUP(M10,ComboValue!$E$2:$G$18,3,FALSE)) | BA10: =IF(ISBLANK(N10),"",VLOOKUP(N10,ComboValue!$K$2:$L$5,2,FALSE)) | BB10: {=_xlfn.TEXTJOIN(",", TRUE, IF(S10:AV10="","",VLOOKUP(S10:AV10, ComboValue!$N$2:$O$100, 2, FALSE)))} | BC10: =IF(AND(ISNUMBER(SEARCH("04",AX10)),NOT(OR("C_01"=AZ10,"C_01b"=AZ10,"C_02"=AZ10,"C_03"=AZ10))),"01,","") & IF(OR(AND("C_01"=AZ10,NOT("04"=BA10)),AND("C_02"=AZ10,NOT("04"=BA10)),AND("C_03"=AZ10,NOT("04"=BA10)),AND("C_04"=AZ10,NOT("01"=BA10)),AND("C_05"=AZ10,NOT("01"=BA10)),AND("C_06"=AZ10,OR("04"=BA10,BA10="")),AND("C_07"=AZ10,OR("04"=BA10,BA10="")),AND("C_08"=AZ10,NOT("03"=BA10)),AND("C_09"=AZ10,NOT("03"=BA10)),AND("C_10"=AZ10,NOT("04"=BA10)),AND("C_11"=AZ10,NOT("04"=BA10)),AND("C_12"=AZ10,NOT("04"=BA10)),AND("C_13"=AZ10,NOT("04"=BA10)),AND("C_14"=AZ10,NOT("04"=BA10))),"02,","") & IF(AND(OR(ISNUMBER(SEARCH("11",BB10)),ISNUMBER(SEARCH("12",BB10))),NOT("01"=BA10)),"03,","") & IF(AND(ISNUMBER(SEARCH("13",BB10)),NOT("02"=BA10)),"04,","") | BE10: =IF(ISNUMBER(SEARCH("01",AX10)),O10,"") | BF10: =IF(ISNUMBER(SEARCH("02",AX10)),O10,"") | BG10: =IF(ISNUMBER(SEARCH("03",AX10)),O10,"") | BH10: =IF(ISNUMBER(SEARCH("04",AX10)),O10,"") | BI10: =IF(ISNUMBER(SEARCH("05",AX10)),O10,"") | BJ10: =IF(ISNUMBER(SEARCH("06",AX10)),O10,"") | BK10: =IF(ISNUMBER(SEARCH("07",AX10)),O10,"") | BL10: =IF(ISNUMBER(SEARCH("08",AX10)),O10,"") | BM10: =IF(ISNUMBER(SEARCH("09",AX10)),O10,"") | BN10: =IF(ISNUMBER(SEARCH("10",AX10)),O10,"") | BO10: =IF(BF10="",0,BF10) -> 0 | BP10: =IF(BI10="",0,BI10-BQ10-BO10) -> 0 | BQ10: =IF(BJ10="",0,BJ10-BO10) -> 0 | BR10: =IF(BK10="",0,BK10-BS10-BP10-BQ10-BO10) -> 0 | BS10: =IF(BK10="",0,BK10-BP10-BQ10-BO10) -> 0 | BT10: =IF(BL10="",0,BL10-BR10-BS10-BP10-BQ10-BO10) -> 0 | BU10: =IF(AZ10="D_01",O10,"") | BV10: =IF(AZ10="D_01b",O10,"") | BW10: =IF(AZ10="D_02",O10,"") | BX10: =IF(AZ10="D_03",O10,"") | BY10: =IF(AND(OR(AZ10="D_04",AZ10="D_06"),BA10="01"),O10,"") | BZ10: =IF(AND(OR(AZ10="D_05",AZ10="D_07"),BA10="01"),O10,"") | CA10: =IF(AND(AZ10="D_06",BA10="02"),O10,"") | CB10: =IF(AND(AZ10="D_07",BA10="02"),O10,"") | CC10: =IF(AND(OR(AZ10="D_06",AZ10="D_08"),BA10="03"),O10,"") | CD10: =IF(AND(OR(AZ10="D_07",AZ10="D_09"),BA10="03"),O10,"") | CE10: =IF(AZ10="D_10",O10,"") | CF10: =IF(AZ10="D_11",O10,"") | CG10: =IF(AZ10="D_12",O10,"") | CH10: =IF(AZ10="D_13",O10,"") | CI10: =IF(AZ10="D_14",O10,"") | CJ10: =IF(AZ10="D_15",O10,"") | CK10: {=IF(AND(AZ10="D_16", SUMPRODUCT(--ISNUMBER(SEARCH({"14","34","38","40","41","42","43","46","48","56","64","65"},BB10)))>0), O10-IF(ISNUMBER(CL10),CL10,0), "")} | CL10: {=IF(AND(AZ10="D_16", SUMPRODUCT(--ISNUMBER(SEARCH({"01";"02";"03";"04";"05";"06";"07";"08";"09";"10";"11";"12";"13";"15";"16";"17";"19";"20";"21";"22";"23";"24";"25";"26";"27";"28";"29";"30";"31";"32";"33";"35";"36";"37";"39";"44";"45";"47";"49";"50";"51";"52";"53";"54";"55";"57";"58";"59";"60";"61";"62";"63";"66";"67";"68";"69";"70";"71";"72";"73";"74";"75"}, BB10)))>0), O10, "")} | CM10: {=IF(SUMPRODUCT(--ISNUMBER(SEARCH({"32";"35";"36";"44";"45";"47";"50";"51";"52";"53";"54";"55";"57";"58";"59";"60"}, BB10)))>0, B10, "")} | CN10: {=IF(SUMPRODUCT(--ISNUMBER(SEARCH({"61";"62"}, BB10)))>0, B10, "")} | CO10: {=IF(SUMPRODUCT(--ISNUMBER(SEARCH({"68";"69";"70";"71"}, BB10)))>0, B10, "")} | CP10: {=IF(SUMPRODUCT(--ISNUMBER(SEARCH({"72";"73";"74";"75"}, BB10)))>0, B10, "")} | CQ10: =IF(ISNUMBER(SEARCH("REACH",M10)),B10,"") | CR10: =IF(OR(AZ10="D_15", CM10<>"",CN10<>"",CO10<>"",CP10<>""), "YES", "NO") -> NO | CS10: =IF(ISNUMBER(SEARCH("01",AX10)),B10,"") | CT10: =IF(ISNUMBER(SEARCH("02",AX10)),B10,"") | CU10: =IF(ISNUMBER(SEARCH("03",AX10)),B10,"") | CV10: =IF(ISNUMBER(SEARCH("04",AX10)),B10,"") | CW10: =IF(ISNUMBER(SEARCH("05",AX10)),B10,"") | CX10: =IF(ISNUMBER(SEARCH("06",AX10)),B10,"") | CY10: =IF(ISNUMBER(SEARCH("07",AX10)),B10,"") | CZ10: =IF(ISNUMBER(SEARCH("08",AX10)),B10,"") | DA10: =IF(ISNUMBER(SEARCH("09",AX10)),B10,"") | DB10: =IF(ISNUMBER(SEARCH("10",AX10)),B10,"") | DC10: =IF(ISNUMBER(SEARCH("01",BC10)),B10,"") | DD10: =IF(ISNUMBER(SEARCH("02",BC10)),B10,"") | DE10: =IF(ISNUMBER(SEARCH("03",BC10)),B10,"") | DF10: =IF(ISNUMBER(SEARCH("04",BC10)),B10,"")
B11: 6 | P11: =IF(ISBLANK(M11),"",VLOOKUP(M11,ComboValue!$E$2:$I$18,5,FALSE)) | R11: {=IF(OR(ISNUMBER(SEARCH("GHS05",$D11:$L11)),ISNUMBER(SEARCH("GHS06",$D11:$L11)),ISNUMBER(SEARCH("GHS07",$D11:$L11)),ISNUMBER(SEARCH("GHS08",$D11:$L11)),ISNUMBER(SEARCH("geen pictogram",$D11:$L11)),ISNUMBER(SEARCH("GHS09",$D11:$L11)),ISNUMBER(SEARCH("GHS03",$D11:$L11))),"JA","NEE")} -> NEE | AX11: {=_xlfn.TEXTJOIN(",", TRUE, IF(D11:L11="","",VLOOKUP(D11:L11, ComboValue!$B$2:$C$11, 2, FALSE)))} | AY11: =IF(ISNUMBER(SEARCH("04",AX11)),"Gaz_Nl","Tous_NL") -> Tous_NL | AZ11: =IF(ISBLANK(M11),"",VLOOKUP(M11,ComboValue!$E$2:$G$18,3,FALSE)) | BA11: =IF(ISBLANK(N11),"",VLOOKUP(N11,ComboValue!$K$2:$L$5,2,FALSE)) | BB11: {=_xlfn.TEXTJOIN(",", TRUE, IF(S11:AV11="","",VLOOKUP(S11:AV11, ComboValue!$N$2:$O$100, 2, FALSE)))} | BC11: =IF(AND(ISNUMBER(SEARCH("04",AX11)),NOT(OR("C_01"=AZ11,"C_01b"=AZ11,"C_02"=AZ11,"C_03"=AZ11))),"01,","") & IF(OR(AND("C_01"=AZ11,NOT("04"=BA11)),AND("C_02"=AZ11,NOT("04"=BA11)),AND("C_03"=AZ11,NOT("04"=BA11)),AND("C_04"=AZ11,NOT("01"=BA11)),AND("C_05"=AZ11,NOT("01"=BA11)),AND("C_06"=AZ11,OR("04"=BA11,BA11="")),AND("C_07"=AZ11,OR("04"=BA11,BA11="")),AND("C_08"=AZ11,NOT("03"=BA11)),AND("C_09"=AZ11,NOT("03"=BA11)),AND("C_10"=AZ11,NOT("04"=BA11)),AND("C_11"=AZ11,NOT("04"=BA11)),AND("C_12"=AZ11,NOT("04"=BA11)),AND("C_13"=AZ11,NOT("04"=BA11)),AND("C_14"=AZ11,NOT("04"=BA11))),"02,","") & IF(AND(OR(ISNUMBER(SEARCH("11",BB11)),ISNUMBER(SEARCH("12",BB11))),NOT("01"=BA11)),"03,","") & IF(AND(ISNUMBER(SEARCH("13",BB11)),NOT("02"=BA11)),"04,","") | BE11: =IF(ISNUMBER(SEARCH("01",AX11)),O11,"") | BF11: =IF(ISNUMBER(SEARCH("02",AX11)),O11,"") | BG11: =IF(ISNUMBER(SEARCH("03",AX11)),O11,"") | BH11: =IF(ISNUMBER(SEARCH("04",AX11)),O11,"") | BI11: =IF(ISNUMBER(SEARCH("05",AX11)),O11,"") | BJ11: =IF(ISNUMBER(SEARCH("06",AX11)),O11,"") | BK11: =IF(ISNUMBER(SEARCH("07",AX11)),O11,"") | BL11: =IF(ISNUMBER(SEARCH("08",AX11)),O11,"") | BM11: =IF(ISNUMBER(SEARCH("09",AX11)),O11,"") | BN11: =IF(ISNUMBER(SEARCH("10",AX11)),O11,"") | BO11: =IF(BF11="",0,BF11) -> 0 | BP11: =IF(BI11="",0,BI11-BQ11-BO11) -> 0 | BQ11: =IF(BJ11="",0,BJ11-BO11) -> 0 | BR11: =IF(BK11="",0,BK11-BS11-BP11-BQ11-BO11) -> 0 | BS11: =IF(BK11="",0,BK11-BP11-BQ11-BO11) -> 0 | BT11: =IF(BL11="",0,BL11-BR11-BS11-BP11-BQ11-BO11) -> 0 | BU11: =IF(AZ11="D_01",O11,"") | BV11: =IF(AZ11="D_01b",O11,"") | BW11: =IF(AZ11="D_02",O11,"") | BX11: =IF(AZ11="D_03",O11,"") | BY11: =IF(AND(OR(AZ11="D_04",AZ11="D_06"),BA11="01"),O11,"") | BZ11: =IF(AND(OR(AZ11="D_05",AZ11="D_07"),BA11="01"),O11,"") | CA11: =IF(AND(AZ11="D_06",BA11="02"),O11,"") | CB11: =IF(AND(AZ11="D_07",BA11="02"),O11,"") | CC11: =IF(AND(OR(AZ11="D_06",AZ11="D_08"),BA11="03"),O11,"") | CD11: =IF(AND(OR(AZ11="D_07",AZ11="D_09"),BA11="03"),O11,"") | CE11: =IF(AZ11="D_10",O11,"") | CF11: =IF(AZ11="D_11",O11,"") | CG11: =IF(AZ11="D_12",O11,"") | CH11: =IF(AZ11="D_13",O11,"") | CI11: =IF(AZ11="D_14",O11,"") | CJ11: =IF(AZ11="D_15",O11,"") | CK11: {=IF(AND(AZ11="D_16", SUMPRODUCT(--ISNUMBER(SEARCH({"14","34","38","40","41","42","43","46","48","56","64","65"},BB11)))>0), O11-IF(ISNUMBER(CL11),CL11,0), "")} | CL11: {=IF(AND(AZ11="D_16", SUMPRODUCT(--ISNUMBER(SEARCH({"01";"02";"03";"04";"05";"06";"07";"08";"09";"10";"11";"12";"13";"15";"16";"17";"19";"20";"21";"22";"23";"24";"25";"26";"27";"28";"29";"30";"31";"32";"33";"35";"36";"37";"39";"44";"45";"47";"49";"50";"51";"52";"53";"54";"55";"57";"58";"59";"60";"61";"62";"63";"66";"67";"68";"69";"70";"71";"72";"73";"74";"75"}, BB11)))>0), O11, "")} | CM11: {=IF(SUMPRODUCT(--ISNUMBER(SEARCH({"32";"35";"36";"44";"45";"47";"50";"51";"52";"53";"54";"55";"57";"58";"59";"60"}, BB11)))>0, B11, "")} | CN11: {=IF(SUMPRODUCT(--ISNUMBER(SEARCH({"61";"62"}, BB11)))>0, B11, "")} | CO11: {=IF(SUMPRODUCT(--ISNUMBER(SEARCH({"68";"69";"70";"71"}, BB11)))>0, B11, "")} | CP11: {=IF(SUMPRODUCT(--ISNUMBER(SEARCH({"72";"73";"74";"75"}, BB11)))>0, B11, "")} | CQ11: =IF(ISNUMBER(SEARCH("REACH",M11)),B11,"") | CR11: =IF(OR(AZ11="D_15", CM11<>"",CN11<>"",CO11<>"",CP11<>""), "YES", "NO") -> NO | CS11: =IF(ISNUMBER(SEARCH("01",AX11)),B11,"") | CT11: =IF(ISNUMBER(SEARCH("02",AX11)),B11,"") | CU11: =IF(ISNUMBER(SEARCH("03",AX11)),B11,"") | CV11: =IF(ISNUMBER(SEARCH("04",AX11)),B11,"") | CW11: =IF(ISNUMBER(SEARCH("05",AX11)),B11,"") | CX11: =IF(ISNUMBER(SEARCH("06",AX11)),B11,"") | CY11: =IF(ISNUMBER(SEARCH("07",AX11)),B11,"") | CZ11: =IF(ISNUMBER(SEARCH("08",AX11)),B11,"") | DA11: =IF(ISNUMBER(SEARCH("09",AX11)),B11,"") | DB11: =IF(ISNUMBER(SEARCH("10",AX11)),B11,"") | DC11: =IF(ISNUMBER(SEARCH("01",BC11)),B11,"") | DD11: =IF(ISNUMBER(SEARCH("02",BC11)),B11,"") | DE11: =IF(ISNUMBER(SEARCH("03",BC11)),B11,"") | DF11: =IF(ISNUMBER(SEARCH("04",BC11)),B11,"")
B12: 7 | P12: =IF(ISBLANK(M12),"",VLOOKUP(M12,ComboValue!$E$2:$I$18,5,FALSE)) | R12: {=IF(OR(ISNUMBER(SEARCH("GHS05",$D12:$L12)),ISNUMBER(SEARCH("GHS06",$D12:$L12)),ISNUMBER(SEARCH("GHS07",$D12:$L12)),ISNUMBER(SEARCH("GHS08",$D12:$L12)),ISNUMBER(SEARCH("geen pictogram",$D12:$L12)),ISNUMBER(SEARCH("GHS09",$D12:$L12)),ISNUMBER(SEARCH("GHS03",$D12:$L12))),"JA","NEE")} -> NEE | AX12: {=_xlfn.TEXTJOIN(",", TRUE, IF(D12:L12="","",VLOOKUP(D12:L12, ComboValue!$B$2:$C$11, 2, FALSE)))} | AY12: =IF(ISNUMBER(SEARCH("04",AX12)),"Gaz_Nl","Tous_NL") -> Tous_NL | AZ12: =IF(ISBLANK(M12),"",VLOOKUP(M12,ComboValue!$E$2:$G$18,3,FALSE)) | BA12: =IF(ISBLANK(N12),"",VLOOKUP(N12,ComboValue!$K$2:$L$5,2,FALSE)) | BB12: {=_xlfn.TEXTJOIN(",", TRUE, IF(S12:AV12="","",VLOOKUP(S12:AV12, ComboValue!$N$2:$O$100, 2, FALSE)))} | BC12: =IF(AND(ISNUMBER(SEARCH("04",AX12)),NOT(OR("C_01"=AZ12,"C_01b"=AZ12,"C_02"=AZ12,"C_03"=AZ12))),"01,","") & IF(OR(AND("C_01"=AZ12,NOT("04"=BA12)),AND("C_02"=AZ12,NOT("04"=BA12)),AND("C_03"=AZ12,NOT("04"=BA12)),AND("C_04"=AZ12,NOT("01"=BA12)),AND("C_05"=AZ12,NOT("01"=BA12)),AND("C_06"=AZ12,OR("04"=BA12,BA12="")),AND("C_07"=AZ12,OR("04"=BA12,BA12="")),AND("C_08"=AZ12,NOT("03"=BA12)),AND("C_09"=AZ12,NOT("03"=BA12)),AND("C_10"=AZ12,NOT("04"=BA12)),AND("C_11"=AZ12,NOT("04"=BA12)),AND("C_12"=AZ12,NOT("04"=BA12)),AND("C_13"=AZ12,NOT("04"=BA12)),AND("C_14"=AZ12,NOT("04"=BA12))),"02,","") & IF(AND(OR(ISNUMBER(SEARCH("11",BB12)),ISNUMBER(SEARCH("12",BB12))),NOT("01"=BA12)),"03,","") & IF(AND(ISNUMBER(SEARCH("13",BB12)),NOT("02"=BA12)),"04,","") | BE12: =IF(ISNUMBER(SEARCH("01",AX12)),O12,"") | BF12: =IF(ISNUMBER(SEARCH("02",AX12)),O12,"") | BG12: =IF(ISNUMBER(SEARCH("03",AX12)),O12,"") | BH12: =IF(ISNUMBER(SEARCH("04",AX12)),O12,"") | BI12: =IF(ISNUMBER(SEARCH("05",AX12)),O12,"") | BJ12: =IF(ISNUMBER(SEARCH("06",AX12)),O12,"") | BK12: =IF(ISNUMBER(SEARCH("07",AX12)),O12,"") | BL12: =IF(ISNUMBER(SEARCH("08",AX12)),O12,"") | BM12: =IF(ISNUMBER(SEARCH("09",AX12)),O12,"") | BN12: =IF(ISNUMBER(SEARCH("10",AX12)),O12,"") | BO12: =IF(BF12="",0,BF12) -> 0 | BP12: =IF(BI12="",0,BI12-BQ12-BO12) -> 0 | BQ12: =IF(BJ12="",0,BJ12-BO12) -> 0 | BR12: =IF(BK12="",0,BK12-BS12-BP12-BQ12-BO12) -> 0 | BS12: =IF(BK12="",0,BK12-BP12-BQ12-BO12) -> 0 | BT12: =IF(BL12="",0,BL12-BR12-BS12-BP12-BQ12-BO12) -> 0 | BU12: =IF(AZ12="D_01",O12,"") | BV12: =IF(AZ12="D_01b",O12,"") | BW12: =IF(AZ12="D_02",O12,"") | BX12: =IF(AZ12="D_03",O12,"") | BY12: =IF(AND(OR(AZ12="D_04",AZ12="D_06"),BA12="01"),O12,"") | BZ12: =IF(AND(OR(AZ12="D_05",AZ12="D_07"),BA12="01"),O12,"") | CA12: =IF(AND(AZ12="D_06",BA12="02"),O12,"") | CB12: =IF(AND(AZ12="D_07",BA12="02"),O12,"") | CC12: =IF(AND(OR(AZ12="D_06",AZ12="D_08"),BA12="03"),O12,"") | CD12: =IF(AND(OR(AZ12="D_07",AZ12="D_09"),BA12="03"),O12,"") | CE12: =IF(AZ12="D_10",O12,"") | CF12: =IF(AZ12="D_11",O12,"") | CG12: =IF(AZ12="D_12",O12,"") | CH12: =IF(AZ12="D_13",O12,"") | CI12: =IF(AZ12="D_14",O12,"") | CJ12: =IF(AZ12="D_15",O12,"") | CK12: {=IF(AND(AZ12="D_16", SUMPRODUCT(--ISNUMBER(SEARCH({"14","34","38","40","41","42","43","46","48","56","64","65"},BB12)))>0), O12-IF(ISNUMBER(CL12),CL12,0), "")} | CL12: {=IF(AND(AZ12="D_16", SUMPRODUCT(--ISNUMBER(SEARCH({"01";"02";"03";"04";"05";"06";"07";"08";"09";"10";"11";"12";"13";"15";"16";"17";"19";"20";"21";"22";"23";"24";"25";"26";"27";"28";"29";"30";"31";"32";"33";"35";"36";"37";"39";"44";"45";"47";"49";"50";"51";"52";"53";"54";"55";"57";"58";"59";"60";"61";"62";"63";"66";"67";"68";"69";"70";"71";"72";"73";"74";"75"}, BB12)))>0), O12, "")} | CM12: {=IF(SUMPRODUCT(--ISNUMBER(SEARCH({"32";"35";"36";"44";"45";"47";"50";"51";"52";"53";"54";"55";"57";"58";"59";"60"}, BB12)))>0, B12, "")} | CN12: {=IF(SUMPRODUCT(--ISNUMBER(SEARCH({"61";"62"}, BB12)))>0, B12, "")} | CO12: {=IF(SUMPRODUCT(--ISNUMBER(SEARCH({"68";"69";"70";"71"}, BB12)))>0, B12, "")} | CP12: {=IF(SUMPRODUCT(--ISNUMBER(SEARCH({"72";"73";"74";"75"}, BB12)))>0, B12, "")} | CQ12: =IF(ISNUMBER(SEARCH("REACH",M12)),B12,"") | CR12: =IF(OR(AZ12="D_15", CM12<>"",CN12<>"",CO12<>"",CP12<>""), "YES", "NO") -> NO | CS12: =IF(ISNUMBER(SEARCH("01",AX12)),B12,"") | CT12: =IF(ISNUMBER(SEARCH("02",AX12)),B12,"") | CU12: =IF(ISNUMBER(SEARCH("03",AX12)),B12,"") | CV12: =IF(ISNUMBER(SEARCH("04",AX12)),B12,"") | CW12: =IF(ISNUMBER(SEARCH("05",AX12)),B12,"") | CX12: =IF(ISNUMBER(SEARCH("06",AX12)),B12,"") | CY12: =IF(ISNUMBER(SEARCH("07",AX12)),B12,"") | CZ12: =IF(ISNUMBER(SEARCH("08",AX12)),B12,"") | DA12: =IF(ISNUMBER(SEARCH("09",AX12)),B12,"") | DB12: =IF(ISNUMBER(SEARCH("10",AX12)),B12,"") | DC12: =IF(ISNUMBER(SEARCH("01",BC12)),B12,"") | DD12: =IF(ISNUMBER(SEARCH("02",BC12)),B12,"") | DE12: =IF(ISNUMBER(SEARCH("03",BC12)),B12,"") | DF12: =IF(ISNUMBER(SEARCH("04",BC12)),B12,"")
B13: 8 | P13: =IF(ISBLANK(M13),"",VLOOKUP(M13,ComboValue!$E$2:$I$18,5,FALSE)) | R13: {=IF(OR(ISNUMBER(SEARCH("GHS05",$D13:$L13)),ISNUMBER(SEARCH("GHS06",$D13:$L13)),ISNUMBER(SEARCH("GHS07",$D13:$L13)),ISNUMBER(SEARCH("GHS08",$D13:$L13)),ISNUMBER(SEARCH("geen pictogram",$D13:$L13)),ISNUMBER(SEARCH("GHS09",$D13:$L13)),ISNUMBER(SEARCH("GHS03",$D13:$L13))),"JA","NEE")} -> NEE | AX13: {=_xlfn.TEXTJOIN(",", TRUE, IF(D13:L13="","",VLOOKUP(D13:L13, ComboValue!$B$2:$C$11, 2, FALSE)))} | AY13: =IF(ISNUMBER(SEARCH("04",AX13)),"Gaz_Nl","Tous_NL") -> Tous_NL | AZ13: =IF(ISBLANK(M13),"",VLOOKUP(M13,ComboValue!$E$2:$G$18,3,FALSE)) | BA13: =IF(ISBLANK(N13),"",VLOOKUP(N13,ComboValue!$K$2:$L$5,2,FALSE)) | BB13: {=_xlfn.TEXTJOIN(",", TRUE, IF(S13:AV13="","",VLOOKUP(S13:AV13, ComboValue!$N$2:$O$100, 2, FALSE)))} | BC13: =IF(AND(ISNUMBER(SEARCH("04",AX13)),NOT(OR("C_01"=AZ13,"C_01b"=AZ13,"C_02"=AZ13,"C_03"=AZ13))),"01,","") & IF(OR(AND("C_01"=AZ13,NOT("04"=BA13)),AND("C_02"=AZ13,NOT("04"=BA13)),AND("C_03"=AZ13,NOT("04"=BA13)),AND("C_04"=AZ13,NOT("01"=BA13)),AND("C_05"=AZ13,NOT("01"=BA13)),AND("C_06"=AZ13,OR("04"=BA13,BA13="")),AND("C_07"=AZ13,OR("04"=BA13,BA13="")),AND("C_08"=AZ13,NOT("03"=BA13)),AND("C_09"=AZ13,NOT("03"=BA13)),AND("C_10"=AZ13,NOT("04"=BA13)),AND("C_11"=AZ13,NOT("04"=BA13)),AND("C_12"=AZ13,NOT("04"=BA13)),AND("C_13"=AZ13,NOT("04"=BA13)),AND("C_14"=AZ13,NOT("04"=BA13))),"02,","") & IF(AND(OR(ISNUMBER(SEARCH("11",BB13)),ISNUMBER(SEARCH("12",BB13))),NOT("01"=BA13)),"03,","") & IF(AND(ISNUMBER(SEARCH("13",BB13)),NOT("02"=BA13)),"04,","") | BE13: =IF(ISNUMBER(SEARCH("01",AX13)),O13,"") | BF13: =IF(ISNUMBER(SEARCH("02",AX13)),O13,"") | BG13: =IF(ISNUMBER(SEARCH("03",AX13)),O13,"") | BH13: =IF(ISNUMBER(SEARCH("04",AX13)),O13,"") | BI13: =IF(ISNUMBER(SEARCH("05",AX13)),O13,"") | BJ13: =IF(ISNUMBER(SEARCH("06",AX13)),O13,"") | BK13: =IF(ISNUMBER(SEARCH("07",AX13)),O13,"") | BL13: =IF(ISNUMBER(SEARCH("08",AX13)),O13,"") | BM13: =IF(ISNUMBER(SEARCH("09",AX13)),O13,"") | BN13: =IF(ISNUMBER(SEARCH("10",AX13)),O13,"") | BO13: =IF(BF13="",0,BF13) -> 0 | BP13: =IF(BI13="",0,BI13-BQ13-BO13) -> 0 | BQ13: =IF(BJ13="",0,BJ13-BO13) -> 0 | BR13: =IF(BK13="",0,BK13-BS13-BP13-BQ13-BO13) -> 0 | BS13: =IF(BK13="",0,BK13-BP13-BQ13-BO13) -> 0 | BT13: =IF(BL13="",0,BL13-BR13-BS13-BP13-BQ13-BO13) -> 0 | BU13: =IF(AZ13="D_01",O13,"") | BV13: =IF(AZ13="D_01b",O13,"") | BW13: =IF(AZ13="D_02",O13,"") | BX13: =IF(AZ13="D_03",O13,"") | BY13: =IF(AND(OR(AZ13="D_04",AZ13="D_06"),BA13="01"),O13,"") | BZ13: =IF(AND(OR(AZ13="D_05",AZ13="D_07"),BA13="01"),O13,"") | CA13: =IF(AND(AZ13="D_06",BA13="02"),O13,"") | CB13: =IF(AND(AZ13="D_07",BA13="02"),O13,"") | CC13: =IF(AND(OR(AZ13="D_06",AZ13="D_08"),BA13="03"),O13,"") | CD13: =IF(AND(OR(AZ13="D_07",AZ13="D_09"),BA13="03"),O13,"") | CE13: =IF(AZ13="D_10",O13,"") | CF13: =IF(AZ13="D_11",O13,"") | CG13: =IF(AZ13="D_12",O13,"") | CH13: =IF(AZ13="D_13",O13,"") | CI13: =IF(AZ13="D_14",O13,"") | CJ13: =IF(AZ13="D_15",O13,"") | CK13: {=IF(AND(AZ13="D_16", SUMPRODUCT(--ISNUMBER(SEARCH({"14","34","38","40","41","42","43","46","48","56","64","65"},BB13)))>0), O13-IF(ISNUMBER(CL13),CL13,0), "")} | CL13: {=IF(AND(AZ13="D_16", SUMPRODUCT(--ISNUMBER(SEARCH({"01";"02";"03";"04";"05";"06";"07";"08";"09";"10";"11";"12";"13";"15";"16";"17";"19";"20";"21";"22";"23";"24";"25";"26";"27";"28";"29";"30";"31";"32";"33";"35";"36";"37";"39";"44";"45";"47";"49";"50";"51";"52";"53";"54";"55";"57";"58";"59";"60";"61";"62";"63";"66";"67";"68";"69";"70";"71";"72";"73";"74";"75"}, BB13)))>0), O13, "")} | CM13: {=IF(SUMPRODUCT(--ISNUMBER(SEARCH({"32";"35";"36";"44";"45";"47";"50";"51";"52";"53";"54";"55";"57";"58";"59";"60"}, BB13)))>0, B13, "")} | CN13: {=IF(SUMPRODUCT(--ISNUMBER(SEARCH({"61";"62"}, BB13)))>0, B13, "")} | CO13: {=IF(SUMPRODUCT(--ISNUMBER(SEARCH({"68";"69";"70";"71"}, BB13)))>0, B13, "")} | CP13: {=IF(SUMPRODUCT(--ISNUMBER(SEARCH({"72";"73";"74";"75"}, BB13)))>0, B13, "")} | CQ13: =IF(ISNUMBER(SEARCH("REACH",M13)),B13,"") | CR13: =IF(OR(AZ13="D_15", CM13<>"",CN13<>"",CO13<>"",CP13<>""), "YES", "NO") -> NO | CS13: =IF(ISNUMBER(SEARCH("01",AX13)),B13,"") | CT13: =IF(ISNUMBER(SEARCH("02",AX13)),B13,"") | CU13: =IF(ISNUMBER(SEARCH("03",AX13)),B13,"") | CV13: =IF(ISNUMBER(SEARCH("04",AX13)),B13,"") | CW13: =IF(ISNUMBER(SEARCH("05",AX13)),B13,"") | CX13: =IF(ISNUMBER(SEARCH("06",AX13)),B13,"") | CY13: =IF(ISNUMBER(SEARCH("07",AX13)),B13,"") | CZ13: =IF(ISNUMBER(SEARCH("08",AX13)),B13,"") | DA13: =IF(ISNUMBER(SEARCH("09",AX13)),B13,"") | DB13: =IF(ISNUMBER(SEARCH("10",AX13)),B13,"") | DC13: =IF(ISNUMBER(SEARCH("01",BC13)),B13,"") | DD13: =IF(ISNUMBER(SEARCH("02",BC13)),B13,"") | DE13: =IF(ISNUMBER(SEARCH("03",BC13)),B13,"") | DF13: =IF(ISNUMBER(SEARCH("04",BC13)),B13,"")
B14: 9 | P14: =IF(ISBLANK(M14),"",VLOOKUP(M14,ComboValue!$E$2:$I$18,5,FALSE)) | R14: {=IF(OR(ISNUMBER(SEARCH("GHS05",$D14:$L14)),ISNUMBER(SEARCH("GHS06",$D14:$L14)),ISNUMBER(SEARCH("GHS07",$D14:$L14)),ISNUMBER(SEARCH("GHS08",$D14:$L14)),ISNUMBER(SEARCH("geen pictogram",$D14:$L14)),ISNUMBER(SEARCH("GHS09",$D14:$L14)),ISNUMBER(SEARCH("GHS03",$D14:$L14))),"JA","NEE")} -> NEE | AX14: {=_xlfn.TEXTJOIN(",", TRUE, IF(D14:L14="","",VLOOKUP(D14:L14, ComboValue!$B$2:$C$11, 2, FALSE)))} | AY14: =IF(ISNUMBER(SEARCH("04",AX14)),"Gaz_Nl","Tous_NL") -> Tous_NL | AZ14: =IF(ISBLANK(M14),"",VLOOKUP(M14,ComboValue!$E$2:$G$18,3,FALSE)) | BA14: =IF(ISBLANK(N14),"",VLOOKUP(N14,ComboValue!$K$2:$L$5,2,FALSE)) | BB14: {=_xlfn.TEXTJOIN(",", TRUE, IF(S14:AV14="","",VLOOKUP(S14:AV14, ComboValue!$N$2:$O$100, 2, FALSE)))} | BC14: =IF(AND(ISNUMBER(SEARCH("04",AX14)),NOT(OR("C_01"=AZ14,"C_01b"=AZ14,"C_02"=AZ14,"C_03"=AZ14))),"01,","") & IF(OR(AND("C_01"=AZ14,NOT("04"=BA14)),AND("C_02"=AZ14,NOT("04"=BA14)),AND("C_03"=AZ14,NOT("04"=BA14)),AND("C_04"=AZ14,NOT("01"=BA14)),AND("C_05"=AZ14,NOT("01"=BA14)),AND("C_06"=AZ14,OR("04"=BA14,BA14="")),AND("C_07"=AZ14,OR("04"=BA14,BA14="")),AND("C_08"=AZ14,NOT("03"=BA14)),AND("C_09"=AZ14,NOT("03"=BA14)),AND("C_10"=AZ14,NOT("04"=BA14)),AND("C_11"=AZ14,NOT("04"=BA14)),AND("C_12"=AZ14,NOT("04"=BA14)),AND("C_13"=AZ14,NOT("04"=BA14)),AND("C_14"=AZ14,NOT("04"=BA14))),"02,","") & IF(AND(OR(ISNUMBER(SEARCH("11",BB14)),ISNUMBER(SEARCH("12",BB14))),NOT("01"=BA14)),"03,","") & IF(AND(ISNUMBER(SEARCH("13",BB14)),NOT("02"=BA14)),"04,","") | BE14: =IF(ISNUMBER(SEARCH("01",AX14)),O14,"") | BF14: =IF(ISNUMBER(SEARCH("02",AX14)),O14,"") | BG14: =IF(ISNUMBER(SEARCH("03",AX14)),O14,"") | BH14: =IF(ISNUMBER(SEARCH("04",AX14)),O14,"") | BI14: =IF(ISNUMBER(SEARCH("05",AX14)),O14,"") | BJ14: =IF(ISNUMBER(SEARCH("06",AX14)),O14,"") | BK14: =IF(ISNUMBER(SEARCH("07",AX14)),O14,"") | BL14: =IF(ISNUMBER(SEARCH("08",AX14)),O14,"") | BM14: =IF(ISNUMBER(SEARCH("09",AX14)),O14,"") | BN14: =IF(ISNUMBER(SEARCH("10",AX14)),O14,"") | BO14: =IF(BF14="",0,BF14) -> 0 | BP14: =IF(BI14="",0,BI14-BQ14-BO14) -> 0 | BQ14: =IF(BJ14="",0,BJ14-BO14) -> 0 | BR14: =IF(BK14="",0,BK14-BS14-BP14-BQ14-BO14) -> 0 | BS14: =IF(BK14="",0,BK14-BP14-BQ14-BO14) -> 0 | BT14: =IF(BL14="",0,BL14-BR14-BS14-BP14-BQ14-BO14) -> 0 | BU14: =IF(AZ14="D_01",O14,"") | BV14: =IF(AZ14="D_01b",O14,"") | BW14: =IF(AZ14="D_02",O14,"") | BX14: =IF(AZ14="D_03",O14,"") | BY14: =IF(AND(OR(AZ14="D_04",AZ14="D_06"),BA14="01"),O14,"") | BZ14: =IF(AND(OR(AZ14="D_05",AZ14="D_07"),BA14="01"),O14,"") | CA14: =IF(AND(AZ14="D_06",BA14="02"),O14,"") | CB14: =IF(AND(AZ14="D_07",BA14="02"),O14,"") | CC14: =IF(AND(OR(AZ14="D_06",AZ14="D_08"),BA14="03"),O14,"") | CD14: =IF(AND(OR(AZ14="D_07",AZ14="D_09"),BA14="03"),O14,"") | CE14: =IF(AZ14="D_10",O14,"") | CF14: =IF(AZ14="D_11",O14,"") | CG14: =IF(AZ14="D_12",O14,"") | CH14: =IF(AZ14="D_13",O14,"") | CI14: =IF(AZ14="D_14",O14,"") | CJ14: =IF(AZ14="D_15",O14,"") | CK14: {=IF(AND(AZ14="D_16", SUMPRODUCT(--ISNUMBER(SEARCH({"14","34","38","40","41","42","43","46","48","56","64","65"},BB14)))>0), O14-IF(ISNUMBER(CL14),CL14,0), "")} | CL14: {=IF(AND(AZ14="D_16", SUMPRODUCT(--ISNUMBER(SEARCH({"01";"02";"03";"04";"05";"06";"07";"08";"09";"10";"11";"12";"13";"15";"16";"17";"19";"20";"21";"22";"23";"24";"25";"26";"27";"28";"29";"30";"31";"32";"33";"35";"36";"37";"39";"44";"45";"47";"49";"50";"51";"52";"53";"54";"55";"57";"58";"59";"60";"61";"62";"63";"66";"67";"68";"69";"70";"71";"72";"73";"74";"75"}, BB14)))>0), O14, "")} | CM14: {=IF(SUMPRODUCT(--ISNUMBER(SEARCH({"32";"35";"36";"44";"45";"47";"50";"51";"52";"53";"54";"55";"57";"58";"59";"60"}, BB14)))>0, B14, "")} | CN14: {=IF(SUMPRODUCT(--ISNUMBER(SEARCH({"61";"62"}, BB14)))>0, B14, "")} | CO14: {=IF(SUMPRODUCT(--ISNUMBER(SEARCH({"68";"69";"70";"71"}, BB14)))>0, B14, "")} | CP14: {=IF(SUMPRODUCT(--ISNUMBER(SEARCH({"72";"73";"74";"75"}, BB14)))>0, B14, "")} | CQ14: =IF(ISNUMBER(SEARCH("REACH",M14)),B14,"") | CR14: =IF(OR(AZ14="D_15", CM14<>"",CN14<>"",CO14<>"",CP14<>""), "YES", "NO") -> NO | CS14: =IF(ISNUMBER(SEARCH("01",AX14)),B14,"") | CT14: =IF(ISNUMBER(SEARCH("02",AX14)),B14,"") | CU14: =IF(ISNUMBER(SEARCH("03",AX14)),B14,"") | CV14: =IF(ISNUMBER(SEARCH("04",AX14)),B14,"") | CW14: =IF(ISNUMBER(SEARCH("05",AX14)),B14,"") | CX14: =IF(ISNUMBER(SEARCH("06",AX14)),B14,"") | CY14: =IF(ISNUMBER(SEARCH("07",AX14)),B14,"") | CZ14: =IF(ISNUMBER(SEARCH("08",AX14)),B14,"") | DA14: =IF(ISNUMBER(SEARCH("09",AX14)),B14,"") | DB14: =IF(ISNUMBER(SEARCH("10",AX14)),B14,"") | DC14: =IF(ISNUMBER(SEARCH("01",BC14)),B14,"") | DD14: =IF(ISNUMBER(SEARCH("02",BC14)),B14,"") | DE14: =IF(ISNUMBER(SEARCH("03",BC14)),B14,"") | DF14: =IF(ISNUMBER(SEARCH("04",BC14)),B14,"")
B15: 10 | P15: =IF(ISBLANK(M15),"",VLOOKUP(M15,ComboValue!$E$2:$I$18,5,FALSE)) | R15: {=IF(OR(ISNUMBER(SEARCH("GHS05",$D15:$L15)),ISNUMBER(SEARCH("GHS06",$D15:$L15)),ISNUMBER(SEARCH("GHS07",$D15:$L15)),ISNUMBER(SEARCH("GHS08",$D15:$L15)),ISNUMBER(SEARCH("geen pictogram",$D15:$L15)),ISNUMBER(SEARCH("GHS09",$D15:$L15)),ISNUMBER(SEARCH("GHS03",$D15:$L15))),"JA","NEE")} -> NEE | AX15: {=_xlfn.TEXTJOIN(",", TRUE, IF(D15:L15="","",VLOOKUP(D15:L15, ComboValue!$B$2:$C$11, 2, FALSE)))} | AY15: =IF(ISNUMBER(SEARCH("04",AX15)),"Gaz_Nl","Tous_NL") -> Tous_NL | AZ15: =IF(ISBLANK(M15),"",VLOOKUP(M15,ComboValue!$E$2:$G$18,3,FALSE)) | BA15: =IF(ISBLANK(N15),"",VLOOKUP(N15,ComboValue!$K$2:$L$5,2,FALSE)) | BB15: {=_xlfn.TEXTJOIN(",", TRUE, IF(S15:AV15="","",VLOOKUP(S15:AV15, ComboValue!$N$2:$O$100, 2, FALSE)))} | BC15: =IF(AND(ISNUMBER(SEARCH("04",AX15)),NOT(OR("C_01"=AZ15,"C_01b"=AZ15,"C_02"=AZ15,"C_03"=AZ15))),"01,","") & IF(OR(AND("C_01"=AZ15,NOT("04"=BA15)),AND("C_02"=AZ15,NOT("04"=BA15)),AND("C_03"=AZ15,NOT("04"=BA15)),AND("C_04"=AZ15,NOT("01"=BA15)),AND("C_05"=AZ15,NOT("01"=BA15)),AND("C_06"=AZ15,OR("04"=BA15,BA15="")),AND("C_07"=AZ15,OR("04"=BA15,BA15="")),AND("C_08"=AZ15,NOT("03"=BA15)),AND("C_09"=AZ15,NOT("03"=BA15)),AND("C_10"=AZ15,NOT("04"=BA15)),AND("C_11"=AZ15,NOT("04"=BA15)),AND("C_12"=AZ15,NOT("04"=BA15)),AND("C_13"=AZ15,NOT("04"=BA15)),AND("C_14"=AZ15,NOT("04"=BA15))),"02,","") & IF(AND(OR(ISNUMBER(SEARCH("11",BB15)),ISNUMBER(SEARCH("12",BB15))),NOT("01"=BA15)),"03,","") & IF(AND(ISNUMBER(SEARCH("13",BB15)),NOT("02"=BA15)),"04,","") | BE15: =IF(ISNUMBER(SEARCH("01",AX15)),O15,"") | BF15: =IF(ISNUMBER(SEARCH("02",AX15)),O15,"") | BG15: =IF(ISNUMBER(SEARCH("03",AX15)),O15,"") | BH15: =IF(ISNUMBER(SEARCH("04",AX15)),O15,"") | BI15: =IF(ISNUMBER(SEARCH("05",AX15)),O15,"") | BJ15: =IF(ISNUMBER(SEARCH("06",AX15)),O15,"") | BK15: =IF(ISNUMBER(SEARCH("07",AX15)),O15,"") | BL15: =IF(ISNUMBER(SEARCH("08",AX15)),O15,"") | BM15: =IF(ISNUMBER(SEARCH("09",AX15)),O15,"") | BN15: =IF(ISNUMBER(SEARCH("10",AX15)),O15,"") | BO15: =IF(BF15="",0,BF15) -> 0 | BP15: =IF(BI15="",0,BI15-BQ15-BO15) -> 0 | BQ15: =IF(BJ15="",0,BJ15-BO15) -> 0 | BR15: =IF(BK15="",0,BK15-BS15-BP15-BQ15-BO15) -> 0 | BS15: =IF(BK15="",0,BK15-BP15-BQ15-BO15) -> 0 | BT15: =IF(BL15="",0,BL15-BR15-BS15-BP15-BQ15-BO15) -> 0 | BU15: =IF(AZ15="D_01",O15,"") | BV15: =IF(AZ15="D_01b",O15,"") | BW15: =IF(AZ15="D_02",O15,"") | BX15: =IF(AZ15="D_03",O15,"") | BY15: =IF(AND(OR(AZ15="D_04",AZ15="D_06"),BA15="01"),O15,"") | BZ15: =IF(AND(OR(AZ15="D_05",AZ15="D_07"),BA15="01"),O15,"") | CA15: =IF(AND(AZ15="D_06",BA15="02"),O15,"") | CB15: =IF(AND(AZ15="D_07",BA15="02"),O15,"") | CC15: =IF(AND(OR(AZ15="D_06",AZ15="D_08"),BA15="03"),O15,"") | CD15: =IF(AND(OR(AZ15="D_07",AZ15="D_09"),BA15="03"),O15,"") | CE15: =IF(AZ15="D_10",O15,"") | CF15: =IF(AZ15="D_11",O15,"") | CG15: =IF(AZ15="D_12",O15,"") | CH15: =IF(AZ15="D_13",O15,"") | CI15: =IF(AZ15="D_14",O15,"") | CJ15: =IF(AZ15="D_15",O15,"") | CK15: {=IF(AND(AZ15="D_16", SUMPRODUCT(--ISNUMBER(SEARCH({"14","34","38","40","41","42","43","46","48","56","64","65"},BB15)))>0), O15-IF(ISNUMBER(CL15),CL15,0), "")} | CL15: {=IF(AND(AZ15="D_16", SUMPRODUCT(--ISNUMBER(SEARCH({"01";"02";"03";"04";"05";"06";"07";"08";"09";"10";"11";"12";"13";"15";"16";"17";"19";"20";"21";"22";"23";"24";"25";"26";"27";"28";"29";"30";"31";"32";"33";"35";"36";"37";"39";"44";"45";"47";"49";"50";"51";"52";"53";"54";"55";"57";"58";"59";"60";"61";"62";"63";"66";"67";"68";"69";"70";"71";"72";"73";"74";"75"}, BB15)))>0), O15, "")} | CM15: {=IF(SUMPRODUCT(--ISNUMBER(SEARCH({"32";"35";"36";"44";"45";"47";"50";"51";"52";"53";"54";"55";"57";"58";"59";"60"}, BB15)))>0, B15, "")} | CN15: {=IF(SUMPRODUCT(--ISNUMBER(SEARCH({"61";"62"}, BB15)))>0, B15, "")} | CO15: {=IF(SUMPRODUCT(--ISNUMBER(SEARCH({"68";"69";"70";"71"}, BB15)))>0, B15, "")} | CP15: {=IF(SUMPRODUCT(--ISNUMBER(SEARCH({"72";"73";"74";"75"}, BB15)))>0, B15, "")} | CQ15: =IF(ISNUMBER(SEARCH("REACH",M15)),B15,"") | CR15: =IF(OR(AZ15="D_15", CM15<>"",CN15<>"",CO15<>"",CP15<>""), "YES", "NO") -> NO | CS15: =IF(ISNUMBER(SEARCH("01",AX15)),B15,"") | CT15: =IF(ISNUMBER(SEARCH("02",AX15)),B15,"") | CU15: =IF(ISNUMBER(SEARCH("03",AX15)),B15,"") | CV15: =IF(ISNUMBER(SEARCH("04",AX15)),B15,"") | CW15: =IF(ISNUMBER(SEARCH("05",AX15)),B15,"") | CX15: =IF(ISNUMBER(SEARCH("06",AX15)),B15,"") | CY15: =IF(ISNUMBER(SEARCH("07",AX15)),B15,"") | CZ15: =IF(ISNUMBER(SEARCH("08",AX15)),B15,"") | DA15: =IF(ISNUMBER(SEARCH("09",AX15)),B15,"") | DB15: =IF(ISNUMBER(SEARCH("10",AX15)),B15,"") | DC15: =IF(ISNUMBER(SEARCH("01",BC15)),B15,"") | DD15: =IF(ISNUMBER(SEARCH("02",BC15)),B15,"") | DE15: =IF(ISNUMBER(SEARCH("03",BC15)),B15,"") | DF15: =IF(ISNUMBER(SEARCH("04",BC15)),B15,"")
B16: 11 | P16: =IF(ISBLANK(M16),"",VLOOKUP(M16,ComboValue!$E$2:$I$18,5,FALSE)) | R16: {=IF(OR(ISNUMBER(SEARCH("GHS05",$D16:$L16)),ISNUMBER(SEARCH("GHS06",$D16:$L16)),ISNUMBER(SEARCH("GHS07",$D16:$L16)),ISNUMBER(SEARCH("GHS08",$D16:$L16)),ISNUMBER(SEARCH("geen pictogram",$D16:$L16)),ISNUMBER(SEARCH("GHS09",$D16:$L16)),ISNUMBER(SEARCH("GHS03",$D16:$L16))),"JA","NEE")} -> NEE | AX16: {=_xlfn.TEXTJOIN(",", TRUE, IF(D16:L16="","",VLOOKUP(D16:L16, ComboValue!$B$2:$C$11, 2, FALSE)))} | AY16: =IF(ISNUMBER(SEARCH("04",AX16)),"Gaz_Nl","Tous_NL") -> Tous_NL | AZ16: =IF(ISBLANK(M16),"",VLOOKUP(M16,ComboValue!$E$2:$G$18,3,FALSE)) | BA16: =IF(ISBLANK(N16),"",VLOOKUP(N16,ComboValue!$K$2:$L$5,2,FALSE)) | BB16: {=_xlfn.TEXTJOIN(",", TRUE, IF(S16:AV16="","",VLOOKUP(S16:AV16, ComboValue!$N$2:$O$100, 2, FALSE)))} | BC16: =IF(AND(ISNUMBER(SEARCH("04",AX16)),NOT(OR("C_01"=AZ16,"C_01b"=AZ16,"C_02"=AZ16,"C_03"=AZ16))),"01,","") & IF(OR(AND("C_01"=AZ16,NOT("04"=BA16)),AND("C_02"=AZ16,NOT("04"=BA16)),AND("C_03"=AZ16,NOT("04"=BA16)),AND("C_04"=AZ16,NOT("01"=BA16)),AND("C_05"=AZ16,NOT("01"=BA16)),AND("C_06"=AZ16,OR("04"=BA16,BA16="")),AND("C_07"=AZ16,OR("04"=BA16,BA16="")),AND("C_08"=AZ16,NOT("03"=BA16)),AND("C_09"=AZ16,NOT("03"=BA16)),AND("C_10"=AZ16,NOT("04"=BA16)),AND("C_11"=AZ16,NOT("04"=BA16)),AND("C_12"=AZ16,NOT("04"=BA16)),AND("C_13"=AZ16,NOT("04"=BA16)),AND("C_14"=AZ16,NOT("04"=BA16))),"02,","") & IF(AND(OR(ISNUMBER(SEARCH("11",BB16)),ISNUMBER(SEARCH("12",BB16))),NOT("01"=BA16)),"03,","") & IF(AND(ISNUMBER(SEARCH("13",BB16)),NOT("02"=BA16)),"04,","") | BE16: =IF(ISNUMBER(SEARCH("01",AX16)),O16,"") | BF16: =IF(ISNUMBER(SEARCH("02",AX16)),O16,"") | BG16: =IF(ISNUMBER(SEARCH("03",AX16)),O16,"") | BH16: =IF(ISNUMBER(SEARCH("04",AX16)),O16,"") | BI16: =IF(ISNUMBER(SEARCH("05",AX16)),O16,"") | BJ16: =IF(ISNUMBER(SEARCH("06",AX16)),O16,"") | BK16: =IF(ISNUMBER(SEARCH("07",AX16)),O16,"") | BL16: =IF(ISNUMBER(SEARCH("08",AX16)),O16,"") | BM16: =IF(ISNUMBER(SEARCH("09",AX16)),O16,"") | BN16: =IF(ISNUMBER(SEARCH("10",AX16)),O16,"") | BO16: =IF(BF16="",0,BF16) -> 0 | BP16: =IF(BI16="",0,BI16-BQ16-BO16) -> 0 | BQ16: =IF(BJ16="",0,BJ16-BO16) -> 0 | BR16: =IF(BK16="",0,BK16-BS16-BP16-BQ16-BO16) -> 0 | BS16: =IF(BK16="",0,BK16-BP16-BQ16-BO16) -> 0 | BT16: =IF(BL16="",0,BL16-BR16-BS16-BP16-BQ16-BO16) -> 0 | BU16: =IF(AZ16="D_01",O16,"") | BV16: =IF(AZ16="D_01b",O16,"") | BW16: =IF(AZ16="D_02",O16,"") | BX16: =IF(AZ16="D_03",O16,"") | BY16: =IF(AND(OR(AZ16="D_04",AZ16="D_06"),BA16="01"),O16,"") | BZ16: =IF(AND(OR(AZ16="D_05",AZ16="D_07"),BA16="01"),O16,"") | CA16: =IF(AND(AZ16="D_06",BA16="02"),O16,"") | CB16: =IF(AND(AZ16="D_07",BA16="02"),O16,"") | CC16: =IF(AND(OR(AZ16="D_06",AZ16="D_08"),BA16="03"),O16,"") | CD16: =IF(AND(OR(AZ16="D_07",AZ16="D_09"),BA16="03"),O16,"") | CE16: =IF(AZ16="D_10",O16,"") | CF16: =IF(AZ16="D_11",O16,"") | CG16: =IF(AZ16="D_12",O16,"") | CH16: =IF(AZ16="D_13",O16,"") | CI16: =IF(AZ16="D_14",O16,"") | CJ16: =IF(AZ16="D_15",O16,"") | CK16: {=IF(AND(AZ16="D_16", SUMPRODUCT(--ISNUMBER(SEARCH({"14","34","38","40","41","42","43","46","48","56","64","65"},BB16)))>0), O16-IF(ISNUMBER(CL16),CL16,0), "")} | CL16: {=IF(AND(AZ16="D_16", SUMPRODUCT(--ISNUMBER(SEARCH({"01";"02";"03";"04";"05";"06";"07";"08";"09";"10";"11";"12";"13";"15";"16";"17";"19";"20";"21";"22";"23";"24";"25";"26";"27";"28";"29";"30";"31";"32";"33";"35";"36";"37";"39";"44";"45";"47";"49";"50";"51";"52";"53";"54";"55";"57";"58";"59";"60";"61";"62";"63";"66";"67";"68";"69";"70";"71";"72";"73";"74";"75"}, BB16)))>0), O16, "")} | CM16: {=IF(SUMPRODUCT(--ISNUMBER(SEARCH({"32";"35";"36";"44";"45";"47";"50";"51";"52";"53";"54";"55";"57";"58";"59";"60"}, BB16)))>0, B16, "")} | CN16: {=IF(SUMPRODUCT(--ISNUMBER(SEARCH({"61";"62"}, BB16)))>0, B16, "")} | CO16: {=IF(SUMPRODUCT(--ISNUMBER(SEARCH({"68";"69";"70";"71"}, BB16)))>0, B16, "")} | CP16: {=IF(SUMPRODUCT(--ISNUMBER(SEARCH({"72";"73";"74";"75"}, BB16)))>0, B16, "")} | CQ16: =IF(ISNUMBER(SEARCH("REACH",M16)),B16,"") | CR16: =IF(OR(AZ16="D_15", CM16<>"",CN16<>"",CO16<>"",CP16<>""), "YES", "NO") -> NO | CS16: =IF(ISNUMBER(SEARCH("01",AX16)),B16,"") | CT16: =IF(ISNUMBER(SEARCH("02",AX16)),B16,"") | CU16: =IF(ISNUMBER(SEARCH("03",AX16)),B16,"") | CV16: =IF(ISNUMBER(SEARCH("04",AX16)),B16,"") | CW16: =IF(ISNUMBER(SEARCH("05",AX16)),B16,"") | CX16: =IF(ISNUMBER(SEARCH("06",AX16)),B16,"") | CY16: =IF(ISNUMBER(SEARCH("07",AX16)),B16,"") | CZ16: =IF(ISNUMBER(SEARCH("08",AX16)),B16,"") | DA16: =IF(ISNUMBER(SEARCH("09",AX16)),B16,"") | DB16: =IF(ISNUMBER(SEARCH("10",AX16)),B16,"") | DC16: =IF(ISNUMBER(SEARCH("01",BC16)),B16,"") | DD16: =IF(ISNUMBER(SEARCH("02",BC16)),B16,"") | DE16: =IF(ISNUMBER(SEARCH("03",BC16)),B16,"") | DF16: =IF(ISNUMBER(SEARCH("04",BC16)),B16,"")
B17: 12 | P17: =IF(ISBLANK(M17),"",VLOOKUP(M17,ComboValue!$E$2:$I$18,5,FALSE)) | R17: {=IF(OR(ISNUMBER(SEARCH("GHS05",$D17:$L17)),ISNUMBER(SEARCH("GHS06",$D17:$L17)),ISNUMBER(SEARCH("GHS07",$D17:$L17)),ISNUMBER(SEARCH("GHS08",$D17:$L17)),ISNUMBER(SEARCH("geen pictogram",$D17:$L17)),ISNUMBER(SEARCH("GHS09",$D17:$L17)),ISNUMBER(SEARCH("GHS03",$D17:$L17))),"JA","NEE")} -> NEE | AX17: {=_xlfn.TEXTJOIN(",", TRUE, IF(D17:L17="","",VLOOKUP(D17:L17, ComboValue!$B$2:$C$11, 2, FALSE)))} | AY17: =IF(ISNUMBER(SEARCH("04",AX17)),"Gaz_Nl","Tous_NL") -> Tous_NL | AZ17: =IF(ISBLANK(M17),"",VLOOKUP(M17,ComboValue!$E$2:$G$18,3,FALSE)) | BA17: =IF(ISBLANK(N17),"",VLOOKUP(N17,ComboValue!$K$2:$L$5,2,FALSE)) | BB17: {=_xlfn.TEXTJOIN(",", TRUE, IF(S17:AV17="","",VLOOKUP(S17:AV17, ComboValue!$N$2:$O$100, 2, FALSE)))} | BC17: =IF(AND(ISNUMBER(SEARCH("04",AX17)),NOT(OR("C_01"=AZ17,"C_01b"=AZ17,"C_02"=AZ17,"C_03"=AZ17))),"01,","") & IF(OR(AND("C_01"=AZ17,NOT("04"=BA17)),AND("C_02"=AZ17,NOT("04"=BA17)),AND("C_03"=AZ17,NOT("04"=BA17)),AND("C_04"=AZ17,NOT("01"=BA17)),AND("C_05"=AZ17,NOT("01"=BA17)),AND("C_06"=AZ17,OR("04"=BA17,BA17="")),AND("C_07"=AZ17,OR("04"=BA17,BA17="")),AND("C_08"=AZ17,NOT("03"=BA17)),AND("C_09"=AZ17,NOT("03"=BA17)),AND("C_10"=AZ17,NOT("04"=BA17)),AND("C_11"=AZ17,NOT("04"=BA17)),AND("C_12"=AZ17,NOT("04"=BA17)),AND("C_13"=AZ17,NOT("04"=BA17)),AND("C_14"=AZ17,NOT("04"=BA17))),"02,","") & IF(AND(OR(ISNUMBER(SEARCH("11",BB17)),ISNUMBER(SEARCH("12",BB17))),NOT("01"=BA17)),"03,","") & IF(AND(ISNUMBER(SEARCH("13",BB17)),NOT("02"=BA17)),"04,","") | BE17: =IF(ISNUMBER(SEARCH("01",AX17)),O17,"") | BF17: =IF(ISNUMBER(SEARCH("02",AX17)),O17,"") | BG17: =IF(ISNUMBER(SEARCH("03",AX17)),O17,"") | BH17: =IF(ISNUMBER(SEARCH("04",AX17)),O17,"") | BI17: =IF(ISNUMBER(SEARCH("05",AX17)),O17,"") | BJ17: =IF(ISNUMBER(SEARCH("06",AX17)),O17,"") | BK17: =IF(ISNUMBER(SEARCH("07",AX17)),O17,"") | BL17: =IF(ISNUMBER(SEARCH("08",AX17)),O17,"") | BM17: =IF(ISNUMBER(SEARCH("09",AX17)),O17,"") | BN17: =IF(ISNUMBER(SEARCH("10",AX17)),O17,"") | BO17: =IF(BF17="",0,BF17) -> 0 | BP17: =IF(BI17="",0,BI17-BQ17-BO17) -> 0 | BQ17: =IF(BJ17="",0,BJ17-BO17) -> 0 | BR17: =IF(BK17="",0,BK17-BS17-BP17-BQ17-BO17) -> 0 | BS17: =IF(BK17="",0,BK17-BP17-BQ17-BO17) -> 0 | BT17: =IF(BL17="",0,BL17-BR17-BS17-BP17-BQ17-BO17) -> 0 | BU17: =IF(AZ17="D_01",O17,"") | BV17: =IF(AZ17="D_01b",O17,"") | BW17: =IF(AZ17="D_02",O17,"") | BX17: =IF(AZ17="D_03",O17,"") | BY17: =IF(AND(OR(AZ17="D_04",AZ17="D_06"),BA17="01"),O17,"") | BZ17: =IF(AND(OR(AZ17="D_05",AZ17="D_07"),BA17="01"),O17,"") | CA17: =IF(AND(AZ17="D_06",BA17="02"),O17,"") | CB17: =IF(AND(AZ17="D_07",BA17="02"),O17,"") | CC17: =IF(AND(OR(AZ17="D_06",AZ17="D_08"),BA17="03"),O17,"") | CD17: =IF(AND(OR(AZ17="D_07",AZ17="D_09"),BA17="03"),O17,"") | CE17: =IF(AZ17="D_10",O17,"") | CF17: =IF(AZ17="D_11",O17,"") | CG17: =IF(AZ17="D_12",O17,"") | CH17: =IF(AZ17="D_13",O17,"") | CI17: =IF(AZ17="D_14",O17,"") | CJ17: =IF(AZ17="D_15",O17,"") | CK17: {=IF(AND(AZ17="D_16", SUMPRODUCT(--ISNUMBER(SEARCH({"14","34","38","40","41","42","43","46","48","56","64","65"},BB17)))>0), O17-IF(ISNUMBER(CL17),CL17,0), "")} | CL17: {=IF(AND(AZ17="D_16", SUMPRODUCT(--ISNUMBER(SEARCH({"01";"02";"03";"04";"05";"06";"07";"08";"09";"10";"11";"12";"13";"15";"16";"17";"19";"20";"21";"22";"23";"24";"25";"26";"27";"28";"29";"30";"31";"32";"33";"35";"36";"37";"39";"44";"45";"47";"49";"50";"51";"52";"53";"54";"55";"57";"58";"59";"60";"61";"62";"63";"66";"67";"68";"69";"70";"71";"72";"73";"74";"75"}, BB17)))>0), O17, "")} | CM17: {=IF(SUMPRODUCT(--ISNUMBER(SEARCH({"32";"35";"36";"44";"45";"47";"50";"51";"52";"53";"54";"55";"57";"58";"59";"60"}, BB17)))>0, B17, "")} | CN17: {=IF(SUMPRODUCT(--ISNUMBER(SEARCH({"61";"62"}, BB17)))>0, B17, "")} | CO17: {=IF(SUMPRODUCT(--ISNUMBER(SEARCH({"68";"69";"70";"71"}, BB17)))>0, B17, "")} | CP17: {=IF(SUMPRODUCT(--ISNUMBER(SEARCH({"72";"73";"74";"75"}, BB17)))>0, B17, "")} | CQ17: =IF(ISNUMBER(SEARCH("REACH",M17)),B17,"") | CR17: =IF(OR(AZ17="D_15", CM17<>"",CN17<>"",CO17<>"",CP17<>""), "YES", "NO") -> NO | CS17: =IF(ISNUMBER(SEARCH("01",AX17)),B17,"") | CT17: =IF(ISNUMBER(SEARCH("02",AX17)),B17,"") | CU17: =IF(ISNUMBER(SEARCH("03",AX17)),B17,"") | CV17: =IF(ISNUMBER(SEARCH("04",AX17)),B17,"") | CW17: =IF(ISNUMBER(SEARCH("05",AX17)),B17,"") | CX17: =IF(ISNUMBER(SEARCH("06",AX17)),B17,"") | CY17: =IF(ISNUMBER(SEARCH("07",AX17)),B17,"") | CZ17: =IF(ISNUMBER(SEARCH("08",AX17)),B17,"") | DA17: =IF(ISNUMBER(SEARCH("09",AX17)),B17,"") | DB17: =IF(ISNUMBER(SEARCH("10",AX17)),B17,"") | DC17: =IF(ISNUMBER(SEARCH("01",BC17)),B17,"") | DD17: =IF(ISNUMBER(SEARCH("02",BC17)),B17,"") | DE17: =IF(ISNUMBER(SEARCH("03",BC17)),B17,"") | DF17: =IF(ISNUMBER(SEARCH("04",BC17)),B17,"")
B18: 13 | P18: =IF(ISBLANK(M18),"",VLOOKUP(M18,ComboValue!$E$2:$I$18,5,FALSE)) | R18: {=IF(OR(ISNUMBER(SEARCH("GHS05",$D18:$L18)),ISNUMBER(SEARCH("GHS06",$D18:$L18)),ISNUMBER(SEARCH("GHS07",$D18:$L18)),ISNUMBER(SEARCH("GHS08",$D18:$L18)),ISNUMBER(SEARCH("geen pictogram",$D18:$L18)),ISNUMBER(SEARCH("GHS09",$D18:$L18)),ISNUMBER(SEARCH("GHS03",$D18:$L18))),"JA","NEE")} -> NEE | AX18: {=_xlfn.TEXTJOIN(",", TRUE, IF(D18:L18="","",VLOOKUP(D18:L18, ComboValue!$B$2:$C$11, 2, FALSE)))} | AY18: =IF(ISNUMBER(SEARCH("04",AX18)),"Gaz_Nl","Tous_NL") -> Tous_NL | AZ18: =IF(ISBLANK(M18),"",VLOOKUP(M18,ComboValue!$E$2:$G$18,3,FALSE)) | BA18: =IF(ISBLANK(N18),"",VLOOKUP(N18,ComboValue!$K$2:$L$5,2,FALSE)) | BB18: {=_xlfn.TEXTJOIN(",", TRUE, IF(S18:AV18="","",VLOOKUP(S18:AV18, ComboValue!$N$2:$O$100, 2, FALSE)))} | BC18: =IF(AND(ISNUMBER(SEARCH("04",AX18)),NOT(OR("C_01"=AZ18,"C_01b"=AZ18,"C_02"=AZ18,"C_03"=AZ18))),"01,","") & IF(OR(AND("C_01"=AZ18,NOT("04"=BA18)),AND("C_02"=AZ18,NOT("04"=BA18)),AND("C_03"=AZ18,NOT("04"=BA18)),AND("C_04"=AZ18,NOT("01"=BA18)),AND("C_05"=AZ18,NOT("01"=BA18)),AND("C_06"=AZ18,OR("04"=BA18,BA18="")),AND("C_07"=AZ18,OR("04"=BA18,BA18="")),AND("C_08"=AZ18,NOT("03"=BA18)),AND("C_09"=AZ18,NOT("03"=BA18)),AND("C_10"=AZ18,NOT("04"=BA18)),AND("C_11"=AZ18,NOT("04"=BA18)),AND("C_12"=AZ18,NOT("04"=BA18)),AND("C_13"=AZ18,NOT("04"=BA18)),AND("C_14"=AZ18,NOT("04"=BA18))),"02,","") & IF(AND(OR(ISNUMBER(SEARCH("11",BB18)),ISNUMBER(SEARCH("12",BB18))),NOT("01"=BA18)),"03,","") & IF(AND(ISNUMBER(SEARCH("13",BB18)),NOT("02"=BA18)),"04,","") | BE18: =IF(ISNUMBER(SEARCH("01",AX18)),O18,"") | BF18: =IF(ISNUMBER(SEARCH("02",AX18)),O18,"") | BG18: =IF(ISNUMBER(SEARCH("03",AX18)),O18,"") | BH18: =IF(ISNUMBER(SEARCH("04",AX18)),O18,"") | BI18: =IF(ISNUMBER(SEARCH("05",AX18)),O18,"") | BJ18: =IF(ISNUMBER(SEARCH("06",AX18)),O18,"") | BK18: =IF(ISNUMBER(SEARCH("07",AX18)),O18,"") | BL18: =IF(ISNUMBER(SEARCH("08",AX18)),O18,"") | BM18: =IF(ISNUMBER(SEARCH("09",AX18)),O18,"") | BN18: =IF(ISNUMBER(SEARCH("10",AX18)),O18,"") | BO18: =IF(BF18="",0,BF18) -> 0 | BP18: =IF(BI18="",0,BI18-BQ18-BO18) -> 0 | BQ18: =IF(BJ18="",0,BJ18-BO18) -> 0 | BR18: =IF(BK18="",0,BK18-BS18-BP18-BQ18-BO18) -> 0 | BS18: =IF(BK18="",0,BK18-BP18-BQ18-BO18) -> 0 | BT18: =IF(BL18="",0,BL18-BR18-BS18-BP18-BQ18-BO18) -> 0 | BU18: =IF(AZ18="D_01",O18,"") | BV18: =IF(AZ18="D_01b",O18,"") | BW18: =IF(AZ18="D_02",O18,"") | BX18: =IF(AZ18="D_03",O18,"") | BY18: =IF(AND(OR(AZ18="D_04",AZ18="D_06"),BA18="01"),O18,"") | BZ18: =IF(AND(OR(AZ18="D_05",AZ18="D_07"),BA18="01"),O18,"") | CA18: =IF(AND(AZ18="D_06",BA18="02"),O18,"") | CB18: =IF(AND(AZ18="D_07",BA18="02"),O18,"") | CC18: =IF(AND(OR(AZ18="D_06",AZ18="D_08"),BA18="03"),O18,"") | CD18: =IF(AND(OR(AZ18="D_07",AZ18="D_09"),BA18="03"),O18,"") | CE18: =IF(AZ18="D_10",O18,"") | CF18: =IF(AZ18="D_11",O18,"") | CG18: =IF(AZ18="D_12",O18,"") | CH18: =IF(AZ18="D_13",O18,"") | CI18: =IF(AZ18="D_14",O18,"") | CJ18: =IF(AZ18="D_15",O18,"") | CK18: {=IF(AND(AZ18="D_16", SUMPRODUCT(--ISNUMBER(SEARCH({"14","34","38","40","41","42","43","46","48","56","64","65"},BB18)))>0), O18-IF(ISNUMBER(CL18),CL18,0), "")} | CL18: {=IF(AND(AZ18="D_16", SUMPRODUCT(--ISNUMBER(SEARCH({"01";"02";"03";"04";"05";"06";"07";"08";"09";"10";"11";"12";"13";"15";"16";"17";"19";"20";"21";"22";"23";"24";"25";"26";"27";"28";"29";"30";"31";"32";"33";"35";"36";"37";"39";"44";"45";"47";"49";"50";"51";"52";"53";"54";"55";"57";"58";"59";"60";"61";"62";"63";"66";"67";"68";"69";"70";"71";"72";"73";"74";"75"}, BB18)))>0), O18, "")} | CM18: {=IF(SUMPRODUCT(--ISNUMBER(SEARCH({"32";"35";"36";"44";"45";"47";"50";"51";"52";"53";"54";"55";"57";"58";"59";"60"}, BB18)))>0, B18, "")} | CN18: {=IF(SUMPRODUCT(--ISNUMBER(SEARCH({"61";"62"}, BB18)))>0, B18, "")} | CO18: {=IF(SUMPRODUCT(--ISNUMBER(SEARCH({"68";"69";"70";"71"}, BB18)))>0, B18, "")} | CP18: {=IF(SUMPRODUCT(--ISNUMBER(SEARCH({"72";"73";"74";"75"}, BB18)))>0, B18, "")} | CQ18: =IF(ISNUMBER(SEARCH("REACH",M18)),B18,"") | CR18: =IF(OR(AZ18="D_15", CM18<>"",CN18<>"",CO18<>"",CP18<>""), "YES", "NO") -> NO | CS18: =IF(ISNUMBER(SEARCH("01",AX18)),B18,"") | CT18: =IF(ISNUMBER(SEARCH("02",AX18)),B18,"") | CU18: =IF(ISNUMBER(SEARCH("03",AX18)),B18,"") | CV18: =IF(ISNUMBER(SEARCH("04",AX18)),B18,"") | CW18: =IF(ISNUMBER(SEARCH("05",AX18)),B18,"") | CX18: =IF(ISNUMBER(SEARCH("06",AX18)),B18,"") | CY18: =IF(ISNUMBER(SEARCH("07",AX18)),B18,"") | CZ18: =IF(ISNUMBER(SEARCH("08",AX18)),B18,"") | DA18: =IF(ISNUMBER(SEARCH("09",AX18)),B18,"") | DB18: =IF(ISNUMBER(SEARCH("10",AX18)),B18,"") | DC18: =IF(ISNUMBER(SEARCH("01",BC18)),B18,"") | DD18: =IF(ISNUMBER(SEARCH("02",BC18)),B18,"") | DE18: =IF(ISNUMBER(SEARCH("03",BC18)),B18,"") | DF18: =IF(ISNUMBER(SEARCH("04",BC18)),B18,"")
... B105: 100 | P105: =IF(ISBLANK(M105),"",VLOOKUP(M105,ComboValue!$E$2:$I$18,5,FALSE)) | R105: {=IF(OR(ISNUMBER(SEARCH("GHS05",$D105:$L105)),ISNUMBER(SEARCH("GHS06",$D105:$L105)),ISNUMBER(SEARCH("GHS07",$D105:$L105)),ISNUMBER(SEARCH("GHS08",$D105:$L105)),ISNUMBER(SEARCH("geen pictogram",$D105:$L105)),ISNUMBER(SEARCH("GHS09",$D105:$L105)),ISNUMBER(SEARCH("GHS03",$D105:$L105))),"JA","NEE")} -> NEE | AX105: {=_xlfn.TEXTJOIN(",", TRUE, IF(D105:L105="","",VLOOKUP(D105:L105, ComboValue!$B$2:$C$11, 2, FALSE)))} | AY105: =IF(ISNUMBER(SEARCH("04",AX105)),"Gaz_Nl","Tous_NL") -> Tous_NL | AZ105: =IF(ISBLANK(M105),"",VLOOKUP(M105,ComboValue!$E$2:$G$18,3,FALSE)) | BA105: =IF(ISBLANK(N105),"",VLOOKUP(N105,ComboValue!$K$2:$L$5,2,FALSE)) | BB105: {=_xlfn.TEXTJOIN(",", TRUE, IF(S105:AV105="","",VLOOKUP(S105:AV105, ComboValue!$N$2:$O$100, 2, FALSE)))} | BC105: =IF(AND(ISNUMBER(SEARCH("04",AX105)),NOT(OR("C_01"=AZ105,"C_01b"=AZ105,"C_02"=AZ105,"C_03"=AZ105))),"01,","") & IF(OR(AND("C_01"=AZ105,NOT("04"=BA105)),AND("C_02"=AZ105,NOT("04"=BA105)),AND("C_03"=AZ105,NOT("04"=BA105)),AND("C_04"=AZ105,NOT("01"=BA105)),AND("C_05"=AZ105,NOT("01"=BA105)),AND("C_06"=AZ105,OR("04"=BA105,BA105="")),AND("C_07"=AZ105,OR("04"=BA105,BA105="")),AND("C_08"=AZ105,NOT("03"=BA105)),AND("C_09"=AZ105,NOT("03"=BA105)),AND("C_10"=AZ105,NOT("04"=BA105)),AND("C_11"=AZ105,NOT("04"=BA105)),AND("C_12"=AZ105,NOT("04"=BA105)),AND("C_13"=AZ105,NOT("04"=BA105)),AND("C_14"=AZ105,NOT("04"=BA105))),"02,","") & IF(AND(OR(ISNUMBER(SEARCH("11",BB105)),ISNUMBER(SEARCH("12",BB105))),NOT("01"=BA105)),"03,","") & IF(AND(ISNUMBER(SEARCH("13",BB105)),NOT("02"=BA105)),"04,","") | BE105: =IF(ISNUMBER(SEARCH("01",AX105)),O105,"") | BF105: =IF(ISNUMBER(SEARCH("02",AX105)),O105,"") | BG105: =IF(ISNUMBER(SEARCH("03",AX105)),O105,"") | BH105: =IF(ISNUMBER(SEARCH("04",AX105)),O105,"") | BI105: =IF(ISNUMBER(SEARCH("05",AX105)),O105,"") | BJ105: =IF(ISNUMBER(SEARCH("06",AX105)),O105,"") | BK105: =IF(ISNUMBER(SEARCH("07",AX105)),O105,"") | BL105: =IF(ISNUMBER(SEARCH("08",AX105)),O105,"") | BM105: =IF(ISNUMBER(SEARCH("09",AX105)),O105,"") | BN105: =IF(ISNUMBER(SEARCH("10",AX105)),O105,"") | BO105: =IF(BF105="",0,BF105) -> 0 | BP105: =IF(BI105="",0,BI105-BQ105-BO105) -> 0 | BQ105: =IF(BJ105="",0,BJ105-BO105) -> 0 | BR105: =IF(BK105="",0,BK105-BS105-BP105-BQ105-BO105) -> 0 | BS105: =IF(BK105="",0,BK105-BP105-BQ105-BO105) -> 0 | BT105: =IF(BL105="",0,BL105-BR105-BS105-BP105-BQ105-BO105) -> 0 | BU105: =IF(AZ105="D_01",O105,"") | BV105: =IF(AZ105="D_01b",O105,"") | BW105: =IF(AZ105="D_02",O105,"") | BX105: =IF(AZ105="D_03",O105,"") | BY105: =IF(AND(OR(AZ105="D_04",AZ105="D_06"),BA105="01"),O105,"") | BZ105: =IF(AND(OR(AZ105="D_05",AZ105="D_07"),BA105="01"),O105,"") | CA105: =IF(AND(AZ105="D_06",BA105="02"),O105,"") | CB105: =IF(AND(AZ105="D_07",BA105="02"),O105,"") | CC105: =IF(AND(OR(AZ105="D_06",AZ105="D_08"),BA105="03"),O105,"") | CD105: =IF(AND(OR(AZ105="D_07",AZ105="D_09"),BA105="03"),O105,"") | CE105: =IF(AZ105="D_10",O105,"") | CF105: =IF(AZ105="D_11",O105,"") | CG105: =IF(AZ105="D_12",O105,"") | CH105: =IF(AZ105="D_13",O105,"") | CI105: =IF(AZ105="D_14",O105,"") | CJ105: =IF(AZ105="D_15",O105,"") | CK105: {=IF(AND(AZ105="D_16", SUMPRODUCT(--ISNUMBER(SEARCH({"14","34","38","40","41","42","43","46","48","56","64","65"},BB105)))>0), O105-IF(ISNUMBER(CL105),CL105,0), "")} | CL105: {=IF(AND(AZ105="D_16", SUMPRODUCT(--ISNUMBER(SEARCH({"01";"02";"03";"04";"05";"06";"07";"08";"09";"10";"11";"12";"13";"15";"16";"17";"19";"20";"21";"22";"23";"24";"25";"26";"27";"28";"29";"30";"31";"32";"33";"35";"36";"37";"39";"44";"45";"47";"49";"50";"51";"52";"53";"54";"55";"57";"58";"59";"60";"61";"62";"63";"66";"67";"68";"69";"70";"71";"72";"73";"74";"75"}, BB105)))>0), O105, "")} | CM105: {=IF(SUMPRODUCT(--ISNUMBER(SEARCH({"32";"35";"36";"44";"45";"47";"50";"51";"52";"53";"54";"55";"57";"58";"59";"60"}, BB105)))>0, B105, "")} | CN105: {=IF(SUMPRODUCT(--ISNUMBER(SEARCH({"61";"62"}, BB105)))>0, B105, "")} | CO105: {=IF(SUMPRODUCT(--ISNUMBER(SEARCH({"68";"69";"70";"71"}, BB105)))>0, B105, "")} | CP105: {=IF(SUMPRODUCT(--ISNUMBER(SEARCH({"72";"73";"74";"75"}, BB105)))>0, B105, "")} | CQ105: =IF(ISNUMBER(SEARCH("REACH",M105)),B105,"") | CR105: =IF(OR(AZ105="D_15", CM105<>"",CN105<>"",CO105<>"",CP105<>""), "YES", "NO") -> NO | CS105: =IF(ISNUMBER(SEARCH("01",AX105)),B105,"") | CT105: =IF(ISNUMBER(SEARCH("02",AX105)),B105,"") | CU105: =IF(ISNUMBER(SEARCH("03",AX105)),B105,"") | CV105: =IF(ISNUMBER(SEARCH("04",AX105)),B105,"") | CW105: =IF(ISNUMBER(SEARCH("05",AX105)),B105,"") | CX105: =IF(ISNUMBER(SEARCH("06",AX105)),B105,"") | CY105: =IF(ISNUMBER(SEARCH("07",AX105)),B105,"") | CZ105: =IF(ISNUMBER(SEARCH("08",AX105)),B105,"") | DA105: =IF(ISNUMBER(SEARCH("09",AX105)),B105,"") | DB105: =IF(ISNUMBER(SEARCH("10",AX105)),B105,"") | DC105: =IF(ISNUMBER(SEARCH("01",BC105)),B105,"") | DD105: =IF(ISNUMBER(SEARCH("02",BC105)),B105,"") | DE105: =IF(ISNUMBER(SEARCH("03",BC105)),B105,"") | DF105: =IF(ISNUMBER(SEARCH("04",BC105)),B105,"")
B106: 101 | P106: =IF(ISBLANK(M106),"",VLOOKUP(M106,ComboValue!$E$2:$I$18,5,FALSE)) | R106: {=IF(OR(ISNUMBER(SEARCH("GHS05",$D106:$L106)),ISNUMBER(SEARCH("GHS06",$D106:$L106)),ISNUMBER(SEARCH("GHS07",$D106:$L106)),ISNUMBER(SEARCH("GHS08",$D106:$L106)),ISNUMBER(SEARCH("geen pictogram",$D106:$L106)),ISNUMBER(SEARCH("GHS09",$D106:$L106)),ISNUMBER(SEARCH("GHS05",$D106:$L106))),"JA","NEE")} -> NEE | AX106: =IF(ISBLANK(D106),"",VLOOKUP(D106,ComboValue!$B$2:$C$11,2,FALSE) & ",") & IF(ISBLANK(E106),"",VLOOKUP(E106,ComboValue!$B$2:$C$11,2,FALSE) & ",") & IF(ISBLANK(F106),"",VLOOKUP(F106,ComboValue!$B$2:$C$11,2,FALSE) & ",") & IF(ISBLANK(G106),"",VLOOKUP(G106,ComboValue!$B$2:$C$11,2,FALSE) & ",") & IF(ISBLANK(H106),"",VLOOKUP(H106,ComboValue!$B$2:$C$11,2,FALSE) & ",") & IF(ISBLANK(I106),"",VLOOKUP(I106,ComboValue!$B$2:$C$11,2,FALSE) & ",") & IF(ISBLANK(J106),"",VLOOKUP(J106,ComboValue!$B$2:$C$11,2,FALSE) & ",") & IF(ISBLANK(K106),"",VLOOKUP(K106,ComboValue!$B$2:$C$11,2,FALSE) & ",") & IF(ISBLANK(L106),"",VLOOKUP(L106,ComboValue!$B$2:$C$11,2,FALSE) & ",") | AY106: =IF(ISNUMBER(SEARCH("04",AX106)),"Gaz_Nl","Tous_NL") -> Tous_NL | AZ106: =IF(ISBLANK(M106),"",VLOOKUP(M106,ComboValue!$E$2:$G$18,3,FALSE)) | BA106: =IF(ISBLANK(N106),"",VLOOKUP(N106,ComboValue!$K$2:$L$5,2,FALSE)) | BB106: =IF(ISBLANK(S106),"",VLOOKUP(S106,ComboValue!$N$2:$O$70,2,FALSE) & ",") & IF(ISBLANK(T106),"",VLOOKUP(T106,ComboValue!$N$2:$O$70,2,FALSE) & ",") & IF(ISBLANK(U106),"",VLOOKUP(U106,ComboValue!$N$2:$O$70,2,FALSE) & ",") & IF(ISBLANK(V106),"",VLOOKUP(V106,ComboValue!$N$2:$O$70,2,FALSE) & ",") & IF(ISBLANK(W106),"",VLOOKUP(W106,ComboValue!$N$2:$O$70,2,FALSE) & ",") & IF(ISBLANK(X106),"",VLOOKUP(X106,ComboValue!$N$2:$O$70,2,FALSE) & ",") & IF(ISBLANK(Y106),"",VLOOKUP(Y106,ComboValue!$N$2:$O$70,2,FALSE) & ",") & IF(ISBLANK(Z106),"",VLOOKUP(Z106,ComboValue!$N$2:$O$70,2,FALSE) & ",") & IF(ISBLANK(AA106),"",VLOOKUP(AA106,ComboValue!$N$2:$O$70,2,FALSE) & ",") & IF(ISBLANK(AB106),"",VLOOKUP(AB106,ComboValue!$N$2:$O$70,2,FALSE) & ",") & IF(ISBLANK(AC106),"",VLOOKUP(AC106,ComboValue!$N$2:$O$70,2,FALSE) & ",") & IF(ISBLANK(AD106),"",VLOOKUP(AD106,ComboValue!$N$2:$O$70,2,FALSE) & ",") & IF(ISBLANK(AE106),"",VLOOKUP(AE106,ComboValue!$N$2:$O$70,2,FALSE) & ",") & IF(ISBLANK(AF106),"",VLOOKUP(AF106,ComboValue!$N$2:$O$70,2,FALSE) & ",") & IF(ISBLANK(AG106),"",VLOOKUP(AG106,ComboValue!$N$2:$O$70,2,FALSE) & ",") & IF(ISBLANK(AH106),"",VLOOKUP(AH106,ComboValue!$N$2:$O$70,2,FALSE) & ",") & IF(ISBLANK(AI106),"",VLOOKUP(AI106,ComboValue!$N$2:$O$70,2,FALSE) & ",") & IF(ISBLANK(AJ106),"",VLOOKUP(AJ106,ComboValue!$N$2:$O$70,2,FALSE) & ",") & IF(ISBLANK(AK106),"",VLOOKUP(AK106,ComboValue!$N$2:$O$70,2,FALSE) & ",") & IF(ISBLANK(AL106),"",VLOOKUP(AL106,ComboValue!$N$2:$O$70,2,FALSE) & ",") & IF(ISBLANK(AM106),"",VLOOKUP(AM106,ComboValue!$N$2:$O$70,2,FALSE) & ",") & IF(ISBLANK(AN106),"",VLOOKUP(AN106,ComboValue!$N$2:$O$70,2,FALSE) & ",") & IF(ISBLANK(AO106),"",VLOOKUP(AO106,ComboValue!$N$2:$O$70,2,FALSE) & ",") & IF(ISBLANK(AP106),"",VLOOKUP(AP106,ComboValue!$N$2:$O$70,2,FALSE) & ",") & IF(ISBLANK(AQ106),"",VLOOKUP(AQ106,ComboValue!$N$2:$O$70,2,FALSE) & ",") & IF(ISBLANK(AR106),"",VLOOKUP(AR106,ComboValue!$N$2:$O$70,2,FALSE) & ",") & IF(ISBLANK(AS106),"",VLOOKUP(AS106,ComboValue!$N$2:$O$70,2,FALSE) & ",") & IF(ISBLANK(AT106),"",VLOOKUP(AT106,ComboValue!$N$2:$O$70,2,FALSE) & ",") & IF(ISBLANK(AU106),"",VLOOKUP(AU106,ComboValue!$N$2:$O$70,2,FALSE) & ",") & IF(ISBLANK(AV106),"",VLOOKUP(AV106,ComboValue!$N$2:$O$70,2,FALSE) & ",") | BC106: =IF(AND(ISNUMBER(SEARCH("04",AX106)),NOT(OR("C_01"=AZ106,"C_01b"=AZ106,"C_02"=AZ106,"C_03"=AZ106))),"01,","") & IF(OR(AND("C_01"=AZ106,NOT("04"=BA106)),AND("C_02"=AZ106,NOT("04"=BA106)),AND("C_03"=AZ106,NOT("04"=BA106)),AND("C_04"=AZ106,NOT("01"=BA106)),AND("C_05"=AZ106,NOT("01"=BA106)),AND("C_06"=AZ106,OR("04"=BA106,BA106="")),AND("C_07"=AZ106,OR("04"=BA106,BA106="")),AND("C_08"=AZ106,NOT("03"=BA106)),AND("C_09"=AZ106,NOT("03"=BA106)),AND("C_10"=AZ106,NOT("04"=BA106)),AND("C_11"=AZ106,NOT("04"=BA106)),AND("C_12"=AZ106,NOT("04"=BA106)),AND("C_13"=AZ106,NOT("04"=BA106)),AND("C_14"=AZ106,NOT("04"=BA106))),"02,","") & IF(AND(OR(ISNUMBER(SEARCH("11",BB106)),ISNUMBER(SEARCH("12",BB106))),NOT("01"=BA106)),"03,","") & IF(AND(ISNUMBER(SEARCH("13",BB106)),NOT("02"=BA106)),"04,","") | BE106: =IF(ISNUMBER(SEARCH("01",AX106)),O106,"") | BF106: =IF(ISNUMBER(SEARCH("02",AX106)),O106,"") | BG106: =IF(ISNUMBER(SEARCH("03",AX106)),O106,"") | BH106: =IF(ISNUMBER(SEARCH("04",AX106)),O106,"") | BI106: =IF(ISNUMBER(SEARCH("05",AX106)),O106,"") | BJ106: =IF(ISNUMBER(SEARCH("06",AX106)),O106,"") | BK106: =IF(ISNUMBER(SEARCH("07",AX106)),O106,"") | BL106: =IF(ISNUMBER(SEARCH("08",AX106)),O106,"") | BM106: =IF(ISNUMBER(SEARCH("09",AX106)),O106,"") | BN106: =IF(ISNUMBER(SEARCH("10",AX106)),O106,"") | BO106: =IF(BF106="",0,BF106) -> 0 | BP106: =IF(BI106="",0,BI106-BQ106-BO106) -> 0 | BQ106: =IF(BJ106="",0,BJ106-BO106) -> 0 | BR106: =IF(BK106="",0,BK106-BS106-BP106-BQ106-BO106) -> 0 | BS106: =IF(BK106="",0,BK106-BP106-BQ106-BO106) -> 0 | BT106: =IF(BL106="",0,BL106-BR106-BS106-BP106-BQ106-BO106) -> 0 | BU106: =IF(AZ106="D_01",O106,"") | BV106: =IF(AZ106="D_01b",O106,"") | BW106: =IF(AZ106="D_02",O106,"") | BX106: =IF(AZ106="D_03",O106,"") | BY106: =IF(AND(OR(AZ106="D_04",AZ106="D_06"),BA106="01"),O106,"") | BZ106: =IF(AND(OR(AZ106="D_05",AZ106="D_07"),BA106="01"),O106,"") | CA106: =IF(AND(AZ106="D_06",BA106="02"),O106,"") | CB106: =IF(AND(AZ106="D_07",BA106="02"),O106,"") | CC106: =IF(AND(OR(AZ106="D_06",AZ106="D_08"),BA106="03"),O106,"") | CD106: =IF(AND(OR(AZ106="D_07",AZ106="D_09"),BA106="03"),O106,"") | CE106: =IF(AZ106="D_10",O106,"") | CF106: =IF(AZ106="D_11",O106,"") | CG106: =IF(AZ106="D_12",O106,"") | CH106: =IF(AZ106="D_13",O106,"") | CI106: =IF(AZ106="D_14",O106,"") | CJ106: =IF(AZ106="D_15",O106,"") | CK106: =IF(AND(AZ106="D_16",OR(ISNUMBER(SEARCH("34",BB106)),ISNUMBER(SEARCH("35",BB106)),ISNUMBER(SEARCH("38",BB106)),ISNUMBER(SEARCH("40",BB106)),ISNUMBER(SEARCH("41",BB106)),ISNUMBER(SEARCH("42",BB106)),ISNUMBER(SEARCH("43",BB106)),ISNUMBER(SEARCH("46",BB106)),ISNUMBER(SEARCH("47",BB106)),ISNUMBER(SEARCH("48",BB106)),ISNUMBER(SEARCH("53",BB106)),ISNUMBER(SEARCH("55",BB106)),ISNUMBER(SEARCH("58",BB106)))),O106-IF(ISNUMBER(CL106),CL106,0),"") | CL106: =IF(AND(AZ106="D_16",OR(ISNUMBER(SEARCH("01",BB106)),ISNUMBER(SEARCH("02",BB106)),ISNUMBER(SEARCH("03",BB106)),ISNUMBER(SEARCH("04",BB106)),ISNUMBER(SEARCH("05",BB106)),ISNUMBER(SEARCH("06",BB106)),ISNUMBER(SEARCH("07",BB106)),ISNUMBER(SEARCH("08",BB106)),ISNUMBER(SEARCH("09",BB106)),ISNUMBER(SEARCH("10",BB106)),ISNUMBER(SEARCH("11",BB106)),ISNUMBER(SEARCH("12",BB106)),ISNUMBER(SEARCH("13",BB106)),ISNUMBER(SEARCH("14",BB106)),ISNUMBER(SEARCH("15",BB106)),ISNUMBER(SEARCH("16",BB106)),ISNUMBER(SEARCH("17",BB106)),ISNUMBER(SEARCH("18",BB106)),ISNUMBER(SEARCH("19",BB106)),ISNUMBER(SEARCH("20",BB106)),ISNUMBER(SEARCH("21",BB106)),ISNUMBER(SEARCH("22",BB106)),ISNUMBER(SEARCH("23",BB106)),ISNUMBER(SEARCH("24",BB106)),ISNUMBER(SEARCH("25",BB106)),ISNUMBER(SEARCH("26",BB106)),ISNUMBER(SEARCH("27",BB106)),ISNUMBER(SEARCH("28",BB106)),ISNUMBER(SEARCH("29",BB106)),ISNUMBER(SEARCH("30",BB106)),ISNUMBER(SEARCH("31",BB106)),ISNUMBER(SEARCH("32",BB106)),ISNUMBER(SEARCH("33",BB106)),ISNUMBER(SEARCH("36",BB106)),ISNUMBER(SEARCH("37",BB106)),ISNUMBER(SEARCH("39",BB106)),ISNUMBER(SEARCH("44",BB106)),ISNUMBER(SEARCH("45",BB106)),ISNUMBER(SEARCH("49",BB106)),ISNUMBER(SEARCH("50",BB106)),ISNUMBER(SEARCH("51",BB106)),ISNUMBER(SEARCH("52",BB106)),ISNUMBER(SEARCH("54",BB106)),ISNUMBER(SEARCH("56",BB106)),ISNUMBER(SEARCH("57",BB106)),ISNUMBER(SEARCH("59",BB106)),ISNUMBER(SEARCH("60",BB106)),ISNUMBER(SEARCH("61",BB106)),ISNUMBER(SEARCH("62",BB106)),ISNUMBER(SEARCH("63",BB106)),ISNUMBER(SEARCH("64",BB106)),ISNUMBER(SEARCH("65",BB106)),ISNUMBER(SEARCH("66",BB106)))),O106,"") | CM106: =IF(OR(ISNUMBER(SEARCH("44",BB106)),ISNUMBER(SEARCH("45",BB106)),ISNUMBER(SEARCH("46",BB106)),ISNUMBER(SEARCH("47",BB106)),ISNUMBER(SEARCH("50",BB106)),ISNUMBER(SEARCH("51",BB106)),ISNUMBER(SEARCH("52",BB106)),ISNUMBER(SEARCH("53",BB106)),ISNUMBER(SEARCH("54",BB106)),ISNUMBER(SEARCH("55",BB106)),ISNUMBER(SEARCH("56",BB106)),ISNUMBER(SEARCH("57",BB106)),ISNUMBER(SEARCH("59",BB106))),B106 & ",","") | CR106: =IF(OR(AZ106="D_15", CM106<>"",CN106<>"",CO106<>"",CP106<>""), "YES", "NO") -> NO | CS106: =IF(ISNUMBER(SEARCH("01",AX106)),B106 & ",","") | CT106: =IF(ISNUMBER(SEARCH("02",AX106)),B106 & ",","") | CU106: =IF(ISNUMBER(SEARCH("03",AX106)),B106 & ",","") | CV106: =IF(ISNUMBER(SEARCH("04",AX106)),B106 & ",","") | CW106: =IF(ISNUMBER(SEARCH("05",AX106)),B106 & ",","") | CX106: =IF(ISNUMBER(SEARCH("06",AX106)),B106 & ",","") | CY106: =IF(ISNUMBER(SEARCH("07",AX106)),B106 & ",","") | CZ106: =IF(ISNUMBER(SEARCH("08",AX106)),B106 & ",","") | DA106: =IF(ISNUMBER(SEARCH("09",AX106)),B106 & ",","") | DB106: =IF(ISNUMBER(SEARCH("10",AX106)),B106 & ",","") | DC106: =IF(ISNUMBER(SEARCH("01",BC106)),B106 & ",","") | DD106: =IF(ISNUMBER(SEARCH("02",BC106)),B106 & ",","") | DE106: =IF(ISNUMBER(SEARCH("03",BC106)),B106 & ",","") | DF106: =IF(ISNUMBER(SEARCH("04",BC106)),B106 & ",","")
B107: 102 | P107: =IF(ISBLANK(M107),"",VLOOKUP(M107,ComboValue!$E$2:$I$18,5,FALSE)) | R107: {=IF(OR(ISNUMBER(SEARCH("GHS05",$D107:$L107)),ISNUMBER(SEARCH("GHS06",$D107:$L107)),ISNUMBER(SEARCH("GHS07",$D107:$L107)),ISNUMBER(SEARCH("GHS08",$D107:$L107)),ISNUMBER(SEARCH("geen pictogram",$D107:$L107)),ISNUMBER(SEARCH("GHS09",$D107:$L107)),ISNUMBER(SEARCH("GHS05",$D107:$L107))),"JA","NEE")} -> NEE | AX107: =IF(ISBLANK(D107),"",VLOOKUP(D107,ComboValue!$B$2:$C$11,2,FALSE) & ",") & IF(ISBLANK(E107),"",VLOOKUP(E107,ComboValue!$B$2:$C$11,2,FALSE) & ",") & IF(ISBLANK(F107),"",VLOOKUP(F107,ComboValue!$B$2:$C$11,2,FALSE) & ",") & IF(ISBLANK(G107),"",VLOOKUP(G107,ComboValue!$B$2:$C$11,2,FALSE) & ",") & IF(ISBLANK(H107),"",VLOOKUP(H107,ComboValue!$B$2:$C$11,2,FALSE) & ",") & IF(ISBLANK(I107),"",VLOOKUP(I107,ComboValue!$B$2:$C$11,2,FALSE) & ",") & IF(ISBLANK(J107),"",VLOOKUP(J107,ComboValue!$B$2:$C$11,2,FALSE) & ",") & IF(ISBLANK(K107),"",VLOOKUP(K107,ComboValue!$B$2:$C$11,2,FALSE) & ",") & IF(ISBLANK(L107),"",VLOOKUP(L107,ComboValue!$B$2:$C$11,2,FALSE) & ",") | AY107: =IF(ISNUMBER(SEARCH("04",AX107)),"Gaz_Nl","Tous_NL") -> Tous_NL | AZ107: =IF(ISBLANK(M107),"",VLOOKUP(M107,ComboValue!$E$2:$G$18,3,FALSE)) | BA107: =IF(ISBLANK(N107),"",VLOOKUP(N107,ComboValue!$K$2:$L$5,2,FALSE)) | BB107: =IF(ISBLANK(S107),"",VLOOKUP(S107,ComboValue!$N$2:$O$70,2,FALSE) & ",") & IF(ISBLANK(T107),"",VLOOKUP(T107,ComboValue!$N$2:$O$70,2,FALSE) & ",") & IF(ISBLANK(U107),"",VLOOKUP(U107,ComboValue!$N$2:$O$70,2,FALSE) & ",") & IF(ISBLANK(V107),"",VLOOKUP(V107,ComboValue!$N$2:$O$70,2,FALSE) & ",") & IF(ISBLANK(W107),"",VLOOKUP(W107,ComboValue!$N$2:$O$70,2,FALSE) & ",") & IF(ISBLANK(X107),"",VLOOKUP(X107,ComboValue!$N$2:$O$70,2,FALSE) & ",") & IF(ISBLANK(Y107),"",VLOOKUP(Y107,ComboValue!$N$2:$O$70,2,FALSE) & ",") & IF(ISBLANK(Z107),"",VLOOKUP(Z107,ComboValue!$N$2:$O$70,2,FALSE) & ",") & IF(ISBLANK(AA107),"",VLOOKUP(AA107,ComboValue!$N$2:$O$70,2,FALSE) & ",") & IF(ISBLANK(AB107),"",VLOOKUP(AB107,ComboValue!$N$2:$O$70,2,FALSE) & ",") & IF(ISBLANK(AC107),"",VLOOKUP(AC107,ComboValue!$N$2:$O$70,2,FALSE) & ",") & IF(ISBLANK(AD107),"",VLOOKUP(AD107,ComboValue!$N$2:$O$70,2,FALSE) & ",") & IF(ISBLANK(AE107),"",VLOOKUP(AE107,ComboValue!$N$2:$O$70,2,FALSE) & ",") & IF(ISBLANK(AF107),"",VLOOKUP(AF107,ComboValue!$N$2:$O$70,2,FALSE) & ",") & IF(ISBLANK(AG107),"",VLOOKUP(AG107,ComboValue!$N$2:$O$70,2,FALSE) & ",") & IF(ISBLANK(AH107),"",VLOOKUP(AH107,ComboValue!$N$2:$O$70,2,FALSE) & ",") & IF(ISBLANK(AI107),"",VLOOKUP(AI107,ComboValue!$N$2:$O$70,2,FALSE) & ",") & IF(ISBLANK(AJ107),"",VLOOKUP(AJ107,ComboValue!$N$2:$O$70,2,FALSE) & ",") & IF(ISBLANK(AK107),"",VLOOKUP(AK107,ComboValue!$N$2:$O$70,2,FALSE) & ",") & IF(ISBLANK(AL107),"",VLOOKUP(AL107,ComboValue!$N$2:$O$70,2,FALSE) & ",") & IF(ISBLANK(AM107),"",VLOOKUP(AM107,ComboValue!$N$2:$O$70,2,FALSE) & ",") & IF(ISBLANK(AN107),"",VLOOKUP(AN107,ComboValue!$N$2:$O$70,2,FALSE) & ",") & IF(ISBLANK(AO107),"",VLOOKUP(AO107,ComboValue!$N$2:$O$70,2,FALSE) & ",") & IF(ISBLANK(AP107),"",VLOOKUP(AP107,ComboValue!$N$2:$O$70,2,FALSE) & ",") & IF(ISBLANK(AQ107),"",VLOOKUP(AQ107,ComboValue!$N$2:$O$70,2,FALSE) & ",") & IF(ISBLANK(AR107),"",VLOOKUP(AR107,ComboValue!$N$2:$O$70,2,FALSE) & ",") & IF(ISBLANK(AS107),"",VLOOKUP(AS107,ComboValue!$N$2:$O$70,2,FALSE) & ",") & IF(ISBLANK(AT107),"",VLOOKUP(AT107,ComboValue!$N$2:$O$70,2,FALSE) & ",") & IF(ISBLANK(AU107),"",VLOOKUP(AU107,ComboValue!$N$2:$O$70,2,FALSE) & ",") & IF(ISBLANK(AV107),"",VLOOKUP(AV107,ComboValue!$N$2:$O$70,2,FALSE) & ",") | BC107: =IF(AND(ISNUMBER(SEARCH("04",AX107)),NOT(OR("C_01"=AZ107,"C_01b"=AZ107,"C_02"=AZ107,"C_03"=AZ107))),"01,","") & IF(OR(AND("C_01"=AZ107,NOT("04"=BA107)),AND("C_02"=AZ107,NOT("04"=BA107)),AND("C_03"=AZ107,NOT("04"=BA107)),AND("C_04"=AZ107,NOT("01"=BA107)),AND("C_05"=AZ107,NOT("01"=BA107)),AND("C_06"=AZ107,OR("04"=BA107,BA107="")),AND("C_07"=AZ107,OR("04"=BA107,BA107="")),AND("C_08"=AZ107,NOT("03"=BA107)),AND("C_09"=AZ107,NOT("03"=BA107)),AND("C_10"=AZ107,NOT("04"=BA107)),AND("C_11"=AZ107,NOT("04"=BA107)),AND("C_12"=AZ107,NOT("04"=BA107)),AND("C_13"=AZ107,NOT("04"=BA107)),AND("C_14"=AZ107,NOT("04"=BA107))),"02,","") & IF(AND(OR(ISNUMBER(SEARCH("11",BB107)),ISNUMBER(SEARCH("12",BB107))),NOT("01"=BA107)),"03,","") & IF(AND(ISNUMBER(SEARCH("13",BB107)),NOT("02"=BA107)),"04,","") | BE107: =IF(ISNUMBER(SEARCH("01",AX107)),O107,"") | BF107: =IF(ISNUMBER(SEARCH("02",AX107)),O107,"") | BG107: =IF(ISNUMBER(SEARCH("03",AX107)),O107,"") | BH107: =IF(ISNUMBER(SEARCH("04",AX107)),O107,"") | BI107: =IF(ISNUMBER(SEARCH("05",AX107)),O107,"") | BJ107: =IF(ISNUMBER(SEARCH("06",AX107)),O107,"") | BK107: =IF(ISNUMBER(SEARCH("07",AX107)),O107,"") | BL107: =IF(ISNUMBER(SEARCH("08",AX107)),O107,"") | BM107: =IF(ISNUMBER(SEARCH("09",AX107)),O107,"") | BN107: =IF(ISNUMBER(SEARCH("10",AX107)),O107,"") | BO107: =IF(BF107="",0,BF107) -> 0 | BP107: =IF(BI107="",0,BI107-BQ107-BO107) -> 0 | BQ107: =IF(BJ107="",0,BJ107-BO107) -> 0 | BR107: =IF(BK107="",0,BK107-BS107-BP107-BQ107-BO107) -> 0 | BS107: =IF(BK107="",0,BK107-BP107-BQ107-BO107) -> 0 | BT107: =IF(BL107="",0,BL107-BR107-BS107-BP107-BQ107-BO107) -> 0 | BU107: =IF(AZ107="D_01",O107,"") | BV107: =IF(AZ107="D_01b",O107,"") | BW107: =IF(AZ107="D_02",O107,"") | BX107: =IF(AZ107="D_03",O107,"") | BY107: =IF(AND(OR(AZ107="D_04",AZ107="D_06"),BA107="01"),O107,"") | BZ107: =IF(AND(OR(AZ107="D_05",AZ107="D_07"),BA107="01"),O107,"") | CA107: =IF(AND(AZ107="D_06",BA107="02"),O107,"") | CB107: =IF(AND(AZ107="D_07",BA107="02"),O107,"") | CC107: =IF(AND(OR(AZ107="D_06",AZ107="D_08"),BA107="03"),O107,"") | CD107: =IF(AND(OR(AZ107="D_07",AZ107="D_09"),BA107="03"),O107,"") | CE107: =IF(AZ107="D_10",O107,"") | CF107: =IF(AZ107="D_11",O107,"") | CG107: =IF(AZ107="D_12",O107,"") | CH107: =IF(AZ107="D_13",O107,"") | CI107: =IF(AZ107="D_14",O107,"") | CJ107: =IF(AZ107="D_15",O107,"") | CK107: =IF(AND(AZ107="D_16",OR(ISNUMBER(SEARCH("34",BB107)),ISNUMBER(SEARCH("35",BB107)),ISNUMBER(SEARCH("38",BB107)),ISNUMBER(SEARCH("40",BB107)),ISNUMBER(SEARCH("41",BB107)),ISNUMBER(SEARCH("42",BB107)),ISNUMBER(SEARCH("43",BB107)),ISNUMBER(SEARCH("46",BB107)),ISNUMBER(SEARCH("47",BB107)),ISNUMBER(SEARCH("48",BB107)),ISNUMBER(SEARCH("53",BB107)),ISNUMBER(SEARCH("55",BB107)),ISNUMBER(SEARCH("58",BB107)))),O107-IF(ISNUMBER(CL107),CL107,0),"") | CL107: =IF(AND(AZ107="D_16",OR(ISNUMBER(SEARCH("01",BB107)),ISNUMBER(SEARCH("02",BB107)),ISNUMBER(SEARCH("03",BB107)),ISNUMBER(SEARCH("04",BB107)),ISNUMBER(SEARCH("05",BB107)),ISNUMBER(SEARCH("06",BB107)),ISNUMBER(SEARCH("07",BB107)),ISNUMBER(SEARCH("08",BB107)),ISNUMBER(SEARCH("09",BB107)),ISNUMBER(SEARCH("10",BB107)),ISNUMBER(SEARCH("11",BB107)),ISNUMBER(SEARCH("12",BB107)),ISNUMBER(SEARCH("13",BB107)),ISNUMBER(SEARCH("14",BB107)),ISNUMBER(SEARCH("15",BB107)),ISNUMBER(SEARCH("16",BB107)),ISNUMBER(SEARCH("17",BB107)),ISNUMBER(SEARCH("18",BB107)),ISNUMBER(SEARCH("19",BB107)),ISNUMBER(SEARCH("20",BB107)),ISNUMBER(SEARCH("21",BB107)),ISNUMBER(SEARCH("22",BB107)),ISNUMBER(SEARCH("23",BB107)),ISNUMBER(SEARCH("24",BB107)),ISNUMBER(SEARCH("25",BB107)),ISNUMBER(SEARCH("26",BB107)),ISNUMBER(SEARCH("27",BB107)),ISNUMBER(SEARCH("28",BB107)),ISNUMBER(SEARCH("29",BB107)),ISNUMBER(SEARCH("30",BB107)),ISNUMBER(SEARCH("31",BB107)),ISNUMBER(SEARCH("32",BB107)),ISNUMBER(SEARCH("33",BB107)),ISNUMBER(SEARCH("36",BB107)),ISNUMBER(SEARCH("37",BB107)),ISNUMBER(SEARCH("39",BB107)),ISNUMBER(SEARCH("44",BB107)),ISNUMBER(SEARCH("45",BB107)),ISNUMBER(SEARCH("49",BB107)),ISNUMBER(SEARCH("50",BB107)),ISNUMBER(SEARCH("51",BB107)),ISNUMBER(SEARCH("52",BB107)),ISNUMBER(SEARCH("54",BB107)),ISNUMBER(SEARCH("56",BB107)),ISNUMBER(SEARCH("57",BB107)),ISNUMBER(SEARCH("59",BB107)),ISNUMBER(SEARCH("60",BB107)),ISNUMBER(SEARCH("61",BB107)),ISNUMBER(SEARCH("62",BB107)),ISNUMBER(SEARCH("63",BB107)),ISNUMBER(SEARCH("64",BB107)),ISNUMBER(SEARCH("65",BB107)),ISNUMBER(SEARCH("66",BB107)))),O107,"") | CM107: =IF(OR(ISNUMBER(SEARCH("44",BB107)),ISNUMBER(SEARCH("45",BB107)),ISNUMBER(SEARCH("46",BB107)),ISNUMBER(SEARCH("47",BB107)),ISNUMBER(SEARCH("50",BB107)),ISNUMBER(SEARCH("51",BB107)),ISNUMBER(SEARCH("52",BB107)),ISNUMBER(SEARCH("53",BB107)),ISNUMBER(SEARCH("54",BB107)),ISNUMBER(SEARCH("55",BB107)),ISNUMBER(SEARCH("56",BB107)),ISNUMBER(SEARCH("57",BB107)),ISNUMBER(SEARCH("59",BB107))),B107 & ",","") | CR107: =IF(OR(AZ107="D_15", CM107<>"",CN107<>"",CO107<>"",CP107<>""), "YES", "NO") -> NO | CS107: =IF(ISNUMBER(SEARCH("01",AX107)),B107 & ",","") | CT107: =IF(ISNUMBER(SEARCH("02",AX107)),B107 & ",","") | CU107: =IF(ISNUMBER(SEARCH("03",AX107)),B107 & ",","") | CV107: =IF(ISNUMBER(SEARCH("04",AX107)),B107 & ",","") | CW107: =IF(ISNUMBER(SEARCH("05",AX107)),B107 & ",","") | CX107: =IF(ISNUMBER(SEARCH("06",AX107)),B107 & ",","") | CY107: =IF(ISNUMBER(SEARCH("07",AX107)),B107 & ",","") | CZ107: =IF(ISNUMBER(SEARCH("08",AX107)),B107 & ",","") | DA107: =IF(ISNUMBER(SEARCH("09",AX107)),B107 & ",","") | DB107: =IF(ISNUMBER(SEARCH("10",AX107)),B107 & ",","") | DC107: =IF(ISNUMBER(SEARCH("01",BC107)),B107 & ",","") | DD107: =IF(ISNUMBER(SEARCH("02",BC107)),B107 & ",","") | DE107: =IF(ISNUMBER(SEARCH("03",BC107)),B107 & ",","") | DF107: =IF(ISNUMBER(SEARCH("04",BC107)),B107 & ",","")
B108: 103 | P108: =IF(ISBLANK(M108),"",VLOOKUP(M108,ComboValue!$E$2:$I$18,5,FALSE)) | R108: {=IF(OR(ISNUMBER(SEARCH("GHS05",$D108:$L108)),ISNUMBER(SEARCH("GHS06",$D108:$L108)),ISNUMBER(SEARCH("GHS07",$D108:$L108)),ISNUMBER(SEARCH("GHS08",$D108:$L108)),ISNUMBER(SEARCH("geen pictogram",$D108:$L108)),ISNUMBER(SEARCH("GHS09",$D108:$L108)),ISNUMBER(SEARCH("GHS05",$D108:$L108))),"JA","NEE")} -> NEE | AX108: =IF(ISBLANK(D108),"",VLOOKUP(D108,ComboValue!$B$2:$C$11,2,FALSE) & ",") & IF(ISBLANK(E108),"",VLOOKUP(E108,ComboValue!$B$2:$C$11,2,FALSE) & ",") & IF(ISBLANK(F108),"",VLOOKUP(F108,ComboValue!$B$2:$C$11,2,FALSE) & ",") & IF(ISBLANK(G108),"",VLOOKUP(G108,ComboValue!$B$2:$C$11,2,FALSE) & ",") & IF(ISBLANK(H108),"",VLOOKUP(H108,ComboValue!$B$2:$C$11,2,FALSE) & ",") & IF(ISBLANK(I108),"",VLOOKUP(I108,ComboValue!$B$2:$C$11,2,FALSE) & ",") & IF(ISBLANK(J108),"",VLOOKUP(J108,ComboValue!$B$2:$C$11,2,FALSE) & ",") & IF(ISBLANK(K108),"",VLOOKUP(K108,ComboValue!$B$2:$C$11,2,FALSE) & ",") & IF(ISBLANK(L108),"",VLOOKUP(L108,ComboValue!$B$2:$C$11,2,FALSE) & ",") | AY108: =IF(ISNUMBER(SEARCH("04",AX108)),"Gaz_Nl","Tous_NL") -> Tous_NL | AZ108: =IF(ISBLANK(M108),"",VLOOKUP(M108,ComboValue!$E$2:$G$18,3,FALSE)) | BA108: =IF(ISBLANK(N108),"",VLOOKUP(N108,ComboValue!$K$2:$L$5,2,FALSE)) | BB108: =IF(ISBLANK(S108),"",VLOOKUP(S108,ComboValue!$N$2:$O$70,2,FALSE) & ",") & IF(ISBLANK(T108),"",VLOOKUP(T108,ComboValue!$N$2:$O$70,2,FALSE) & ",") & IF(ISBLANK(U108),"",VLOOKUP(U108,ComboValue!$N$2:$O$70,2,FALSE) & ",") & IF(ISBLANK(V108),"",VLOOKUP(V108,ComboValue!$N$2:$O$70,2,FALSE) & ",") & IF(ISBLANK(W108),"",VLOOKUP(W108,ComboValue!$N$2:$O$70,2,FALSE) & ",") & IF(ISBLANK(X108),"",VLOOKUP(X108,ComboValue!$N$2:$O$70,2,FALSE) & ",") & IF(ISBLANK(Y108),"",VLOOKUP(Y108,ComboValue!$N$2:$O$70,2,FALSE) & ",") & IF(ISBLANK(Z108),"",VLOOKUP(Z108,ComboValue!$N$2:$O$70,2,FALSE) & ",") & IF(ISBLANK(AA108),"",VLOOKUP(AA108,ComboValue!$N$2:$O$70,2,FALSE) & ",") & IF(ISBLANK(AB108),"",VLOOKUP(AB108,ComboValue!$N$2:$O$70,2,FALSE) & ",") & IF(ISBLANK(AC108),"",VLOOKUP(AC108,ComboValue!$N$2:$O$70,2,FALSE) & ",") & IF(ISBLANK(AD108),"",VLOOKUP(AD108,ComboValue!$N$2:$O$70,2,FALSE) & ",") & IF(ISBLANK(AE108),"",VLOOKUP(AE108,ComboValue!$N$2:$O$70,2,FALSE) & ",") & IF(ISBLANK(AF108),"",VLOOKUP(AF108,ComboValue!$N$2:$O$70,2,FALSE) & ",") & IF(ISBLANK(AG108),"",VLOOKUP(AG108,ComboValue!$N$2:$O$70,2,FALSE) & ",") & IF(ISBLANK(AH108),"",VLOOKUP(AH108,ComboValue!$N$2:$O$70,2,FALSE) & ",") & IF(ISBLANK(AI108),"",VLOOKUP(AI108,ComboValue!$N$2:$O$70,2,FALSE) & ",") & IF(ISBLANK(AJ108),"",VLOOKUP(AJ108,ComboValue!$N$2:$O$70,2,FALSE) & ",") & IF(ISBLANK(AK108),"",VLOOKUP(AK108,ComboValue!$N$2:$O$70,2,FALSE) & ",") & IF(ISBLANK(AL108),"",VLOOKUP(AL108,ComboValue!$N$2:$O$70,2,FALSE) & ",") & IF(ISBLANK(AM108),"",VLOOKUP(AM108,ComboValue!$N$2:$O$70,2,FALSE) & ",") & IF(ISBLANK(AN108),"",VLOOKUP(AN108,ComboValue!$N$2:$O$70,2,FALSE) & ",") & IF(ISBLANK(AO108),"",VLOOKUP(AO108,ComboValue!$N$2:$O$70,2,FALSE) & ",") & IF(ISBLANK(AP108),"",VLOOKUP(AP108,ComboValue!$N$2:$O$70,2,FALSE) & ",") & IF(ISBLANK(AQ108),"",VLOOKUP(AQ108,ComboValue!$N$2:$O$70,2,FALSE) & ",") & IF(ISBLANK(AR108),"",VLOOKUP(AR108,ComboValue!$N$2:$O$70,2,FALSE) & ",") & IF(ISBLANK(AS108),"",VLOOKUP(AS108,ComboValue!$N$2:$O$70,2,FALSE) & ",") & IF(ISBLANK(AT108),"",VLOOKUP(AT108,ComboValue!$N$2:$O$70,2,FALSE) & ",") & IF(ISBLANK(AU108),"",VLOOKUP(AU108,ComboValue!$N$2:$O$70,2,FALSE) & ",") & IF(ISBLANK(AV108),"",VLOOKUP(AV108,ComboValue!$N$2:$O$70,2,FALSE) & ",") | BC108: =IF(AND(ISNUMBER(SEARCH("04",AX108)),NOT(OR("C_01"=AZ108,"C_01b"=AZ108,"C_02"=AZ108,"C_03"=AZ108))),"01,","") & IF(OR(AND("C_01"=AZ108,NOT("04"=BA108)),AND("C_02"=AZ108,NOT("04"=BA108)),AND("C_03"=AZ108,NOT("04"=BA108)),AND("C_04"=AZ108,NOT("01"=BA108)),AND("C_05"=AZ108,NOT("01"=BA108)),AND("C_06"=AZ108,OR("04"=BA108,BA108="")),AND("C_07"=AZ108,OR("04"=BA108,BA108="")),AND("C_08"=AZ108,NOT("03"=BA108)),AND("C_09"=AZ108,NOT("03"=BA108)),AND("C_10"=AZ108,NOT("04"=BA108)),AND("C_11"=AZ108,NOT("04"=BA108)),AND("C_12"=AZ108,NOT("04"=BA108)),AND("C_13"=AZ108,NOT("04"=BA108)),AND("C_14"=AZ108,NOT("04"=BA108))),"02,","") & IF(AND(OR(ISNUMBER(SEARCH("11",BB108)),ISNUMBER(SEARCH("12",BB108))),NOT("01"=BA108)),"03,","") & IF(AND(ISNUMBER(SEARCH("13",BB108)),NOT("02"=BA108)),"04,","") | BE108: =IF(ISNUMBER(SEARCH("01",AX108)),O108,"") | BF108: =IF(ISNUMBER(SEARCH("02",AX108)),O108,"") | BG108: =IF(ISNUMBER(SEARCH("03",AX108)),O108,"") | BH108: =IF(ISNUMBER(SEARCH("04",AX108)),O108,"") | BI108: =IF(ISNUMBER(SEARCH("05",AX108)),O108,"") | BJ108: =IF(ISNUMBER(SEARCH("06",AX108)),O108,"") | BK108: =IF(ISNUMBER(SEARCH("07",AX108)),O108,"") | BL108: =IF(ISNUMBER(SEARCH("08",AX108)),O108,"") | BM108: =IF(ISNUMBER(SEARCH("09",AX108)),O108,"") | BN108: =IF(ISNUMBER(SEARCH("10",AX108)),O108,"") | BO108: =IF(BF108="",0,BF108) -> 0 | BP108: =IF(BI108="",0,BI108-BQ108-BO108) -> 0 | BQ108: =IF(BJ108="",0,BJ108-BO108) -> 0 | BR108: =IF(BK108="",0,BK108-BS108-BP108-BQ108-BO108) -> 0 | BS108: =IF(BK108="",0,BK108-BP108-BQ108-BO108) -> 0 | BT108: =IF(BL108="",0,BL108-BR108-BS108-BP108-BQ108-BO108) -> 0 | BU108: =IF(AZ108="D_01",O108,"") | BV108: =IF(AZ108="D_01b",O108,"") | BW108: =IF(AZ108="D_02",O108,"") | BX108: =IF(AZ108="D_03",O108,"") | BY108: =IF(AND(OR(AZ108="D_04",AZ108="D_06"),BA108="01"),O108,"") | BZ108: =IF(AND(OR(AZ108="D_05",AZ108="D_07"),BA108="01"),O108,"") | CA108: =IF(AND(AZ108="D_06",BA108="02"),O108,"") | CB108: =IF(AND(AZ108="D_07",BA108="02"),O108,"") | CC108: =IF(AND(OR(AZ108="D_06",AZ108="D_08"),BA108="03"),O108,"") | CD108: =IF(AND(OR(AZ108="D_07",AZ108="D_09"),BA108="03"),O108,"") | CE108: =IF(AZ108="D_10",O108,"") | CF108: =IF(AZ108="D_11",O108,"") | CG108: =IF(AZ108="D_12",O108,"") | CH108: =IF(AZ108="D_13",O108,"") | CI108: =IF(AZ108="D_14",O108,"") | CJ108: =IF(AZ108="D_15",O108,"") | CK108: =IF(AND(AZ108="D_16",OR(ISNUMBER(SEARCH("34",BB108)),ISNUMBER(SEARCH("35",BB108)),ISNUMBER(SEARCH("38",BB108)),ISNUMBER(SEARCH("40",BB108)),ISNUMBER(SEARCH("41",BB108)),ISNUMBER(SEARCH("42",BB108)),ISNUMBER(SEARCH("43",BB108)),ISNUMBER(SEARCH("46",BB108)),ISNUMBER(SEARCH("47",BB108)),ISNUMBER(SEARCH("48",BB108)),ISNUMBER(SEARCH("53",BB108)),ISNUMBER(SEARCH("55",BB108)),ISNUMBER(SEARCH("58",BB108)))),O108-IF(ISNUMBER(CL108),CL108,0),"") | CL108: =IF(AND(AZ108="D_16",OR(ISNUMBER(SEARCH("01",BB108)),ISNUMBER(SEARCH("02",BB108)),ISNUMBER(SEARCH("03",BB108)),ISNUMBER(SEARCH("04",BB108)),ISNUMBER(SEARCH("05",BB108)),ISNUMBER(SEARCH("06",BB108)),ISNUMBER(SEARCH("07",BB108)),ISNUMBER(SEARCH("08",BB108)),ISNUMBER(SEARCH("09",BB108)),ISNUMBER(SEARCH("10",BB108)),ISNUMBER(SEARCH("11",BB108)),ISNUMBER(SEARCH("12",BB108)),ISNUMBER(SEARCH("13",BB108)),ISNUMBER(SEARCH("14",BB108)),ISNUMBER(SEARCH("15",BB108)),ISNUMBER(SEARCH("16",BB108)),ISNUMBER(SEARCH("17",BB108)),ISNUMBER(SEARCH("18",BB108)),ISNUMBER(SEARCH("19",BB108)),ISNUMBER(SEARCH("20",BB108)),ISNUMBER(SEARCH("21",BB108)),ISNUMBER(SEARCH("22",BB108)),ISNUMBER(SEARCH("23",BB108)),ISNUMBER(SEARCH("24",BB108)),ISNUMBER(SEARCH("25",BB108)),ISNUMBER(SEARCH("26",BB108)),ISNUMBER(SEARCH("27",BB108)),ISNUMBER(SEARCH("28",BB108)),ISNUMBER(SEARCH("29",BB108)),ISNUMBER(SEARCH("30",BB108)),ISNUMBER(SEARCH("31",BB108)),ISNUMBER(SEARCH("32",BB108)),ISNUMBER(SEARCH("33",BB108)),ISNUMBER(SEARCH("36",BB108)),ISNUMBER(SEARCH("37",BB108)),ISNUMBER(SEARCH("39",BB108)),ISNUMBER(SEARCH("44",BB108)),ISNUMBER(SEARCH("45",BB108)),ISNUMBER(SEARCH("49",BB108)),ISNUMBER(SEARCH("50",BB108)),ISNUMBER(SEARCH("51",BB108)),ISNUMBER(SEARCH("52",BB108)),ISNUMBER(SEARCH("54",BB108)),ISNUMBER(SEARCH("56",BB108)),ISNUMBER(SEARCH("57",BB108)),ISNUMBER(SEARCH("59",BB108)),ISNUMBER(SEARCH("60",BB108)),ISNUMBER(SEARCH("61",BB108)),ISNUMBER(SEARCH("62",BB108)),ISNUMBER(SEARCH("63",BB108)),ISNUMBER(SEARCH("64",BB108)),ISNUMBER(SEARCH("65",BB108)),ISNUMBER(SEARCH("66",BB108)))),O108,"") | CM108: =IF(OR(ISNUMBER(SEARCH("44",BB108)),ISNUMBER(SEARCH("45",BB108)),ISNUMBER(SEARCH("46",BB108)),ISNUMBER(SEARCH("47",BB108)),ISNUMBER(SEARCH("50",BB108)),ISNUMBER(SEARCH("51",BB108)),ISNUMBER(SEARCH("52",BB108)),ISNUMBER(SEARCH("53",BB108)),ISNUMBER(SEARCH("54",BB108)),ISNUMBER(SEARCH("55",BB108)),ISNUMBER(SEARCH("56",BB108)),ISNUMBER(SEARCH("57",BB108)),ISNUMBER(SEARCH("59",BB108))),B108 & ",","") | CR108: =IF(OR(AZ108="D_15", CM108<>"",CN108<>"",CO108<>"",CP108<>""), "YES", "NO") -> NO | CS108: =IF(ISNUMBER(SEARCH("01",AX108)),B108 & ",","") | CT108: =IF(ISNUMBER(SEARCH("02",AX108)),B108 & ",","") | CU108: =IF(ISNUMBER(SEARCH("03",AX108)),B108 & ",","") | CV108: =IF(ISNUMBER(SEARCH("04",AX108)),B108 & ",","") | CW108: =IF(ISNUMBER(SEARCH("05",AX108)),B108 & ",","") | CX108: =IF(ISNUMBER(SEARCH("06",AX108)),B108 & ",","") | CY108: =IF(ISNUMBER(SEARCH("07",AX108)),B108 & ",","") | CZ108: =IF(ISNUMBER(SEARCH("08",AX108)),B108 & ",","") | DA108: =IF(ISNUMBER(SEARCH("09",AX108)),B108 & ",","") | DB108: =IF(ISNUMBER(SEARCH("10",AX108)),B108 & ",","") | DC108: =IF(ISNUMBER(SEARCH("01",BC108)),B108 & ",","") | DD108: =IF(ISNUMBER(SEARCH("02",BC108)),B108 & ",","") | DE108: =IF(ISNUMBER(SEARCH("03",BC108)),B108 & ",","") | DF108: =IF(ISNUMBER(SEARCH("04",BC108)),B108 & ",","")
B109: 104 | P109: =IF(ISBLANK(M109),"",VLOOKUP(M109,ComboValue!$E$2:$I$18,5,FALSE)) | R109: {=IF(OR(ISNUMBER(SEARCH("GHS05",$D109:$L109)),ISNUMBER(SEARCH("GHS06",$D109:$L109)),ISNUMBER(SEARCH("GHS07",$D109:$L109)),ISNUMBER(SEARCH("GHS08",$D109:$L109)),ISNUMBER(SEARCH("geen pictogram",$D109:$L109)),ISNUMBER(SEARCH("GHS09",$D109:$L109)),ISNUMBER(SEARCH("GHS05",$D109:$L109))),"JA","NEE")} -> NEE | AX109: =IF(ISBLANK(D109),"",VLOOKUP(D109,ComboValue!$B$2:$C$11,2,FALSE) & ",") & IF(ISBLANK(E109),"",VLOOKUP(E109,ComboValue!$B$2:$C$11,2,FALSE) & ",") & IF(ISBLANK(F109),"",VLOOKUP(F109,ComboValue!$B$2:$C$11,2,FALSE) & ",") & IF(ISBLANK(G109),"",VLOOKUP(G109,ComboValue!$B$2:$C$11,2,FALSE) & ",") & IF(ISBLANK(H109),"",VLOOKUP(H109,ComboValue!$B$2:$C$11,2,FALSE) & ",") & IF(ISBLANK(I109),"",VLOOKUP(I109,ComboValue!$B$2:$C$11,2,FALSE) & ",") & IF(ISBLANK(J109),"",VLOOKUP(J109,ComboValue!$B$2:$C$11,2,FALSE) & ",") & IF(ISBLANK(K109),"",VLOOKUP(K109,ComboValue!$B$2:$C$11,2,FALSE) & ",") & IF(ISBLANK(L109),"",VLOOKUP(L109,ComboValue!$B$2:$C$11,2,FALSE) & ",") | AY109: =IF(ISNUMBER(SEARCH("04",AX109)),"Gaz_Nl","Tous_NL") -> Tous_NL | AZ109: =IF(ISBLANK(M109),"",VLOOKUP(M109,ComboValue!$E$2:$G$18,3,FALSE)) | BA109: =IF(ISBLANK(N109),"",VLOOKUP(N109,ComboValue!$K$2:$L$5,2,FALSE)) | BB109: =IF(ISBLANK(S109),"",VLOOKUP(S109,ComboValue!$N$2:$O$70,2,FALSE) & ",") & IF(ISBLANK(T109),"",VLOOKUP(T109,ComboValue!$N$2:$O$70,2,FALSE) & ",") & IF(ISBLANK(U109),"",VLOOKUP(U109,ComboValue!$N$2:$O$70,2,FALSE) & ",") & IF(ISBLANK(V109),"",VLOOKUP(V109,ComboValue!$N$2:$O$70,2,FALSE) & ",") & IF(ISBLANK(W109),"",VLOOKUP(W109,ComboValue!$N$2:$O$70,2,FALSE) & ",") & IF(ISBLANK(X109),"",VLOOKUP(X109,ComboValue!$N$2:$O$70,2,FALSE) & ",") & IF(ISBLANK(Y109),"",VLOOKUP(Y109,ComboValue!$N$2:$O$70,2,FALSE) & ",") & IF(ISBLANK(Z109),"",VLOOKUP(Z109,ComboValue!$N$2:$O$70,2,FALSE) & ",") & IF(ISBLANK(AA109),"",VLOOKUP(AA109,ComboValue!$N$2:$O$70,2,FALSE) & ",") & IF(ISBLANK(AB109),"",VLOOKUP(AB109,ComboValue!$N$2:$O$70,2,FALSE) & ",") & IF(ISBLANK(AC109),"",VLOOKUP(AC109,ComboValue!$N$2:$O$70,2,FALSE) & ",") & IF(ISBLANK(AD109),"",VLOOKUP(AD109,ComboValue!$N$2:$O$70,2,FALSE) & ",") & IF(ISBLANK(AE109),"",VLOOKUP(AE109,ComboValue!$N$2:$O$70,2,FALSE) & ",") & IF(ISBLANK(AF109),"",VLOOKUP(AF109,ComboValue!$N$2:$O$70,2,FALSE) & ",") & IF(ISBLANK(AG109),"",VLOOKUP(AG109,ComboValue!$N$2:$O$70,2,FALSE) & ",") & IF(ISBLANK(AH109),"",VLOOKUP(AH109,ComboValue!$N$2:$O$70,2,FALSE) & ",") & IF(ISBLANK(AI109),"",VLOOKUP(AI109,ComboValue!$N$2:$O$70,2,FALSE) & ",") & IF(ISBLANK(AJ109),"",VLOOKUP(AJ109,ComboValue!$N$2:$O$70,2,FALSE) & ",") & IF(ISBLANK(AK109),"",VLOOKUP(AK109,ComboValue!$N$2:$O$70,2,FALSE) & ",") & IF(ISBLANK(AL109),"",VLOOKUP(AL109,ComboValue!$N$2:$O$70,2,FALSE) & ",") & IF(ISBLANK(AM109),"",VLOOKUP(AM109,ComboValue!$N$2:$O$70,2,FALSE) & ",") & IF(ISBLANK(AN109),"",VLOOKUP(AN109,ComboValue!$N$2:$O$70,2,FALSE) & ",") & IF(ISBLANK(AO109),"",VLOOKUP(AO109,ComboValue!$N$2:$O$70,2,FALSE) & ",") & IF(ISBLANK(AP109),"",VLOOKUP(AP109,ComboValue!$N$2:$O$70,2,FALSE) & ",") & IF(ISBLANK(AQ109),"",VLOOKUP(AQ109,ComboValue!$N$2:$O$70,2,FALSE) & ",") & IF(ISBLANK(AR109),"",VLOOKUP(AR109,ComboValue!$N$2:$O$70,2,FALSE) & ",") & IF(ISBLANK(AS109),"",VLOOKUP(AS109,ComboValue!$N$2:$O$70,2,FALSE) & ",") & IF(ISBLANK(AT109),"",VLOOKUP(AT109,ComboValue!$N$2:$O$70,2,FALSE) & ",") & IF(ISBLANK(AU109),"",VLOOKUP(AU109,ComboValue!$N$2:$O$70,2,FALSE) & ",") & IF(ISBLANK(AV109),"",VLOOKUP(AV109,ComboValue!$N$2:$O$70,2,FALSE) & ",") | BC109: =IF(AND(ISNUMBER(SEARCH("04",AX109)),NOT(OR("C_01"=AZ109,"C_01b"=AZ109,"C_02"=AZ109,"C_03"=AZ109))),"01,","") & IF(OR(AND("C_01"=AZ109,NOT("04"=BA109)),AND("C_02"=AZ109,NOT("04"=BA109)),AND("C_03"=AZ109,NOT("04"=BA109)),AND("C_04"=AZ109,NOT("01"=BA109)),AND("C_05"=AZ109,NOT("01"=BA109)),AND("C_06"=AZ109,OR("04"=BA109,BA109="")),AND("C_07"=AZ109,OR("04"=BA109,BA109="")),AND("C_08"=AZ109,NOT("03"=BA109)),AND("C_09"=AZ109,NOT("03"=BA109)),AND("C_10"=AZ109,NOT("04"=BA109)),AND("C_11"=AZ109,NOT("04"=BA109)),AND("C_12"=AZ109,NOT("04"=BA109)),AND("C_13"=AZ109,NOT("04"=BA109)),AND("C_14"=AZ109,NOT("04"=BA109))),"02,","") & IF(AND(OR(ISNUMBER(SEARCH("11",BB109)),ISNUMBER(SEARCH("12",BB109))),NOT("01"=BA109)),"03,","") & IF(AND(ISNUMBER(SEARCH("13",BB109)),NOT("02"=BA109)),"04,","") | BE109: =IF(ISNUMBER(SEARCH("01",AX109)),O109,"") | BF109: =IF(ISNUMBER(SEARCH("02",AX109)),O109,"") | BG109: =IF(ISNUMBER(SEARCH("03",AX109)),O109,"") | BH109: =IF(ISNUMBER(SEARCH("04",AX109)),O109,"") | BI109: =IF(ISNUMBER(SEARCH("05",AX109)),O109,"") | BJ109: =IF(ISNUMBER(SEARCH("06",AX109)),O109,"") | BK109: =IF(ISNUMBER(SEARCH("07",AX109)),O109,"") | BL109: =IF(ISNUMBER(SEARCH("08",AX109)),O109,"") | BM109: =IF(ISNUMBER(SEARCH("09",AX109)),O109,"") | BN109: =IF(ISNUMBER(SEARCH("10",AX109)),O109,"") | BO109: =IF(BF109="",0,BF109) -> 0 | BP109: =IF(BI109="",0,BI109-BQ109-BO109) -> 0 | BQ109: =IF(BJ109="",0,BJ109-BO109) -> 0 | BR109: =IF(BK109="",0,BK109-BS109-BP109-BQ109-BO109) -> 0 | BS109: =IF(BK109="",0,BK109-BP109-BQ109-BO109) -> 0 | BT109: =IF(BL109="",0,BL109-BR109-BS109-BP109-BQ109-BO109) -> 0 | BU109: =IF(AZ109="D_01",O109,"") | BV109: =IF(AZ109="D_01b",O109,"") | BW109: =IF(AZ109="D_02",O109,"") | BX109: =IF(AZ109="D_03",O109,"") | BY109: =IF(AND(OR(AZ109="D_04",AZ109="D_06"),BA109="01"),O109,"") | BZ109: =IF(AND(OR(AZ109="D_05",AZ109="D_07"),BA109="01"),O109,"") | CA109: =IF(AND(AZ109="D_06",BA109="02"),O109,"") | CB109: =IF(AND(AZ109="D_07",BA109="02"),O109,"") | CC109: =IF(AND(OR(AZ109="D_06",AZ109="D_08"),BA109="03"),O109,"") | CD109: =IF(AND(OR(AZ109="D_07",AZ109="D_09"),BA109="03"),O109,"") | CE109: =IF(AZ109="D_10",O109,"") | CF109: =IF(AZ109="D_11",O109,"") | CG109: =IF(AZ109="D_12",O109,"") | CH109: =IF(AZ109="D_13",O109,"") | CI109: =IF(AZ109="D_14",O109,"") | CJ109: =IF(AZ109="D_15",O109,"") | CK109: =IF(AND(AZ109="D_16",OR(ISNUMBER(SEARCH("34",BB109)),ISNUMBER(SEARCH("35",BB109)),ISNUMBER(SEARCH("38",BB109)),ISNUMBER(SEARCH("40",BB109)),ISNUMBER(SEARCH("41",BB109)),ISNUMBER(SEARCH("42",BB109)),ISNUMBER(SEARCH("43",BB109)),ISNUMBER(SEARCH("46",BB109)),ISNUMBER(SEARCH("47",BB109)),ISNUMBER(SEARCH("48",BB109)),ISNUMBER(SEARCH("53",BB109)),ISNUMBER(SEARCH("55",BB109)),ISNUMBER(SEARCH("58",BB109)))),O109-IF(ISNUMBER(CL109),CL109,0),"") | CL109: =IF(AND(AZ109="D_16",OR(ISNUMBER(SEARCH("01",BB109)),ISNUMBER(SEARCH("02",BB109)),ISNUMBER(SEARCH("03",BB109)),ISNUMBER(SEARCH("04",BB109)),ISNUMBER(SEARCH("05",BB109)),ISNUMBER(SEARCH("06",BB109)),ISNUMBER(SEARCH("07",BB109)),ISNUMBER(SEARCH("08",BB109)),ISNUMBER(SEARCH("09",BB109)),ISNUMBER(SEARCH("10",BB109)),ISNUMBER(SEARCH("11",BB109)),ISNUMBER(SEARCH("12",BB109)),ISNUMBER(SEARCH("13",BB109)),ISNUMBER(SEARCH("14",BB109)),ISNUMBER(SEARCH("15",BB109)),ISNUMBER(SEARCH("16",BB109)),ISNUMBER(SEARCH("17",BB109)),ISNUMBER(SEARCH("18",BB109)),ISNUMBER(SEARCH("19",BB109)),ISNUMBER(SEARCH("20",BB109)),ISNUMBER(SEARCH("21",BB109)),ISNUMBER(SEARCH("22",BB109)),ISNUMBER(SEARCH("23",BB109)),ISNUMBER(SEARCH("24",BB109)),ISNUMBER(SEARCH("25",BB109)),ISNUMBER(SEARCH("26",BB109)),ISNUMBER(SEARCH("27",BB109)),ISNUMBER(SEARCH("28",BB109)),ISNUMBER(SEARCH("29",BB109)),ISNUMBER(SEARCH("30",BB109)),ISNUMBER(SEARCH("31",BB109)),ISNUMBER(SEARCH("32",BB109)),ISNUMBER(SEARCH("33",BB109)),ISNUMBER(SEARCH("36",BB109)),ISNUMBER(SEARCH("37",BB109)),ISNUMBER(SEARCH("39",BB109)),ISNUMBER(SEARCH("44",BB109)),ISNUMBER(SEARCH("45",BB109)),ISNUMBER(SEARCH("49",BB109)),ISNUMBER(SEARCH("50",BB109)),ISNUMBER(SEARCH("51",BB109)),ISNUMBER(SEARCH("52",BB109)),ISNUMBER(SEARCH("54",BB109)),ISNUMBER(SEARCH("56",BB109)),ISNUMBER(SEARCH("57",BB109)),ISNUMBER(SEARCH("59",BB109)),ISNUMBER(SEARCH("60",BB109)),ISNUMBER(SEARCH("61",BB109)),ISNUMBER(SEARCH("62",BB109)),ISNUMBER(SEARCH("63",BB109)),ISNUMBER(SEARCH("64",BB109)),ISNUMBER(SEARCH("65",BB109)),ISNUMBER(SEARCH("66",BB109)))),O109,"") | CM109: =IF(OR(ISNUMBER(SEARCH("44",BB109)),ISNUMBER(SEARCH("45",BB109)),ISNUMBER(SEARCH("46",BB109)),ISNUMBER(SEARCH("47",BB109)),ISNUMBER(SEARCH("50",BB109)),ISNUMBER(SEARCH("51",BB109)),ISNUMBER(SEARCH("52",BB109)),ISNUMBER(SEARCH("53",BB109)),ISNUMBER(SEARCH("54",BB109)),ISNUMBER(SEARCH("55",BB109)),ISNUMBER(SEARCH("56",BB109)),ISNUMBER(SEARCH("57",BB109)),ISNUMBER(SEARCH("59",BB109))),B109 & ",","") | CR109: =IF(OR(AZ109="D_15", CM109<>"",CN109<>"",CO109<>"",CP109<>""), "YES", "NO") -> NO | CS109: =IF(ISNUMBER(SEARCH("01",AX109)),B109 & ",","") | CT109: =IF(ISNUMBER(SEARCH("02",AX109)),B109 & ",","") | CU109: =IF(ISNUMBER(SEARCH("03",AX109)),B109 & ",","") | CV109: =IF(ISNUMBER(SEARCH("04",AX109)),B109 & ",","") | CW109: =IF(ISNUMBER(SEARCH("05",AX109)),B109 & ",","") | CX109: =IF(ISNUMBER(SEARCH("06",AX109)),B109 & ",","") | CY109: =IF(ISNUMBER(SEARCH("07",AX109)),B109 & ",","") | CZ109: =IF(ISNUMBER(SEARCH("08",AX109)),B109 & ",","") | DA109: =IF(ISNUMBER(SEARCH("09",AX109)),B109 & ",","") | DB109: =IF(ISNUMBER(SEARCH("10",AX109)),B109 & ",","") | DC109: =IF(ISNUMBER(SEARCH("01",BC109)),B109 & ",","") | DD109: =IF(ISNUMBER(SEARCH("02",BC109)),B109 & ",","") | DE109: =IF(ISNUMBER(SEARCH("03",BC109)),B109 & ",","") | DF109: =IF(ISNUMBER(SEARCH("04",BC109)),B109 & ",","")
B110: 105 | P110: =IF(ISBLANK(M110),"",VLOOKUP(M110,ComboValue!$E$2:$I$18,5,FALSE)) | R110: {=IF(OR(ISNUMBER(SEARCH("GHS05",$D110:$L110)),ISNUMBER(SEARCH("GHS06",$D110:$L110)),ISNUMBER(SEARCH("GHS07",$D110:$L110)),ISNUMBER(SEARCH("GHS08",$D110:$L110)),ISNUMBER(SEARCH("geen pictogram",$D110:$L110)),ISNUMBER(SEARCH("GHS09",$D110:$L110)),ISNUMBER(SEARCH("GHS05",$D110:$L110))),"JA","NEE")} -> NEE | AX110: =IF(ISBLANK(D110),"",VLOOKUP(D110,ComboValue!$B$2:$C$11,2,FALSE) & ",") & IF(ISBLANK(E110),"",VLOOKUP(E110,ComboValue!$B$2:$C$11,2,FALSE) & ",") & IF(ISBLANK(F110),"",VLOOKUP(F110,ComboValue!$B$2:$C$11,2,FALSE) & ",") & IF(ISBLANK(G110),"",VLOOKUP(G110,ComboValue!$B$2:$C$11,2,FALSE) & ",") & IF(ISBLANK(H110),"",VLOOKUP(H110,ComboValue!$B$2:$C$11,2,FALSE) & ",") & IF(ISBLANK(I110),"",VLOOKUP(I110,ComboValue!$B$2:$C$11,2,FALSE) & ",") & IF(ISBLANK(J110),"",VLOOKUP(J110,ComboValue!$B$2:$C$11,2,FALSE) & ",") & IF(ISBLANK(K110),"",VLOOKUP(K110,ComboValue!$B$2:$C$11,2,FALSE) & ",") & IF(ISBLANK(L110),"",VLOOKUP(L110,ComboValue!$B$2:$C$11,2,FALSE) & ",") | AY110: =IF(ISNUMBER(SEARCH("04",AX110)),"Gaz_Nl","Tous_NL") -> Tous_NL | AZ110: =IF(ISBLANK(M110),"",VLOOKUP(M110,ComboValue!$E$2:$G$18,3,FALSE)) | BA110: =IF(ISBLANK(N110),"",VLOOKUP(N110,ComboValue!$K$2:$L$5,2,FALSE)) | BB110: =IF(ISBLANK(S110),"",VLOOKUP(S110,ComboValue!$N$2:$O$70,2,FALSE) & ",") & IF(ISBLANK(T110),"",VLOOKUP(T110,ComboValue!$N$2:$O$70,2,FALSE) & ",") & IF(ISBLANK(U110),"",VLOOKUP(U110,ComboValue!$N$2:$O$70,2,FALSE) & ",") & IF(ISBLANK(V110),"",VLOOKUP(V110,ComboValue!$N$2:$O$70,2,FALSE) & ",") & IF(ISBLANK(W110),"",VLOOKUP(W110,ComboValue!$N$2:$O$70,2,FALSE) & ",") & IF(ISBLANK(X110),"",VLOOKUP(X110,ComboValue!$N$2:$O$70,2,FALSE) & ",") & IF(ISBLANK(Y110),"",VLOOKUP(Y110,ComboValue!$N$2:$O$70,2,FALSE) & ",") & IF(ISBLANK(Z110),"",VLOOKUP(Z110,ComboValue!$N$2:$O$70,2,FALSE) & ",") & IF(ISBLANK(AA110),"",VLOOKUP(AA110,ComboValue!$N$2:$O$70,2,FALSE) & ",") & IF(ISBLANK(AB110),"",VLOOKUP(AB110,ComboValue!$N$2:$O$70,2,FALSE) & ",") & IF(ISBLANK(AC110),"",VLOOKUP(AC110,ComboValue!$N$2:$O$70,2,FALSE) & ",") & IF(ISBLANK(AD110),"",VLOOKUP(AD110,ComboValue!$N$2:$O$70,2,FALSE) & ",") & IF(ISBLANK(AE110),"",VLOOKUP(AE110,ComboValue!$N$2:$O$70,2,FALSE) & ",") & IF(ISBLANK(AF110),"",VLOOKUP(AF110,ComboValue!$N$2:$O$70,2,FALSE) & ",") & IF(ISBLANK(AG110),"",VLOOKUP(AG110,ComboValue!$N$2:$O$70,2,FALSE) & ",") & IF(ISBLANK(AH110),"",VLOOKUP(AH110,ComboValue!$N$2:$O$70,2,FALSE) & ",") & IF(ISBLANK(AI110),"",VLOOKUP(AI110,ComboValue!$N$2:$O$70,2,FALSE) & ",") & IF(ISBLANK(AJ110),"",VLOOKUP(AJ110,ComboValue!$N$2:$O$70,2,FALSE) & ",") & IF(ISBLANK(AK110),"",VLOOKUP(AK110,ComboValue!$N$2:$O$70,2,FALSE) & ",") & IF(ISBLANK(AL110),"",VLOOKUP(AL110,ComboValue!$N$2:$O$70,2,FALSE) & ",") & IF(ISBLANK(AM110),"",VLOOKUP(AM110,ComboValue!$N$2:$O$70,2,FALSE) & ",") & IF(ISBLANK(AN110),"",VLOOKUP(AN110,ComboValue!$N$2:$O$70,2,FALSE) & ",") & IF(ISBLANK(AO110),"",VLOOKUP(AO110,ComboValue!$N$2:$O$70,2,FALSE) & ",") & IF(ISBLANK(AP110),"",VLOOKUP(AP110,ComboValue!$N$2:$O$70,2,FALSE) & ",") & IF(ISBLANK(AQ110),"",VLOOKUP(AQ110,ComboValue!$N$2:$O$70,2,FALSE) & ",") & IF(ISBLANK(AR110),"",VLOOKUP(AR110,ComboValue!$N$2:$O$70,2,FALSE) & ",") & IF(ISBLANK(AS110),"",VLOOKUP(AS110,ComboValue!$N$2:$O$70,2,FALSE) & ",") & IF(ISBLANK(AT110),"",VLOOKUP(AT110,ComboValue!$N$2:$O$70,2,FALSE) & ",") & IF(ISBLANK(AU110),"",VLOOKUP(AU110,ComboValue!$N$2:$O$70,2,FALSE) & ",") & IF(ISBLANK(AV110),"",VLOOKUP(AV110,ComboValue!$N$2:$O$70,2,FALSE) & ",") | BC110: =IF(AND(ISNUMBER(SEARCH("04",AX110)),NOT(OR("C_01"=AZ110,"C_01b"=AZ110,"C_02"=AZ110,"C_03"=AZ110))),"01,","") & IF(OR(AND("C_01"=AZ110,NOT("04"=BA110)),AND("C_02"=AZ110,NOT("04"=BA110)),AND("C_03"=AZ110,NOT("04"=BA110)),AND("C_04"=AZ110,NOT("01"=BA110)),AND("C_05"=AZ110,NOT("01"=BA110)),AND("C_06"=AZ110,OR("04"=BA110,BA110="")),AND("C_07"=AZ110,OR("04"=BA110,BA110="")),AND("C_08"=AZ110,NOT("03"=BA110)),AND("C_09"=AZ110,NOT("03"=BA110)),AND("C_10"=AZ110,NOT("04"=BA110)),AND("C_11"=AZ110,NOT("04"=BA110)),AND("C_12"=AZ110,NOT("04"=BA110)),AND("C_13"=AZ110,NOT("04"=BA110)),AND("C_14"=AZ110,NOT("04"=BA110))),"02,","") & IF(AND(OR(ISNUMBER(SEARCH("11",BB110)),ISNUMBER(SEARCH("12",BB110))),NOT("01"=BA110)),"03,","") & IF(AND(ISNUMBER(SEARCH("13",BB110)),NOT("02"=BA110)),"04,","") | BE110: =IF(ISNUMBER(SEARCH("01",AX110)),O110,"") | BF110: =IF(ISNUMBER(SEARCH("02",AX110)),O110,"") | BG110: =IF(ISNUMBER(SEARCH("03",AX110)),O110,"") | BH110: =IF(ISNUMBER(SEARCH("04",AX110)),O110,"") | BI110: =IF(ISNUMBER(SEARCH("05",AX110)),O110,"") | BJ110: =IF(ISNUMBER(SEARCH("06",AX110)),O110,"") | BK110: =IF(ISNUMBER(SEARCH("07",AX110)),O110,"") | BL110: =IF(ISNUMBER(SEARCH("08",AX110)),O110,"") | BM110: =IF(ISNUMBER(SEARCH("09",AX110)),O110,"") | BN110: =IF(ISNUMBER(SEARCH("10",AX110)),O110,"") | BO110: =IF(BF110="",0,BF110) -> 0 | BP110: =IF(BI110="",0,BI110-BQ110-BO110) -> 0 | BQ110: =IF(BJ110="",0,BJ110-BO110) -> 0 | BR110: =IF(BK110="",0,BK110-BS110-BP110-BQ110-BO110) -> 0 | BS110: =IF(BK110="",0,BK110-BP110-BQ110-BO110) -> 0 | BT110: =IF(BL110="",0,BL110-BR110-BS110-BP110-BQ110-BO110) -> 0 | BU110: =IF(AZ110="D_01",O110,"") | BV110: =IF(AZ110="D_01b",O110,"") | BW110: =IF(AZ110="D_02",O110,"") | BX110: =IF(AZ110="D_03",O110,"") | BY110: =IF(AND(OR(AZ110="D_04",AZ110="D_06"),BA110="01"),O110,"") | BZ110: =IF(AND(OR(AZ110="D_05",AZ110="D_07"),BA110="01"),O110,"") | CA110: =IF(AND(AZ110="D_06",BA110="02"),O110,"") | CB110: =IF(AND(AZ110="D_07",BA110="02"),O110,"") | CC110: =IF(AND(OR(AZ110="D_06",AZ110="D_08"),BA110="03"),O110,"") | CD110: =IF(AND(OR(AZ110="D_07",AZ110="D_09"),BA110="03"),O110,"") | CE110: =IF(AZ110="D_10",O110,"") | CF110: =IF(AZ110="D_11",O110,"") | CG110: =IF(AZ110="D_12",O110,"") | CH110: =IF(AZ110="D_13",O110,"") | CI110: =IF(AZ110="D_14",O110,"") | CJ110: =IF(AZ110="D_15",O110,"") | CK110: =IF(AND(AZ110="D_16",OR(ISNUMBER(SEARCH("34",BB110)),ISNUMBER(SEARCH("35",BB110)),ISNUMBER(SEARCH("38",BB110)),ISNUMBER(SEARCH("40",BB110)),ISNUMBER(SEARCH("41",BB110)),ISNUMBER(SEARCH("42",BB110)),ISNUMBER(SEARCH("43",BB110)),ISNUMBER(SEARCH("46",BB110)),ISNUMBER(SEARCH("47",BB110)),ISNUMBER(SEARCH("48",BB110)),ISNUMBER(SEARCH("53",BB110)),ISNUMBER(SEARCH("55",BB110)),ISNUMBER(SEARCH("58",BB110)))),O110-IF(ISNUMBER(CL110),CL110,0),"") | CL110: =IF(AND(AZ110="D_16",OR(ISNUMBER(SEARCH("01",BB110)),ISNUMBER(SEARCH("02",BB110)),ISNUMBER(SEARCH("03",BB110)),ISNUMBER(SEARCH("04",BB110)),ISNUMBER(SEARCH("05",BB110)),ISNUMBER(SEARCH("06",BB110)),ISNUMBER(SEARCH("07",BB110)),ISNUMBER(SEARCH("08",BB110)),ISNUMBER(SEARCH("09",BB110)),ISNUMBER(SEARCH("10",BB110)),ISNUMBER(SEARCH("11",BB110)),ISNUMBER(SEARCH("12",BB110)),ISNUMBER(SEARCH("13",BB110)),ISNUMBER(SEARCH("14",BB110)),ISNUMBER(SEARCH("15",BB110)),ISNUMBER(SEARCH("16",BB110)),ISNUMBER(SEARCH("17",BB110)),ISNUMBER(SEARCH("18",BB110)),ISNUMBER(SEARCH("19",BB110)),ISNUMBER(SEARCH("20",BB110)),ISNUMBER(SEARCH("21",BB110)),ISNUMBER(SEARCH("22",BB110)),ISNUMBER(SEARCH("23",BB110)),ISNUMBER(SEARCH("24",BB110)),ISNUMBER(SEARCH("25",BB110)),ISNUMBER(SEARCH("26",BB110)),ISNUMBER(SEARCH("27",BB110)),ISNUMBER(SEARCH("28",BB110)),ISNUMBER(SEARCH("29",BB110)),ISNUMBER(SEARCH("30",BB110)),ISNUMBER(SEARCH("31",BB110)),ISNUMBER(SEARCH("32",BB110)),ISNUMBER(SEARCH("33",BB110)),ISNUMBER(SEARCH("36",BB110)),ISNUMBER(SEARCH("37",BB110)),ISNUMBER(SEARCH("39",BB110)),ISNUMBER(SEARCH("44",BB110)),ISNUMBER(SEARCH("45",BB110)),ISNUMBER(SEARCH("49",BB110)),ISNUMBER(SEARCH("50",BB110)),ISNUMBER(SEARCH("51",BB110)),ISNUMBER(SEARCH("52",BB110)),ISNUMBER(SEARCH("54",BB110)),ISNUMBER(SEARCH("56",BB110)),ISNUMBER(SEARCH("57",BB110)),ISNUMBER(SEARCH("59",BB110)),ISNUMBER(SEARCH("60",BB110)),ISNUMBER(SEARCH("61",BB110)),ISNUMBER(SEARCH("62",BB110)),ISNUMBER(SEARCH("63",BB110)),ISNUMBER(SEARCH("64",BB110)),ISNUMBER(SEARCH("65",BB110)),ISNUMBER(SEARCH("66",BB110)))),O110,"") | CM110: =IF(OR(ISNUMBER(SEARCH("44",BB110)),ISNUMBER(SEARCH("45",BB110)),ISNUMBER(SEARCH("46",BB110)),ISNUMBER(SEARCH("47",BB110)),ISNUMBER(SEARCH("50",BB110)),ISNUMBER(SEARCH("51",BB110)),ISNUMBER(SEARCH("52",BB110)),ISNUMBER(SEARCH("53",BB110)),ISNUMBER(SEARCH("54",BB110)),ISNUMBER(SEARCH("55",BB110)),ISNUMBER(SEARCH("56",BB110)),ISNUMBER(SEARCH("57",BB110)),ISNUMBER(SEARCH("59",BB110))),B110 & ",","") | CR110: =IF(OR(AZ110="D_15", CM110<>"",CN110<>"",CO110<>"",CP110<>""), "YES", "NO") -> NO | CS110: =IF(ISNUMBER(SEARCH("01",AX110)),B110 & ",","") | CT110: =IF(ISNUMBER(SEARCH("02",AX110)),B110 & ",","") | CU110: =IF(ISNUMBER(SEARCH("03",AX110)),B110 & ",","") | CV110: =IF(ISNUMBER(SEARCH("04",AX110)),B110 & ",","") | CW110: =IF(ISNUMBER(SEARCH("05",AX110)),B110 & ",","") | CX110: =IF(ISNUMBER(SEARCH("06",AX110)),B110 & ",","") | CY110: =IF(ISNUMBER(SEARCH("07",AX110)),B110 & ",","") | CZ110: =IF(ISNUMBER(SEARCH("08",AX110)),B110 & ",","") | DA110: =IF(ISNUMBER(SEARCH("09",AX110)),B110 & ",","") | DB110: =IF(ISNUMBER(SEARCH("10",AX110)),B110 & ",","") | DC110: =IF(ISNUMBER(SEARCH("01",BC110)),B110 & ",","") | DD110: =IF(ISNUMBER(SEARCH("02",BC110)),B110 & ",","") | DE110: =IF(ISNUMBER(SEARCH("03",BC110)),B110 & ",","") | DF110: =IF(ISNUMBER(SEARCH("04",BC110)),B110 & ",","")
B111: 106 | P111: =IF(ISBLANK(M111),"",VLOOKUP(M111,ComboValue!$E$2:$I$18,5,FALSE)) | R111: {=IF(OR(ISNUMBER(SEARCH("GHS05",$D111:$L111)),ISNUMBER(SEARCH("GHS06",$D111:$L111)),ISNUMBER(SEARCH("GHS07",$D111:$L111)),ISNUMBER(SEARCH("GHS08",$D111:$L111)),ISNUMBER(SEARCH("geen pictogram",$D111:$L111)),ISNUMBER(SEARCH("GHS09",$D111:$L111)),ISNUMBER(SEARCH("GHS05",$D111:$L111))),"JA","NEE")} -> NEE | AX111: =IF(ISBLANK(D111),"",VLOOKUP(D111,ComboValue!$B$2:$C$11,2,FALSE) & ",") & IF(ISBLANK(E111),"",VLOOKUP(E111,ComboValue!$B$2:$C$11,2,FALSE) & ",") & IF(ISBLANK(F111),"",VLOOKUP(F111,ComboValue!$B$2:$C$11,2,FALSE) & ",") & IF(ISBLANK(G111),"",VLOOKUP(G111,ComboValue!$B$2:$C$11,2,FALSE) & ",") & IF(ISBLANK(H111),"",VLOOKUP(H111,ComboValue!$B$2:$C$11,2,FALSE) & ",") & IF(ISBLANK(I111),"",VLOOKUP(I111,ComboValue!$B$2:$C$11,2,FALSE) & ",") & IF(ISBLANK(J111),"",VLOOKUP(J111,ComboValue!$B$2:$C$11,2,FALSE) & ",") & IF(ISBLANK(K111),"",VLOOKUP(K111,ComboValue!$B$2:$C$11,2,FALSE) & ",") & IF(ISBLANK(L111),"",VLOOKUP(L111,ComboValue!$B$2:$C$11,2,FALSE) & ",") | AY111: =IF(ISNUMBER(SEARCH("04",AX111)),"Gaz_Nl","Tous_NL") -> Tous_NL | AZ111: =IF(ISBLANK(M111),"",VLOOKUP(M111,ComboValue!$E$2:$G$18,3,FALSE)) | BA111: =IF(ISBLANK(N111),"",VLOOKUP(N111,ComboValue!$K$2:$L$5,2,FALSE)) | BB111: =IF(ISBLANK(S111),"",VLOOKUP(S111,ComboValue!$N$2:$O$70,2,FALSE) & ",") & IF(ISBLANK(T111),"",VLOOKUP(T111,ComboValue!$N$2:$O$70,2,FALSE) & ",") & IF(ISBLANK(U111),"",VLOOKUP(U111,ComboValue!$N$2:$O$70,2,FALSE) & ",") & IF(ISBLANK(V111),"",VLOOKUP(V111,ComboValue!$N$2:$O$70,2,FALSE) & ",") & IF(ISBLANK(W111),"",VLOOKUP(W111,ComboValue!$N$2:$O$70,2,FALSE) & ",") & IF(ISBLANK(X111),"",VLOOKUP(X111,ComboValue!$N$2:$O$70,2,FALSE) & ",") & IF(ISBLANK(Y111),"",VLOOKUP(Y111,ComboValue!$N$2:$O$70,2,FALSE) & ",") & IF(ISBLANK(Z111),"",VLOOKUP(Z111,ComboValue!$N$2:$O$70,2,FALSE) & ",") & IF(ISBLANK(AA111),"",VLOOKUP(AA111,ComboValue!$N$2:$O$70,2,FALSE) & ",") & IF(ISBLANK(AB111),"",VLOOKUP(AB111,ComboValue!$N$2:$O$70,2,FALSE) & ",") & IF(ISBLANK(AC111),"",VLOOKUP(AC111,ComboValue!$N$2:$O$70,2,FALSE) & ",") & IF(ISBLANK(AD111),"",VLOOKUP(AD111,ComboValue!$N$2:$O$70,2,FALSE) & ",") & IF(ISBLANK(AE111),"",VLOOKUP(AE111,ComboValue!$N$2:$O$70,2,FALSE) & ",") & IF(ISBLANK(AF111),"",VLOOKUP(AF111,ComboValue!$N$2:$O$70,2,FALSE) & ",") & IF(ISBLANK(AG111),"",VLOOKUP(AG111,ComboValue!$N$2:$O$70,2,FALSE) & ",") & IF(ISBLANK(AH111),"",VLOOKUP(AH111,ComboValue!$N$2:$O$70,2,FALSE) & ",") & IF(ISBLANK(AI111),"",VLOOKUP(AI111,ComboValue!$N$2:$O$70,2,FALSE) & ",") & IF(ISBLANK(AJ111),"",VLOOKUP(AJ111,ComboValue!$N$2:$O$70,2,FALSE) & ",") & IF(ISBLANK(AK111),"",VLOOKUP(AK111,ComboValue!$N$2:$O$70,2,FALSE) & ",") & IF(ISBLANK(AL111),"",VLOOKUP(AL111,ComboValue!$N$2:$O$70,2,FALSE) & ",") & IF(ISBLANK(AM111),"",VLOOKUP(AM111,ComboValue!$N$2:$O$70,2,FALSE) & ",") & IF(ISBLANK(AN111),"",VLOOKUP(AN111,ComboValue!$N$2:$O$70,2,FALSE) & ",") & IF(ISBLANK(AO111),"",VLOOKUP(AO111,ComboValue!$N$2:$O$70,2,FALSE) & ",") & IF(ISBLANK(AP111),"",VLOOKUP(AP111,ComboValue!$N$2:$O$70,2,FALSE) & ",") & IF(ISBLANK(AQ111),"",VLOOKUP(AQ111,ComboValue!$N$2:$O$70,2,FALSE) & ",") & IF(ISBLANK(AR111),"",VLOOKUP(AR111,ComboValue!$N$2:$O$70,2,FALSE) & ",") & IF(ISBLANK(AS111),"",VLOOKUP(AS111,ComboValue!$N$2:$O$70,2,FALSE) & ",") & IF(ISBLANK(AT111),"",VLOOKUP(AT111,ComboValue!$N$2:$O$70,2,FALSE) & ",") & IF(ISBLANK(AU111),"",VLOOKUP(AU111,ComboValue!$N$2:$O$70,2,FALSE) & ",") & IF(ISBLANK(AV111),"",VLOOKUP(AV111,ComboValue!$N$2:$O$70,2,FALSE) & ",") | BC111: =IF(AND(ISNUMBER(SEARCH("04",AX111)),NOT(OR("C_01"=AZ111,"C_01b"=AZ111,"C_02"=AZ111,"C_03"=AZ111))),"01,","") & IF(OR(AND("C_01"=AZ111,NOT("04"=BA111)),AND("C_02"=AZ111,NOT("04"=BA111)),AND("C_03"=AZ111,NOT("04"=BA111)),AND("C_04"=AZ111,NOT("01"=BA111)),AND("C_05"=AZ111,NOT("01"=BA111)),AND("C_06"=AZ111,OR("04"=BA111,BA111="")),AND("C_07"=AZ111,OR("04"=BA111,BA111="")),AND("C_08"=AZ111,NOT("03"=BA111)),AND("C_09"=AZ111,NOT("03"=BA111)),AND("C_10"=AZ111,NOT("04"=BA111)),AND("C_11"=AZ111,NOT("04"=BA111)),AND("C_12"=AZ111,NOT("04"=BA111)),AND("C_13"=AZ111,NOT("04"=BA111)),AND("C_14"=AZ111,NOT("04"=BA111))),"02,","") & IF(AND(OR(ISNUMBER(SEARCH("11",BB111)),ISNUMBER(SEARCH("12",BB111))),NOT("01"=BA111)),"03,","") & IF(AND(ISNUMBER(SEARCH("13",BB111)),NOT("02"=BA111)),"04,","") | BE111: =IF(ISNUMBER(SEARCH("01",AX111)),O111,"") | BF111: =IF(ISNUMBER(SEARCH("02",AX111)),O111,"") | BG111: =IF(ISNUMBER(SEARCH("03",AX111)),O111,"") | BH111: =IF(ISNUMBER(SEARCH("04",AX111)),O111,"") | BI111: =IF(ISNUMBER(SEARCH("05",AX111)),O111,"") | BJ111: =IF(ISNUMBER(SEARCH("06",AX111)),O111,"") | BK111: =IF(ISNUMBER(SEARCH("07",AX111)),O111,"") | BL111: =IF(ISNUMBER(SEARCH("08",AX111)),O111,"") | BM111: =IF(ISNUMBER(SEARCH("09",AX111)),O111,"") | BN111: =IF(ISNUMBER(SEARCH("10",AX111)),O111,"") | BO111: =IF(BF111="",0,BF111) -> 0 | BP111: =IF(BI111="",0,BI111-BQ111-BO111) -> 0 | BQ111: =IF(BJ111="",0,BJ111-BO111) -> 0 | BR111: =IF(BK111="",0,BK111-BS111-BP111-BQ111-BO111) -> 0 | BS111: =IF(BK111="",0,BK111-BP111-BQ111-BO111) -> 0 | BT111: =IF(BL111="",0,BL111-BR111-BS111-BP111-BQ111-BO111) -> 0 | BU111: =IF(AZ111="D_01",O111,"") | BV111: =IF(AZ111="D_01b",O111,"") | BW111: =IF(AZ111="D_02",O111,"") | BX111: =IF(AZ111="D_03",O111,"") | BY111: =IF(AND(OR(AZ111="D_04",AZ111="D_06"),BA111="01"),O111,"") | BZ111: =IF(AND(OR(AZ111="D_05",AZ111="D_07"),BA111="01"),O111,"") | CA111: =IF(AND(AZ111="D_06",BA111="02"),O111,"") | CB111: =IF(AND(AZ111="D_07",BA111="02"),O111,"") | CC111: =IF(AND(OR(AZ111="D_06",AZ111="D_08"),BA111="03"),O111,"") | CD111: =IF(AND(OR(AZ111="D_07",AZ111="D_09"),BA111="03"),O111,"") | CE111: =IF(AZ111="D_10",O111,"") | CF111: =IF(AZ111="D_11",O111,"") | CG111: =IF(AZ111="D_12",O111,"") | CH111: =IF(AZ111="D_13",O111,"") | CI111: =IF(AZ111="D_14",O111,"") | CJ111: =IF(AZ111="D_15",O111,"") | CK111: =IF(AND(AZ111="D_16",OR(ISNUMBER(SEARCH("34",BB111)),ISNUMBER(SEARCH("35",BB111)),ISNUMBER(SEARCH("38",BB111)),ISNUMBER(SEARCH("40",BB111)),ISNUMBER(SEARCH("41",BB111)),ISNUMBER(SEARCH("42",BB111)),ISNUMBER(SEARCH("43",BB111)),ISNUMBER(SEARCH("46",BB111)),ISNUMBER(SEARCH("47",BB111)),ISNUMBER(SEARCH("48",BB111)),ISNUMBER(SEARCH("53",BB111)),ISNUMBER(SEARCH("55",BB111)),ISNUMBER(SEARCH("58",BB111)))),O111-IF(ISNUMBER(CL111),CL111,0),"") | CL111: =IF(AND(AZ111="D_16",OR(ISNUMBER(SEARCH("01",BB111)),ISNUMBER(SEARCH("02",BB111)),ISNUMBER(SEARCH("03",BB111)),ISNUMBER(SEARCH("04",BB111)),ISNUMBER(SEARCH("05",BB111)),ISNUMBER(SEARCH("06",BB111)),ISNUMBER(SEARCH("07",BB111)),ISNUMBER(SEARCH("08",BB111)),ISNUMBER(SEARCH("09",BB111)),ISNUMBER(SEARCH("10",BB111)),ISNUMBER(SEARCH("11",BB111)),ISNUMBER(SEARCH("12",BB111)),ISNUMBER(SEARCH("13",BB111)),ISNUMBER(SEARCH("14",BB111)),ISNUMBER(SEARCH("15",BB111)),ISNUMBER(SEARCH("16",BB111)),ISNUMBER(SEARCH("17",BB111)),ISNUMBER(SEARCH("18",BB111)),ISNUMBER(SEARCH("19",BB111)),ISNUMBER(SEARCH("20",BB111)),ISNUMBER(SEARCH("21",BB111)),ISNUMBER(SEARCH("22",BB111)),ISNUMBER(SEARCH("23",BB111)),ISNUMBER(SEARCH("24",BB111)),ISNUMBER(SEARCH("25",BB111)),ISNUMBER(SEARCH("26",BB111)),ISNUMBER(SEARCH("27",BB111)),ISNUMBER(SEARCH("28",BB111)),ISNUMBER(SEARCH("29",BB111)),ISNUMBER(SEARCH("30",BB111)),ISNUMBER(SEARCH("31",BB111)),ISNUMBER(SEARCH("32",BB111)),ISNUMBER(SEARCH("33",BB111)),ISNUMBER(SEARCH("36",BB111)),ISNUMBER(SEARCH("37",BB111)),ISNUMBER(SEARCH("39",BB111)),ISNUMBER(SEARCH("44",BB111)),ISNUMBER(SEARCH("45",BB111)),ISNUMBER(SEARCH("49",BB111)),ISNUMBER(SEARCH("50",BB111)),ISNUMBER(SEARCH("51",BB111)),ISNUMBER(SEARCH("52",BB111)),ISNUMBER(SEARCH("54",BB111)),ISNUMBER(SEARCH("56",BB111)),ISNUMBER(SEARCH("57",BB111)),ISNUMBER(SEARCH("59",BB111)),ISNUMBER(SEARCH("60",BB111)),ISNUMBER(SEARCH("61",BB111)),ISNUMBER(SEARCH("62",BB111)),ISNUMBER(SEARCH("63",BB111)),ISNUMBER(SEARCH("64",BB111)),ISNUMBER(SEARCH("65",BB111)),ISNUMBER(SEARCH("66",BB111)))),O111,"") | CM111: =IF(OR(ISNUMBER(SEARCH("44",BB111)),ISNUMBER(SEARCH("45",BB111)),ISNUMBER(SEARCH("46",BB111)),ISNUMBER(SEARCH("47",BB111)),ISNUMBER(SEARCH("50",BB111)),ISNUMBER(SEARCH("51",BB111)),ISNUMBER(SEARCH("52",BB111)),ISNUMBER(SEARCH("53",BB111)),ISNUMBER(SEARCH("54",BB111)),ISNUMBER(SEARCH("55",BB111)),ISNUMBER(SEARCH("56",BB111)),ISNUMBER(SEARCH("57",BB111)),ISNUMBER(SEARCH("59",BB111))),B111 & ",","") | CR111: =IF(OR(AZ111="D_15", CM111<>"",CN111<>"",CO111<>"",CP111<>""), "YES", "NO") -> NO | CS111: =IF(ISNUMBER(SEARCH("01",AX111)),B111 & ",","") | CT111: =IF(ISNUMBER(SEARCH("02",AX111)),B111 & ",","") | CU111: =IF(ISNUMBER(SEARCH("03",AX111)),B111 & ",","") | CV111: =IF(ISNUMBER(SEARCH("04",AX111)),B111 & ",","") | CW111: =IF(ISNUMBER(SEARCH("05",AX111)),B111 & ",","") | CX111: =IF(ISNUMBER(SEARCH("06",AX111)),B111 & ",","") | CY111: =IF(ISNUMBER(SEARCH("07",AX111)),B111 & ",","") | CZ111: =IF(ISNUMBER(SEARCH("08",AX111)),B111 & ",","") | DA111: =IF(ISNUMBER(SEARCH("09",AX111)),B111 & ",","") | DB111: =IF(ISNUMBER(SEARCH("10",AX111)),B111 & ",","") | DC111: =IF(ISNUMBER(SEARCH("01",BC111)),B111 & ",","") | DD111: =IF(ISNUMBER(SEARCH("02",BC111)),B111 & ",","") | DE111: =IF(ISNUMBER(SEARCH("03",BC111)),B111 & ",","") | DF111: =IF(ISNUMBER(SEARCH("04",BC111)),B111 & ",","")
B112: 107 | P112: =IF(ISBLANK(M112),"",VLOOKUP(M112,ComboValue!$E$2:$I$18,5,FALSE)) | R112: {=IF(OR(ISNUMBER(SEARCH("GHS05",$D112:$L112)),ISNUMBER(SEARCH("GHS06",$D112:$L112)),ISNUMBER(SEARCH("GHS07",$D112:$L112)),ISNUMBER(SEARCH("GHS08",$D112:$L112)),ISNUMBER(SEARCH("geen pictogram",$D112:$L112)),ISNUMBER(SEARCH("GHS09",$D112:$L112)),ISNUMBER(SEARCH("GHS05",$D112:$L112))),"JA","NEE")} -> NEE | AX112: =IF(ISBLANK(D112),"",VLOOKUP(D112,ComboValue!$B$2:$C$11,2,FALSE) & ",") & IF(ISBLANK(E112),"",VLOOKUP(E112,ComboValue!$B$2:$C$11,2,FALSE) & ",") & IF(ISBLANK(F112),"",VLOOKUP(F112,ComboValue!$B$2:$C$11,2,FALSE) & ",") & IF(ISBLANK(G112),"",VLOOKUP(G112,ComboValue!$B$2:$C$11,2,FALSE) & ",") & IF(ISBLANK(H112),"",VLOOKUP(H112,ComboValue!$B$2:$C$11,2,FALSE) & ",") & IF(ISBLANK(I112),"",VLOOKUP(I112,ComboValue!$B$2:$C$11,2,FALSE) & ",") & IF(ISBLANK(J112),"",VLOOKUP(J112,ComboValue!$B$2:$C$11,2,FALSE) & ",") & IF(ISBLANK(K112),"",VLOOKUP(K112,ComboValue!$B$2:$C$11,2,FALSE) & ",") & IF(ISBLANK(L112),"",VLOOKUP(L112,ComboValue!$B$2:$C$11,2,FALSE) & ",") | AY112: =IF(ISNUMBER(SEARCH("04",AX112)),"Gaz_Nl","Tous_NL") -> Tous_NL | AZ112: =IF(ISBLANK(M112),"",VLOOKUP(M112,ComboValue!$E$2:$G$18,3,FALSE)) | BA112: =IF(ISBLANK(N112),"",VLOOKUP(N112,ComboValue!$K$2:$L$5,2,FALSE)) | BB112: =IF(ISBLANK(S112),"",VLOOKUP(S112,ComboValue!$N$2:$O$70,2,FALSE) & ",") & IF(ISBLANK(T112),"",VLOOKUP(T112,ComboValue!$N$2:$O$70,2,FALSE) & ",") & IF(ISBLANK(U112),"",VLOOKUP(U112,ComboValue!$N$2:$O$70,2,FALSE) & ",") & IF(ISBLANK(V112),"",VLOOKUP(V112,ComboValue!$N$2:$O$70,2,FALSE) & ",") & IF(ISBLANK(W112),"",VLOOKUP(W112,ComboValue!$N$2:$O$70,2,FALSE) & ",") & IF(ISBLANK(X112),"",VLOOKUP(X112,ComboValue!$N$2:$O$70,2,FALSE) & ",") & IF(ISBLANK(Y112),"",VLOOKUP(Y112,ComboValue!$N$2:$O$70,2,FALSE) & ",") & IF(ISBLANK(Z112),"",VLOOKUP(Z112,ComboValue!$N$2:$O$70,2,FALSE) & ",") & IF(ISBLANK(AA112),"",VLOOKUP(AA112,ComboValue!$N$2:$O$70,2,FALSE) & ",") & IF(ISBLANK(AB112),"",VLOOKUP(AB112,ComboValue!$N$2:$O$70,2,FALSE) & ",") & IF(ISBLANK(AC112),"",VLOOKUP(AC112,ComboValue!$N$2:$O$70,2,FALSE) & ",") & IF(ISBLANK(AD112),"",VLOOKUP(AD112,ComboValue!$N$2:$O$70,2,FALSE) & ",") & IF(ISBLANK(AE112),"",VLOOKUP(AE112,ComboValue!$N$2:$O$70,2,FALSE) & ",") & IF(ISBLANK(AF112),"",VLOOKUP(AF112,ComboValue!$N$2:$O$70,2,FALSE) & ",") & IF(ISBLANK(AG112),"",VLOOKUP(AG112,ComboValue!$N$2:$O$70,2,FALSE) & ",") & IF(ISBLANK(AH112),"",VLOOKUP(AH112,ComboValue!$N$2:$O$70,2,FALSE) & ",") & IF(ISBLANK(AI112),"",VLOOKUP(AI112,ComboValue!$N$2:$O$70,2,FALSE) & ",") & IF(ISBLANK(AJ112),"",VLOOKUP(AJ112,ComboValue!$N$2:$O$70,2,FALSE) & ",") & IF(ISBLANK(AK112),"",VLOOKUP(AK112,ComboValue!$N$2:$O$70,2,FALSE) & ",") & IF(ISBLANK(AL112),"",VLOOKUP(AL112,ComboValue!$N$2:$O$70,2,FALSE) & ",") & IF(ISBLANK(AM112),"",VLOOKUP(AM112,ComboValue!$N$2:$O$70,2,FALSE) & ",") & IF(ISBLANK(AN112),"",VLOOKUP(AN112,ComboValue!$N$2:$O$70,2,FALSE) & ",") & IF(ISBLANK(AO112),"",VLOOKUP(AO112,ComboValue!$N$2:$O$70,2,FALSE) & ",") & IF(ISBLANK(AP112),"",VLOOKUP(AP112,ComboValue!$N$2:$O$70,2,FALSE) & ",") & IF(ISBLANK(AQ112),"",VLOOKUP(AQ112,ComboValue!$N$2:$O$70,2,FALSE) & ",") & IF(ISBLANK(AR112),"",VLOOKUP(AR112,ComboValue!$N$2:$O$70,2,FALSE) & ",") & IF(ISBLANK(AS112),"",VLOOKUP(AS112,ComboValue!$N$2:$O$70,2,FALSE) & ",") & IF(ISBLANK(AT112),"",VLOOKUP(AT112,ComboValue!$N$2:$O$70,2,FALSE) & ",") & IF(ISBLANK(AU112),"",VLOOKUP(AU112,ComboValue!$N$2:$O$70,2,FALSE) & ",") & IF(ISBLANK(AV112),"",VLOOKUP(AV112,ComboValue!$N$2:$O$70,2,FALSE) & ",") | BC112: =IF(AND(ISNUMBER(SEARCH("04",AX112)),NOT(OR("C_01"=AZ112,"C_01b"=AZ112,"C_02"=AZ112,"C_03"=AZ112))),"01,","") & IF(OR(AND("C_01"=AZ112,NOT("04"=BA112)),AND("C_02"=AZ112,NOT("04"=BA112)),AND("C_03"=AZ112,NOT("04"=BA112)),AND("C_04"=AZ112,NOT("01"=BA112)),AND("C_05"=AZ112,NOT("01"=BA112)),AND("C_06"=AZ112,OR("04"=BA112,BA112="")),AND("C_07"=AZ112,OR("04"=BA112,BA112="")),AND("C_08"=AZ112,NOT("03"=BA112)),AND("C_09"=AZ112,NOT("03"=BA112)),AND("C_10"=AZ112,NOT("04"=BA112)),AND("C_11"=AZ112,NOT("04"=BA112)),AND("C_12"=AZ112,NOT("04"=BA112)),AND("C_13"=AZ112,NOT("04"=BA112)),AND("C_14"=AZ112,NOT("04"=BA112))),"02,","") & IF(AND(OR(ISNUMBER(SEARCH("11",BB112)),ISNUMBER(SEARCH("12",BB112))),NOT("01"=BA112)),"03,","") & IF(AND(ISNUMBER(SEARCH("13",BB112)),NOT("02"=BA112)),"04,","") | BE112: =IF(ISNUMBER(SEARCH("01",AX112)),O112,"") | BF112: =IF(ISNUMBER(SEARCH("02",AX112)),O112,"") | BG112: =IF(ISNUMBER(SEARCH("03",AX112)),O112,"") | BH112: =IF(ISNUMBER(SEARCH("04",AX112)),O112,"") | BI112: =IF(ISNUMBER(SEARCH("05",AX112)),O112,"") | BJ112: =IF(ISNUMBER(SEARCH("06",AX112)),O112,"") | BK112: =IF(ISNUMBER(SEARCH("07",AX112)),O112,"") | BL112: =IF(ISNUMBER(SEARCH("08",AX112)),O112,"") | BM112: =IF(ISNUMBER(SEARCH("09",AX112)),O112,"") | BN112: =IF(ISNUMBER(SEARCH("10",AX112)),O112,"") | BO112: =IF(BF112="",0,BF112) -> 0 | BP112: =IF(BI112="",0,BI112-BQ112-BO112) -> 0 | BQ112: =IF(BJ112="",0,BJ112-BO112) -> 0 | BR112: =IF(BK112="",0,BK112-BS112-BP112-BQ112-BO112) -> 0 | BS112: =IF(BK112="",0,BK112-BP112-BQ112-BO112) -> 0 | BT112: =IF(BL112="",0,BL112-BR112-BS112-BP112-BQ112-BO112) -> 0 | BU112: =IF(AZ112="D_01",O112,"") | BV112: =IF(AZ112="D_01b",O112,"") | BW112: =IF(AZ112="D_02",O112,"") | BX112: =IF(AZ112="D_03",O112,"") | BY112: =IF(AND(OR(AZ112="D_04",AZ112="D_06"),BA112="01"),O112,"") | BZ112: =IF(AND(OR(AZ112="D_05",AZ112="D_07"),BA112="01"),O112,"") | CA112: =IF(AND(AZ112="D_06",BA112="02"),O112,"") | CB112: =IF(AND(AZ112="D_07",BA112="02"),O112,"") | CC112: =IF(AND(OR(AZ112="D_06",AZ112="D_08"),BA112="03"),O112,"") | CD112: =IF(AND(OR(AZ112="D_07",AZ112="D_09"),BA112="03"),O112,"") | CE112: =IF(AZ112="D_10",O112,"") | CF112: =IF(AZ112="D_11",O112,"") | CG112: =IF(AZ112="D_12",O112,"") | CH112: =IF(AZ112="D_13",O112,"") | CI112: =IF(AZ112="D_14",O112,"") | CJ112: =IF(AZ112="D_15",O112,"") | CK112: =IF(AND(AZ112="D_16",OR(ISNUMBER(SEARCH("34",BB112)),ISNUMBER(SEARCH("35",BB112)),ISNUMBER(SEARCH("38",BB112)),ISNUMBER(SEARCH("40",BB112)),ISNUMBER(SEARCH("41",BB112)),ISNUMBER(SEARCH("42",BB112)),ISNUMBER(SEARCH("43",BB112)),ISNUMBER(SEARCH("46",BB112)),ISNUMBER(SEARCH("47",BB112)),ISNUMBER(SEARCH("48",BB112)),ISNUMBER(SEARCH("53",BB112)),ISNUMBER(SEARCH("55",BB112)),ISNUMBER(SEARCH("58",BB112)))),O112-IF(ISNUMBER(CL112),CL112,0),"") | CL112: =IF(AND(AZ112="D_16",OR(ISNUMBER(SEARCH("01",BB112)),ISNUMBER(SEARCH("02",BB112)),ISNUMBER(SEARCH("03",BB112)),ISNUMBER(SEARCH("04",BB112)),ISNUMBER(SEARCH("05",BB112)),ISNUMBER(SEARCH("06",BB112)),ISNUMBER(SEARCH("07",BB112)),ISNUMBER(SEARCH("08",BB112)),ISNUMBER(SEARCH("09",BB112)),ISNUMBER(SEARCH("10",BB112)),ISNUMBER(SEARCH("11",BB112)),ISNUMBER(SEARCH("12",BB112)),ISNUMBER(SEARCH("13",BB112)),ISNUMBER(SEARCH("14",BB112)),ISNUMBER(SEARCH("15",BB112)),ISNUMBER(SEARCH("16",BB112)),ISNUMBER(SEARCH("17",BB112)),ISNUMBER(SEARCH("18",BB112)),ISNUMBER(SEARCH("19",BB112)),ISNUMBER(SEARCH("20",BB112)),ISNUMBER(SEARCH("21",BB112)),ISNUMBER(SEARCH("22",BB112)),ISNUMBER(SEARCH("23",BB112)),ISNUMBER(SEARCH("24",BB112)),ISNUMBER(SEARCH("25",BB112)),ISNUMBER(SEARCH("26",BB112)),ISNUMBER(SEARCH("27",BB112)),ISNUMBER(SEARCH("28",BB112)),ISNUMBER(SEARCH("29",BB112)),ISNUMBER(SEARCH("30",BB112)),ISNUMBER(SEARCH("31",BB112)),ISNUMBER(SEARCH("32",BB112)),ISNUMBER(SEARCH("33",BB112)),ISNUMBER(SEARCH("36",BB112)),ISNUMBER(SEARCH("37",BB112)),ISNUMBER(SEARCH("39",BB112)),ISNUMBER(SEARCH("44",BB112)),ISNUMBER(SEARCH("45",BB112)),ISNUMBER(SEARCH("49",BB112)),ISNUMBER(SEARCH("50",BB112)),ISNUMBER(SEARCH("51",BB112)),ISNUMBER(SEARCH("52",BB112)),ISNUMBER(SEARCH("54",BB112)),ISNUMBER(SEARCH("56",BB112)),ISNUMBER(SEARCH("57",BB112)),ISNUMBER(SEARCH("59",BB112)),ISNUMBER(SEARCH("60",BB112)),ISNUMBER(SEARCH("61",BB112)),ISNUMBER(SEARCH("62",BB112)),ISNUMBER(SEARCH("63",BB112)),ISNUMBER(SEARCH("64",BB112)),ISNUMBER(SEARCH("65",BB112)),ISNUMBER(SEARCH("66",BB112)))),O112,"") | CM112: =IF(OR(ISNUMBER(SEARCH("44",BB112)),ISNUMBER(SEARCH("45",BB112)),ISNUMBER(SEARCH("46",BB112)),ISNUMBER(SEARCH("47",BB112)),ISNUMBER(SEARCH("50",BB112)),ISNUMBER(SEARCH("51",BB112)),ISNUMBER(SEARCH("52",BB112)),ISNUMBER(SEARCH("53",BB112)),ISNUMBER(SEARCH("54",BB112)),ISNUMBER(SEARCH("55",BB112)),ISNUMBER(SEARCH("56",BB112)),ISNUMBER(SEARCH("57",BB112)),ISNUMBER(SEARCH("59",BB112))),B112 & ",","") | CR112: =IF(OR(AZ112="D_15", CM112<>"",CN112<>"",CO112<>"",CP112<>""), "YES", "NO") -> NO | CS112: =IF(ISNUMBER(SEARCH("01",AX112)),B112 & ",","") | CT112: =IF(ISNUMBER(SEARCH("02",AX112)),B112 & ",","") | CU112: =IF(ISNUMBER(SEARCH("03",AX112)),B112 & ",","") | CV112: =IF(ISNUMBER(SEARCH("04",AX112)),B112 & ",","") | CW112: =IF(ISNUMBER(SEARCH("05",AX112)),B112 & ",","") | CX112: =IF(ISNUMBER(SEARCH("06",AX112)),B112 & ",","") | CY112: =IF(ISNUMBER(SEARCH("07",AX112)),B112 & ",","") | CZ112: =IF(ISNUMBER(SEARCH("08",AX112)),B112 & ",","") | DA112: =IF(ISNUMBER(SEARCH("09",AX112)),B112 & ",","") | DB112: =IF(ISNUMBER(SEARCH("10",AX112)),B112 & ",","") | DC112: =IF(ISNUMBER(SEARCH("01",BC112)),B112 & ",","") | DD112: =IF(ISNUMBER(SEARCH("02",BC112)),B112 & ",","") | DE112: =IF(ISNUMBER(SEARCH("03",BC112)),B112 & ",","") | DF112: =IF(ISNUMBER(SEARCH("04",BC112)),B112 & ",","")
B113: 108 | P113: =IF(ISBLANK(M113),"",VLOOKUP(M113,ComboValue!$E$2:$I$18,5,FALSE)) | R113: {=IF(OR(ISNUMBER(SEARCH("GHS05",$D113:$L113)),ISNUMBER(SEARCH("GHS06",$D113:$L113)),ISNUMBER(SEARCH("GHS07",$D113:$L113)),ISNUMBER(SEARCH("GHS08",$D113:$L113)),ISNUMBER(SEARCH("geen pictogram",$D113:$L113)),ISNUMBER(SEARCH("GHS09",$D113:$L113)),ISNUMBER(SEARCH("GHS05",$D113:$L113))),"JA","NEE")} -> NEE | AX113: =IF(ISBLANK(D113),"",VLOOKUP(D113,ComboValue!$B$2:$C$11,2,FALSE) & ",") & IF(ISBLANK(E113),"",VLOOKUP(E113,ComboValue!$B$2:$C$11,2,FALSE) & ",") & IF(ISBLANK(F113),"",VLOOKUP(F113,ComboValue!$B$2:$C$11,2,FALSE) & ",") & IF(ISBLANK(G113),"",VLOOKUP(G113,ComboValue!$B$2:$C$11,2,FALSE) & ",") & IF(ISBLANK(H113),"",VLOOKUP(H113,ComboValue!$B$2:$C$11,2,FALSE) & ",") & IF(ISBLANK(I113),"",VLOOKUP(I113,ComboValue!$B$2:$C$11,2,FALSE) & ",") & IF(ISBLANK(J113),"",VLOOKUP(J113,ComboValue!$B$2:$C$11,2,FALSE) & ",") & IF(ISBLANK(K113),"",VLOOKUP(K113,ComboValue!$B$2:$C$11,2,FALSE) & ",") & IF(ISBLANK(L113),"",VLOOKUP(L113,ComboValue!$B$2:$C$11,2,FALSE) & ",") | AY113: =IF(ISNUMBER(SEARCH("04",AX113)),"Gaz_Nl","Tous_NL") -> Tous_NL | AZ113: =IF(ISBLANK(M113),"",VLOOKUP(M113,ComboValue!$E$2:$G$18,3,FALSE)) | BA113: =IF(ISBLANK(N113),"",VLOOKUP(N113,ComboValue!$K$2:$L$5,2,FALSE)) | BB113: =IF(ISBLANK(S113),"",VLOOKUP(S113,ComboValue!$N$2:$O$70,2,FALSE) & ",") & IF(ISBLANK(T113),"",VLOOKUP(T113,ComboValue!$N$2:$O$70,2,FALSE) & ",") & IF(ISBLANK(U113),"",VLOOKUP(U113,ComboValue!$N$2:$O$70,2,FALSE) & ",") & IF(ISBLANK(V113),"",VLOOKUP(V113,ComboValue!$N$2:$O$70,2,FALSE) & ",") & IF(ISBLANK(W113),"",VLOOKUP(W113,ComboValue!$N$2:$O$70,2,FALSE) & ",") & IF(ISBLANK(X113),"",VLOOKUP(X113,ComboValue!$N$2:$O$70,2,FALSE) & ",") & IF(ISBLANK(Y113),"",VLOOKUP(Y113,ComboValue!$N$2:$O$70,2,FALSE) & ",") & IF(ISBLANK(Z113),"",VLOOKUP(Z113,ComboValue!$N$2:$O$70,2,FALSE) & ",") & IF(ISBLANK(AA113),"",VLOOKUP(AA113,ComboValue!$N$2:$O$70,2,FALSE) & ",") & IF(ISBLANK(AB113),"",VLOOKUP(AB113,ComboValue!$N$2:$O$70,2,FALSE) & ",") & IF(ISBLANK(AC113),"",VLOOKUP(AC113,ComboValue!$N$2:$O$70,2,FALSE) & ",") & IF(ISBLANK(AD113),"",VLOOKUP(AD113,ComboValue!$N$2:$O$70,2,FALSE) & ",") & IF(ISBLANK(AE113),"",VLOOKUP(AE113,ComboValue!$N$2:$O$70,2,FALSE) & ",") & IF(ISBLANK(AF113),"",VLOOKUP(AF113,ComboValue!$N$2:$O$70,2,FALSE) & ",") & IF(ISBLANK(AG113),"",VLOOKUP(AG113,ComboValue!$N$2:$O$70,2,FALSE) & ",") & IF(ISBLANK(AH113),"",VLOOKUP(AH113,ComboValue!$N$2:$O$70,2,FALSE) & ",") & IF(ISBLANK(AI113),"",VLOOKUP(AI113,ComboValue!$N$2:$O$70,2,FALSE) & ",") & IF(ISBLANK(AJ113),"",VLOOKUP(AJ113,ComboValue!$N$2:$O$70,2,FALSE) & ",") & IF(ISBLANK(AK113),"",VLOOKUP(AK113,ComboValue!$N$2:$O$70,2,FALSE) & ",") & IF(ISBLANK(AL113),"",VLOOKUP(AL113,ComboValue!$N$2:$O$70,2,FALSE) & ",") & IF(ISBLANK(AM113),"",VLOOKUP(AM113,ComboValue!$N$2:$O$70,2,FALSE) & ",") & IF(ISBLANK(AN113),"",VLOOKUP(AN113,ComboValue!$N$2:$O$70,2,FALSE) & ",") & IF(ISBLANK(AO113),"",VLOOKUP(AO113,ComboValue!$N$2:$O$70,2,FALSE) & ",") & IF(ISBLANK(AP113),"",VLOOKUP(AP113,ComboValue!$N$2:$O$70,2,FALSE) & ",") & IF(ISBLANK(AQ113),"",VLOOKUP(AQ113,ComboValue!$N$2:$O$70,2,FALSE) & ",") & IF(ISBLANK(AR113),"",VLOOKUP(AR113,ComboValue!$N$2:$O$70,2,FALSE) & ",") & IF(ISBLANK(AS113),"",VLOOKUP(AS113,ComboValue!$N$2:$O$70,2,FALSE) & ",") & IF(ISBLANK(AT113),"",VLOOKUP(AT113,ComboValue!$N$2:$O$70,2,FALSE) & ",") & IF(ISBLANK(AU113),"",VLOOKUP(AU113,ComboValue!$N$2:$O$70,2,FALSE) & ",") & IF(ISBLANK(AV113),"",VLOOKUP(AV113,ComboValue!$N$2:$O$70,2,FALSE) & ",") | BC113: =IF(AND(ISNUMBER(SEARCH("04",AX113)),NOT(OR("C_01"=AZ113,"C_01b"=AZ113,"C_02"=AZ113,"C_03"=AZ113))),"01,","") & IF(OR(AND("C_01"=AZ113,NOT("04"=BA113)),AND("C_02"=AZ113,NOT("04"=BA113)),AND("C_03"=AZ113,NOT("04"=BA113)),AND("C_04"=AZ113,NOT("01"=BA113)),AND("C_05"=AZ113,NOT("01"=BA113)),AND("C_06"=AZ113,OR("04"=BA113,BA113="")),AND("C_07"=AZ113,OR("04"=BA113,BA113="")),AND("C_08"=AZ113,NOT("03"=BA113)),AND("C_09"=AZ113,NOT("03"=BA113)),AND("C_10"=AZ113,NOT("04"=BA113)),AND("C_11"=AZ113,NOT("04"=BA113)),AND("C_12"=AZ113,NOT("04"=BA113)),AND("C_13"=AZ113,NOT("04"=BA113)),AND("C_14"=AZ113,NOT("04"=BA113))),"02,","") & IF(AND(OR(ISNUMBER(SEARCH("11",BB113)),ISNUMBER(SEARCH("12",BB113))),NOT("01"=BA113)),"03,","") & IF(AND(ISNUMBER(SEARCH("13",BB113)),NOT("02"=BA113)),"04,","") | BE113: =IF(ISNUMBER(SEARCH("01",AX113)),O113,"") | BF113: =IF(ISNUMBER(SEARCH("02",AX113)),O113,"") | BG113: =IF(ISNUMBER(SEARCH("03",AX113)),O113,"") | BH113: =IF(ISNUMBER(SEARCH("04",AX113)),O113,"") | BI113: =IF(ISNUMBER(SEARCH("05",AX113)),O113,"") | BJ113: =IF(ISNUMBER(SEARCH("06",AX113)),O113,"") | BK113: =IF(ISNUMBER(SEARCH("07",AX113)),O113,"") | BL113: =IF(ISNUMBER(SEARCH("08",AX113)),O113,"") | BM113: =IF(ISNUMBER(SEARCH("09",AX113)),O113,"") | BN113: =IF(ISNUMBER(SEARCH("10",AX113)),O113,"") | BO113: =IF(BF113="",0,BF113) -> 0 | BP113: =IF(BI113="",0,BI113-BQ113-BO113) -> 0 | BQ113: =IF(BJ113="",0,BJ113-BO113) -> 0 | BR113: =IF(BK113="",0,BK113-BS113-BP113-BQ113-BO113) -> 0 | BS113: =IF(BK113="",0,BK113-BP113-BQ113-BO113) -> 0 | BT113: =IF(BL113="",0,BL113-BR113-BS113-BP113-BQ113-BO113) -> 0 | BU113: =IF(AZ113="D_01",O113,"") | BV113: =IF(AZ113="D_01b",O113,"") | BW113: =IF(AZ113="D_02",O113,"") | BX113: =IF(AZ113="D_03",O113,"") | BY113: =IF(AND(OR(AZ113="D_04",AZ113="D_06"),BA113="01"),O113,"") | BZ113: =IF(AND(OR(AZ113="D_05",AZ113="D_07"),BA113="01"),O113,"") | CA113: =IF(AND(AZ113="D_06",BA113="02"),O113,"") | CB113: =IF(AND(AZ113="D_07",BA113="02"),O113,"") | CC113: =IF(AND(OR(AZ113="D_06",AZ113="D_08"),BA113="03"),O113,"") | CD113: =IF(AND(OR(AZ113="D_07",AZ113="D_09"),BA113="03"),O113,"") | CE113: =IF(AZ113="D_10",O113,"") | CF113: =IF(AZ113="D_11",O113,"") | CG113: =IF(AZ113="D_12",O113,"") | CH113: =IF(AZ113="D_13",O113,"") | CI113: =IF(AZ113="D_14",O113,"") | CJ113: =IF(AZ113="D_15",O113,"") | CK113: =IF(AND(AZ113="D_16",OR(ISNUMBER(SEARCH("34",BB113)),ISNUMBER(SEARCH("35",BB113)),ISNUMBER(SEARCH("38",BB113)),ISNUMBER(SEARCH("40",BB113)),ISNUMBER(SEARCH("41",BB113)),ISNUMBER(SEARCH("42",BB113)),ISNUMBER(SEARCH("43",BB113)),ISNUMBER(SEARCH("46",BB113)),ISNUMBER(SEARCH("47",BB113)),ISNUMBER(SEARCH("48",BB113)),ISNUMBER(SEARCH("53",BB113)),ISNUMBER(SEARCH("55",BB113)),ISNUMBER(SEARCH("58",BB113)))),O113-IF(ISNUMBER(CL113),CL113,0),"") | CL113: =IF(AND(AZ113="D_16",OR(ISNUMBER(SEARCH("01",BB113)),ISNUMBER(SEARCH("02",BB113)),ISNUMBER(SEARCH("03",BB113)),ISNUMBER(SEARCH("04",BB113)),ISNUMBER(SEARCH("05",BB113)),ISNUMBER(SEARCH("06",BB113)),ISNUMBER(SEARCH("07",BB113)),ISNUMBER(SEARCH("08",BB113)),ISNUMBER(SEARCH("09",BB113)),ISNUMBER(SEARCH("10",BB113)),ISNUMBER(SEARCH("11",BB113)),ISNUMBER(SEARCH("12",BB113)),ISNUMBER(SEARCH("13",BB113)),ISNUMBER(SEARCH("14",BB113)),ISNUMBER(SEARCH("15",BB113)),ISNUMBER(SEARCH("16",BB113)),ISNUMBER(SEARCH("17",BB113)),ISNUMBER(SEARCH("18",BB113)),ISNUMBER(SEARCH("19",BB113)),ISNUMBER(SEARCH("20",BB113)),ISNUMBER(SEARCH("21",BB113)),ISNUMBER(SEARCH("22",BB113)),ISNUMBER(SEARCH("23",BB113)),ISNUMBER(SEARCH("24",BB113)),ISNUMBER(SEARCH("25",BB113)),ISNUMBER(SEARCH("26",BB113)),ISNUMBER(SEARCH("27",BB113)),ISNUMBER(SEARCH("28",BB113)),ISNUMBER(SEARCH("29",BB113)),ISNUMBER(SEARCH("30",BB113)),ISNUMBER(SEARCH("31",BB113)),ISNUMBER(SEARCH("32",BB113)),ISNUMBER(SEARCH("33",BB113)),ISNUMBER(SEARCH("36",BB113)),ISNUMBER(SEARCH("37",BB113)),ISNUMBER(SEARCH("39",BB113)),ISNUMBER(SEARCH("44",BB113)),ISNUMBER(SEARCH("45",BB113)),ISNUMBER(SEARCH("49",BB113)),ISNUMBER(SEARCH("50",BB113)),ISNUMBER(SEARCH("51",BB113)),ISNUMBER(SEARCH("52",BB113)),ISNUMBER(SEARCH("54",BB113)),ISNUMBER(SEARCH("56",BB113)),ISNUMBER(SEARCH("57",BB113)),ISNUMBER(SEARCH("59",BB113)),ISNUMBER(SEARCH("60",BB113)),ISNUMBER(SEARCH("61",BB113)),ISNUMBER(SEARCH("62",BB113)),ISNUMBER(SEARCH("63",BB113)),ISNUMBER(SEARCH("64",BB113)),ISNUMBER(SEARCH("65",BB113)),ISNUMBER(SEARCH("66",BB113)))),O113,"") | CM113: =IF(OR(ISNUMBER(SEARCH("44",BB113)),ISNUMBER(SEARCH("45",BB113)),ISNUMBER(SEARCH("46",BB113)),ISNUMBER(SEARCH("47",BB113)),ISNUMBER(SEARCH("50",BB113)),ISNUMBER(SEARCH("51",BB113)),ISNUMBER(SEARCH("52",BB113)),ISNUMBER(SEARCH("53",BB113)),ISNUMBER(SEARCH("54",BB113)),ISNUMBER(SEARCH("55",BB113)),ISNUMBER(SEARCH("56",BB113)),ISNUMBER(SEARCH("57",BB113)),ISNUMBER(SEARCH("59",BB113))),B113 & ",","") | CR113: =IF(OR(AZ113="D_15", CM113<>"",CN113<>"",CO113<>"",CP113<>""), "YES", "NO") -> NO | CS113: =IF(ISNUMBER(SEARCH("01",AX113)),B113 & ",","") | CT113: =IF(ISNUMBER(SEARCH("02",AX113)),B113 & ",","") | CU113: =IF(ISNUMBER(SEARCH("03",AX113)),B113 & ",","") | CV113: =IF(ISNUMBER(SEARCH("04",AX113)),B113 & ",","") | CW113: =IF(ISNUMBER(SEARCH("05",AX113)),B113 & ",","") | CX113: =IF(ISNUMBER(SEARCH("06",AX113)),B113 & ",","") | CY113: =IF(ISNUMBER(SEARCH("07",AX113)),B113 & ",","") | CZ113: =IF(ISNUMBER(SEARCH("08",AX113)),B113 & ",","") | DA113: =IF(ISNUMBER(SEARCH("09",AX113)),B113 & ",","") | DB113: =IF(ISNUMBER(SEARCH("10",AX113)),B113 & ",","") | DC113: =IF(ISNUMBER(SEARCH("01",BC113)),B113 & ",","") | DD113: =IF(ISNUMBER(SEARCH("02",BC113)),B113 & ",","") | DE113: =IF(ISNUMBER(SEARCH("03",BC113)),B113 & ",","") | DF113: =IF(ISNUMBER(SEARCH("04",BC113)),B113 & ",","")
B114: 109 | P114: =IF(ISBLANK(M114),"",VLOOKUP(M114,ComboValue!$E$2:$I$18,5,FALSE)) | R114: {=IF(OR(ISNUMBER(SEARCH("GHS05",$D114:$L114)),ISNUMBER(SEARCH("GHS06",$D114:$L114)),ISNUMBER(SEARCH("GHS07",$D114:$L114)),ISNUMBER(SEARCH("GHS08",$D114:$L114)),ISNUMBER(SEARCH("geen pictogram",$D114:$L114)),ISNUMBER(SEARCH("GHS09",$D114:$L114)),ISNUMBER(SEARCH("GHS05",$D114:$L114))),"JA","NEE")} -> NEE | AX114: =IF(ISBLANK(D114),"",VLOOKUP(D114,ComboValue!$B$2:$C$11,2,FALSE) & ",") & IF(ISBLANK(E114),"",VLOOKUP(E114,ComboValue!$B$2:$C$11,2,FALSE) & ",") & IF(ISBLANK(F114),"",VLOOKUP(F114,ComboValue!$B$2:$C$11,2,FALSE) & ",") & IF(ISBLANK(G114),"",VLOOKUP(G114,ComboValue!$B$2:$C$11,2,FALSE) & ",") & IF(ISBLANK(H114),"",VLOOKUP(H114,ComboValue!$B$2:$C$11,2,FALSE) & ",") & IF(ISBLANK(I114),"",VLOOKUP(I114,ComboValue!$B$2:$C$11,2,FALSE) & ",") & IF(ISBLANK(J114),"",VLOOKUP(J114,ComboValue!$B$2:$C$11,2,FALSE) & ",") & IF(ISBLANK(K114),"",VLOOKUP(K114,ComboValue!$B$2:$C$11,2,FALSE) & ",") & IF(ISBLANK(L114),"",VLOOKUP(L114,ComboValue!$B$2:$C$11,2,FALSE) & ",") | AY114: =IF(ISNUMBER(SEARCH("04",AX114)),"Gaz_Nl","Tous_NL") -> Tous_NL | AZ114: =IF(ISBLANK(M114),"",VLOOKUP(M114,ComboValue!$E$2:$G$18,3,FALSE)) | BA114: =IF(ISBLANK(N114),"",VLOOKUP(N114,ComboValue!$K$2:$L$5,2,FALSE)) | BB114: =IF(ISBLANK(S114),"",VLOOKUP(S114,ComboValue!$N$2:$O$70,2,FALSE) & ",") & IF(ISBLANK(T114),"",VLOOKUP(T114,ComboValue!$N$2:$O$70,2,FALSE) & ",") & IF(ISBLANK(U114),"",VLOOKUP(U114,ComboValue!$N$2:$O$70,2,FALSE) & ",") & IF(ISBLANK(V114),"",VLOOKUP(V114,ComboValue!$N$2:$O$70,2,FALSE) & ",") & IF(ISBLANK(W114),"",VLOOKUP(W114,ComboValue!$N$2:$O$70,2,FALSE) & ",") & IF(ISBLANK(X114),"",VLOOKUP(X114,ComboValue!$N$2:$O$70,2,FALSE) & ",") & IF(ISBLANK(Y114),"",VLOOKUP(Y114,ComboValue!$N$2:$O$70,2,FALSE) & ",") & IF(ISBLANK(Z114),"",VLOOKUP(Z114,ComboValue!$N$2:$O$70,2,FALSE) & ",") & IF(ISBLANK(AA114),"",VLOOKUP(AA114,ComboValue!$N$2:$O$70,2,FALSE) & ",") & IF(ISBLANK(AB114),"",VLOOKUP(AB114,ComboValue!$N$2:$O$70,2,FALSE) & ",") & IF(ISBLANK(AC114),"",VLOOKUP(AC114,ComboValue!$N$2:$O$70,2,FALSE) & ",") & IF(ISBLANK(AD114),"",VLOOKUP(AD114,ComboValue!$N$2:$O$70,2,FALSE) & ",") & IF(ISBLANK(AE114),"",VLOOKUP(AE114,ComboValue!$N$2:$O$70,2,FALSE) & ",") & IF(ISBLANK(AF114),"",VLOOKUP(AF114,ComboValue!$N$2:$O$70,2,FALSE) & ",") & IF(ISBLANK(AG114),"",VLOOKUP(AG114,ComboValue!$N$2:$O$70,2,FALSE) & ",") & IF(ISBLANK(AH114),"",VLOOKUP(AH114,ComboValue!$N$2:$O$70,2,FALSE) & ",") & IF(ISBLANK(AI114),"",VLOOKUP(AI114,ComboValue!$N$2:$O$70,2,FALSE) & ",") & IF(ISBLANK(AJ114),"",VLOOKUP(AJ114,ComboValue!$N$2:$O$70,2,FALSE) & ",") & IF(ISBLANK(AK114),"",VLOOKUP(AK114,ComboValue!$N$2:$O$70,2,FALSE) & ",") & IF(ISBLANK(AL114),"",VLOOKUP(AL114,ComboValue!$N$2:$O$70,2,FALSE) & ",") & IF(ISBLANK(AM114),"",VLOOKUP(AM114,ComboValue!$N$2:$O$70,2,FALSE) & ",") & IF(ISBLANK(AN114),"",VLOOKUP(AN114,ComboValue!$N$2:$O$70,2,FALSE) & ",") & IF(ISBLANK(AO114),"",VLOOKUP(AO114,ComboValue!$N$2:$O$70,2,FALSE) & ",") & IF(ISBLANK(AP114),"",VLOOKUP(AP114,ComboValue!$N$2:$O$70,2,FALSE) & ",") & IF(ISBLANK(AQ114),"",VLOOKUP(AQ114,ComboValue!$N$2:$O$70,2,FALSE) & ",") & IF(ISBLANK(AR114),"",VLOOKUP(AR114,ComboValue!$N$2:$O$70,2,FALSE) & ",") & IF(ISBLANK(AS114),"",VLOOKUP(AS114,ComboValue!$N$2:$O$70,2,FALSE) & ",") & IF(ISBLANK(AT114),"",VLOOKUP(AT114,ComboValue!$N$2:$O$70,2,FALSE) & ",") & IF(ISBLANK(AU114),"",VLOOKUP(AU114,ComboValue!$N$2:$O$70,2,FALSE) & ",") & IF(ISBLANK(AV114),"",VLOOKUP(AV114,ComboValue!$N$2:$O$70,2,FALSE) & ",") | BC114: =IF(AND(ISNUMBER(SEARCH("04",AX114)),NOT(OR("C_01"=AZ114,"C_01b"=AZ114,"C_02"=AZ114,"C_03"=AZ114))),"01,","") & IF(OR(AND("C_01"=AZ114,NOT("04"=BA114)),AND("C_02"=AZ114,NOT("04"=BA114)),AND("C_03"=AZ114,NOT("04"=BA114)),AND("C_04"=AZ114,NOT("01"=BA114)),AND("C_05"=AZ114,NOT("01"=BA114)),AND("C_06"=AZ114,OR("04"=BA114,BA114="")),AND("C_07"=AZ114,OR("04"=BA114,BA114="")),AND("C_08"=AZ114,NOT("03"=BA114)),AND("C_09"=AZ114,NOT("03"=BA114)),AND("C_10"=AZ114,NOT("04"=BA114)),AND("C_11"=AZ114,NOT("04"=BA114)),AND("C_12"=AZ114,NOT("04"=BA114)),AND("C_13"=AZ114,NOT("04"=BA114)),AND("C_14"=AZ114,NOT("04"=BA114))),"02,","") & IF(AND(OR(ISNUMBER(SEARCH("11",BB114)),ISNUMBER(SEARCH("12",BB114))),NOT("01"=BA114)),"03,","") & IF(AND(ISNUMBER(SEARCH("13",BB114)),NOT("02"=BA114)),"04,","") | BE114: =IF(ISNUMBER(SEARCH("01",AX114)),O114,"") | BF114: =IF(ISNUMBER(SEARCH("02",AX114)),O114,"") | BG114: =IF(ISNUMBER(SEARCH("03",AX114)),O114,"") | BH114: =IF(ISNUMBER(SEARCH("04",AX114)),O114,"") | BI114: =IF(ISNUMBER(SEARCH("05",AX114)),O114,"") | BJ114: =IF(ISNUMBER(SEARCH("06",AX114)),O114,"") | BK114: =IF(ISNUMBER(SEARCH("07",AX114)),O114,"") | BL114: =IF(ISNUMBER(SEARCH("08",AX114)),O114,"") | BM114: =IF(ISNUMBER(SEARCH("09",AX114)),O114,"") | BN114: =IF(ISNUMBER(SEARCH("10",AX114)),O114,"") | BO114: =IF(BF114="",0,BF114) -> 0 | BP114: =IF(BI114="",0,BI114-BQ114-BO114) -> 0 | BQ114: =IF(BJ114="",0,BJ114-BO114) -> 0 | BR114: =IF(BK114="",0,BK114-BS114-BP114-BQ114-BO114) -> 0 | BS114: =IF(BK114="",0,BK114-BP114-BQ114-BO114) -> 0 | BT114: =IF(BL114="",0,BL114-BR114-BS114-BP114-BQ114-BO114) -> 0 | BU114: =IF(AZ114="D_01",O114,"") | BV114: =IF(AZ114="D_01b",O114,"") | BW114: =IF(AZ114="D_02",O114,"") | BX114: =IF(AZ114="D_03",O114,"") | BY114: =IF(AND(OR(AZ114="D_04",AZ114="D_06"),BA114="01"),O114,"") | BZ114: =IF(AND(OR(AZ114="D_05",AZ114="D_07"),BA114="01"),O114,"") | CA114: =IF(AND(AZ114="D_06",BA114="02"),O114,"") | CB114: =IF(AND(AZ114="D_07",BA114="02"),O114,"") | CC114: =IF(AND(OR(AZ114="D_06",AZ114="D_08"),BA114="03"),O114,"") | CD114: =IF(AND(OR(AZ114="D_07",AZ114="D_09"),BA114="03"),O114,"") | CE114: =IF(AZ114="D_10",O114,"") | CF114: =IF(AZ114="D_11",O114,"") | CG114: =IF(AZ114="D_12",O114,"") | CH114: =IF(AZ114="D_13",O114,"") | CI114: =IF(AZ114="D_14",O114,"") | CJ114: =IF(AZ114="D_15",O114,"") | CK114: =IF(AND(AZ114="D_16",OR(ISNUMBER(SEARCH("34",BB114)),ISNUMBER(SEARCH("35",BB114)),ISNUMBER(SEARCH("38",BB114)),ISNUMBER(SEARCH("40",BB114)),ISNUMBER(SEARCH("41",BB114)),ISNUMBER(SEARCH("42",BB114)),ISNUMBER(SEARCH("43",BB114)),ISNUMBER(SEARCH("46",BB114)),ISNUMBER(SEARCH("47",BB114)),ISNUMBER(SEARCH("48",BB114)),ISNUMBER(SEARCH("53",BB114)),ISNUMBER(SEARCH("55",BB114)),ISNUMBER(SEARCH("58",BB114)))),O114-IF(ISNUMBER(CL114),CL114,0),"") | CL114: =IF(AND(AZ114="D_16",OR(ISNUMBER(SEARCH("01",BB114)),ISNUMBER(SEARCH("02",BB114)),ISNUMBER(SEARCH("03",BB114)),ISNUMBER(SEARCH("04",BB114)),ISNUMBER(SEARCH("05",BB114)),ISNUMBER(SEARCH("06",BB114)),ISNUMBER(SEARCH("07",BB114)),ISNUMBER(SEARCH("08",BB114)),ISNUMBER(SEARCH("09",BB114)),ISNUMBER(SEARCH("10",BB114)),ISNUMBER(SEARCH("11",BB114)),ISNUMBER(SEARCH("12",BB114)),ISNUMBER(SEARCH("13",BB114)),ISNUMBER(SEARCH("14",BB114)),ISNUMBER(SEARCH("15",BB114)),ISNUMBER(SEARCH("16",BB114)),ISNUMBER(SEARCH("17",BB114)),ISNUMBER(SEARCH("18",BB114)),ISNUMBER(SEARCH("19",BB114)),ISNUMBER(SEARCH("20",BB114)),ISNUMBER(SEARCH("21",BB114)),ISNUMBER(SEARCH("22",BB114)),ISNUMBER(SEARCH("23",BB114)),ISNUMBER(SEARCH("24",BB114)),ISNUMBER(SEARCH("25",BB114)),ISNUMBER(SEARCH("26",BB114)),ISNUMBER(SEARCH("27",BB114)),ISNUMBER(SEARCH("28",BB114)),ISNUMBER(SEARCH("29",BB114)),ISNUMBER(SEARCH("30",BB114)),ISNUMBER(SEARCH("31",BB114)),ISNUMBER(SEARCH("32",BB114)),ISNUMBER(SEARCH("33",BB114)),ISNUMBER(SEARCH("36",BB114)),ISNUMBER(SEARCH("37",BB114)),ISNUMBER(SEARCH("39",BB114)),ISNUMBER(SEARCH("44",BB114)),ISNUMBER(SEARCH("45",BB114)),ISNUMBER(SEARCH("49",BB114)),ISNUMBER(SEARCH("50",BB114)),ISNUMBER(SEARCH("51",BB114)),ISNUMBER(SEARCH("52",BB114)),ISNUMBER(SEARCH("54",BB114)),ISNUMBER(SEARCH("56",BB114)),ISNUMBER(SEARCH("57",BB114)),ISNUMBER(SEARCH("59",BB114)),ISNUMBER(SEARCH("60",BB114)),ISNUMBER(SEARCH("61",BB114)),ISNUMBER(SEARCH("62",BB114)),ISNUMBER(SEARCH("63",BB114)),ISNUMBER(SEARCH("64",BB114)),ISNUMBER(SEARCH("65",BB114)),ISNUMBER(SEARCH("66",BB114)))),O114,"") | CM114: =IF(OR(ISNUMBER(SEARCH("44",BB114)),ISNUMBER(SEARCH("45",BB114)),ISNUMBER(SEARCH("46",BB114)),ISNUMBER(SEARCH("47",BB114)),ISNUMBER(SEARCH("50",BB114)),ISNUMBER(SEARCH("51",BB114)),ISNUMBER(SEARCH("52",BB114)),ISNUMBER(SEARCH("53",BB114)),ISNUMBER(SEARCH("54",BB114)),ISNUMBER(SEARCH("55",BB114)),ISNUMBER(SEARCH("56",BB114)),ISNUMBER(SEARCH("57",BB114)),ISNUMBER(SEARCH("59",BB114))),B114 & ",","") | CR114: =IF(OR(AZ114="D_15", CM114<>"",CN114<>"",CO114<>"",CP114<>""), "YES", "NO") -> NO | CS114: =IF(ISNUMBER(SEARCH("01",AX114)),B114 & ",","") | CT114: =IF(ISNUMBER(SEARCH("02",AX114)),B114 & ",","") | CU114: =IF(ISNUMBER(SEARCH("03",AX114)),B114 & ",","") | CV114: =IF(ISNUMBER(SEARCH("04",AX114)),B114 & ",","") | CW114: =IF(ISNUMBER(SEARCH("05",AX114)),B114 & ",","") | CX114: =IF(ISNUMBER(SEARCH("06",AX114)),B114 & ",","") | CY114: =IF(ISNUMBER(SEARCH("07",AX114)),B114 & ",","") | CZ114: =IF(ISNUMBER(SEARCH("08",AX114)),B114 & ",","") | DA114: =IF(ISNUMBER(SEARCH("09",AX114)),B114 & ",","") | DB114: =IF(ISNUMBER(SEARCH("10",AX114)),B114 & ",","") | DC114: =IF(ISNUMBER(SEARCH("01",BC114)),B114 & ",","") | DD114: =IF(ISNUMBER(SEARCH("02",BC114)),B114 & ",","") | DE114: =IF(ISNUMBER(SEARCH("03",BC114)),B114 & ",","") | DF114: =IF(ISNUMBER(SEARCH("04",BC114)),B114 & ",","")
B115: 110 | P115: =IF(ISBLANK(M115),"",VLOOKUP(M115,ComboValue!$E$2:$I$18,5,FALSE)) | R115: {=IF(OR(ISNUMBER(SEARCH("GHS05",$D115:$L115)),ISNUMBER(SEARCH("GHS06",$D115:$L115)),ISNUMBER(SEARCH("GHS07",$D115:$L115)),ISNUMBER(SEARCH("GHS08",$D115:$L115)),ISNUMBER(SEARCH("geen pictogram",$D115:$L115)),ISNUMBER(SEARCH("GHS09",$D115:$L115)),ISNUMBER(SEARCH("GHS05",$D115:$L115))),"JA","NEE")} -> NEE | AX115: =IF(ISBLANK(D115),"",VLOOKUP(D115,ComboValue!$B$2:$C$11,2,FALSE) & ",") & IF(ISBLANK(E115),"",VLOOKUP(E115,ComboValue!$B$2:$C$11,2,FALSE) & ",") & IF(ISBLANK(F115),"",VLOOKUP(F115,ComboValue!$B$2:$C$11,2,FALSE) & ",") & IF(ISBLANK(G115),"",VLOOKUP(G115,ComboValue!$B$2:$C$11,2,FALSE) & ",") & IF(ISBLANK(H115),"",VLOOKUP(H115,ComboValue!$B$2:$C$11,2,FALSE) & ",") & IF(ISBLANK(I115),"",VLOOKUP(I115,ComboValue!$B$2:$C$11,2,FALSE) & ",") & IF(ISBLANK(J115),"",VLOOKUP(J115,ComboValue!$B$2:$C$11,2,FALSE) & ",") & IF(ISBLANK(K115),"",VLOOKUP(K115,ComboValue!$B$2:$C$11,2,FALSE) & ",") & IF(ISBLANK(L115),"",VLOOKUP(L115,ComboValue!$B$2:$C$11,2,FALSE) & ",") | AY115: =IF(ISNUMBER(SEARCH("04",AX115)),"Gaz_Nl","Tous_NL") -> Tous_NL | AZ115: =IF(ISBLANK(M115),"",VLOOKUP(M115,ComboValue!$E$2:$G$18,3,FALSE)) | BA115: =IF(ISBLANK(N115),"",VLOOKUP(N115,ComboValue!$K$2:$L$5,2,FALSE)) | BB115: =IF(ISBLANK(S115),"",VLOOKUP(S115,ComboValue!$N$2:$O$70,2,FALSE) & ",") & IF(ISBLANK(T115),"",VLOOKUP(T115,ComboValue!$N$2:$O$70,2,FALSE) & ",") & IF(ISBLANK(U115),"",VLOOKUP(U115,ComboValue!$N$2:$O$70,2,FALSE) & ",") & IF(ISBLANK(V115),"",VLOOKUP(V115,ComboValue!$N$2:$O$70,2,FALSE) & ",") & IF(ISBLANK(W115),"",VLOOKUP(W115,ComboValue!$N$2:$O$70,2,FALSE) & ",") & IF(ISBLANK(X115),"",VLOOKUP(X115,ComboValue!$N$2:$O$70,2,FALSE) & ",") & IF(ISBLANK(Y115),"",VLOOKUP(Y115,ComboValue!$N$2:$O$70,2,FALSE) & ",") & IF(ISBLANK(Z115),"",VLOOKUP(Z115,ComboValue!$N$2:$O$70,2,FALSE) & ",") & IF(ISBLANK(AA115),"",VLOOKUP(AA115,ComboValue!$N$2:$O$70,2,FALSE) & ",") & IF(ISBLANK(AB115),"",VLOOKUP(AB115,ComboValue!$N$2:$O$70,2,FALSE) & ",") & IF(ISBLANK(AC115),"",VLOOKUP(AC115,ComboValue!$N$2:$O$70,2,FALSE) & ",") & IF(ISBLANK(AD115),"",VLOOKUP(AD115,ComboValue!$N$2:$O$70,2,FALSE) & ",") & IF(ISBLANK(AE115),"",VLOOKUP(AE115,ComboValue!$N$2:$O$70,2,FALSE) & ",") & IF(ISBLANK(AF115),"",VLOOKUP(AF115,ComboValue!$N$2:$O$70,2,FALSE) & ",") & IF(ISBLANK(AG115),"",VLOOKUP(AG115,ComboValue!$N$2:$O$70,2,FALSE) & ",") & IF(ISBLANK(AH115),"",VLOOKUP(AH115,ComboValue!$N$2:$O$70,2,FALSE) & ",") & IF(ISBLANK(AI115),"",VLOOKUP(AI115,ComboValue!$N$2:$O$70,2,FALSE) & ",") & IF(ISBLANK(AJ115),"",VLOOKUP(AJ115,ComboValue!$N$2:$O$70,2,FALSE) & ",") & IF(ISBLANK(AK115),"",VLOOKUP(AK115,ComboValue!$N$2:$O$70,2,FALSE) & ",") & IF(ISBLANK(AL115),"",VLOOKUP(AL115,ComboValue!$N$2:$O$70,2,FALSE) & ",") & IF(ISBLANK(AM115),"",VLOOKUP(AM115,ComboValue!$N$2:$O$70,2,FALSE) & ",") & IF(ISBLANK(AN115),"",VLOOKUP(AN115,ComboValue!$N$2:$O$70,2,FALSE) & ",") & IF(ISBLANK(AO115),"",VLOOKUP(AO115,ComboValue!$N$2:$O$70,2,FALSE) & ",") & IF(ISBLANK(AP115),"",VLOOKUP(AP115,ComboValue!$N$2:$O$70,2,FALSE) & ",") & IF(ISBLANK(AQ115),"",VLOOKUP(AQ115,ComboValue!$N$2:$O$70,2,FALSE) & ",") & IF(ISBLANK(AR115),"",VLOOKUP(AR115,ComboValue!$N$2:$O$70,2,FALSE) & ",") & IF(ISBLANK(AS115),"",VLOOKUP(AS115,ComboValue!$N$2:$O$70,2,FALSE) & ",") & IF(ISBLANK(AT115),"",VLOOKUP(AT115,ComboValue!$N$2:$O$70,2,FALSE) & ",") & IF(ISBLANK(AU115),"",VLOOKUP(AU115,ComboValue!$N$2:$O$70,2,FALSE) & ",") & IF(ISBLANK(AV115),"",VLOOKUP(AV115,ComboValue!$N$2:$O$70,2,FALSE) & ",") | BC115: =IF(AND(ISNUMBER(SEARCH("04",AX115)),NOT(OR("C_01"=AZ115,"C_01b"=AZ115,"C_02"=AZ115,"C_03"=AZ115))),"01,","") & IF(OR(AND("C_01"=AZ115,NOT("04"=BA115)),AND("C_02"=AZ115,NOT("04"=BA115)),AND("C_03"=AZ115,NOT("04"=BA115)),AND("C_04"=AZ115,NOT("01"=BA115)),AND("C_05"=AZ115,NOT("01"=BA115)),AND("C_06"=AZ115,OR("04"=BA115,BA115="")),AND("C_07"=AZ115,OR("04"=BA115,BA115="")),AND("C_08"=AZ115,NOT("03"=BA115)),AND("C_09"=AZ115,NOT("03"=BA115)),AND("C_10"=AZ115,NOT("04"=BA115)),AND("C_11"=AZ115,NOT("04"=BA115)),AND("C_12"=AZ115,NOT("04"=BA115)),AND("C_13"=AZ115,NOT("04"=BA115)),AND("C_14"=AZ115,NOT("04"=BA115))),"02,","") & IF(AND(OR(ISNUMBER(SEARCH("11",BB115)),ISNUMBER(SEARCH("12",BB115))),NOT("01"=BA115)),"03,","") & IF(AND(ISNUMBER(SEARCH("13",BB115)),NOT("02"=BA115)),"04,","") | BE115: =IF(ISNUMBER(SEARCH("01",AX115)),O115,"") | BF115: =IF(ISNUMBER(SEARCH("02",AX115)),O115,"") | BG115: =IF(ISNUMBER(SEARCH("03",AX115)),O115,"") | BH115: =IF(ISNUMBER(SEARCH("04",AX115)),O115,"") | BI115: =IF(ISNUMBER(SEARCH("05",AX115)),O115,"") | BJ115: =IF(ISNUMBER(SEARCH("06",AX115)),O115,"") | BK115: =IF(ISNUMBER(SEARCH("07",AX115)),O115,"") | BL115: =IF(ISNUMBER(SEARCH("08",AX115)),O115,"") | BM115: =IF(ISNUMBER(SEARCH("09",AX115)),O115,"") | BN115: =IF(ISNUMBER(SEARCH("10",AX115)),O115,"") | BO115: =IF(BF115="",0,BF115) -> 0 | BP115: =IF(BI115="",0,BI115-BQ115-BO115) -> 0 | BQ115: =IF(BJ115="",0,BJ115-BO115) -> 0 | BR115: =IF(BK115="",0,BK115-BS115-BP115-BQ115-BO115) -> 0 | BS115: =IF(BK115="",0,BK115-BP115-BQ115-BO115) -> 0 | BT115: =IF(BL115="",0,BL115-BR115-BS115-BP115-BQ115-BO115) -> 0 | BU115: =IF(AZ115="D_01",O115,"") | BV115: =IF(AZ115="D_01b",O115,"") | BW115: =IF(AZ115="D_02",O115,"") | BX115: =IF(AZ115="D_03",O115,"") | BY115: =IF(AND(OR(AZ115="D_04",AZ115="D_06"),BA115="01"),O115,"") | BZ115: =IF(AND(OR(AZ115="D_05",AZ115="D_07"),BA115="01"),O115,"") | CA115: =IF(AND(AZ115="D_06",BA115="02"),O115,"") | CB115: =IF(AND(AZ115="D_07",BA115="02"),O115,"") | CC115: =IF(AND(OR(AZ115="D_06",AZ115="D_08"),BA115="03"),O115,"") | CD115: =IF(AND(OR(AZ115="D_07",AZ115="D_09"),BA115="03"),O115,"") | CE115: =IF(AZ115="D_10",O115,"") | CF115: =IF(AZ115="D_11",O115,"") | CG115: =IF(AZ115="D_12",O115,"") | CH115: =IF(AZ115="D_13",O115,"") | CI115: =IF(AZ115="D_14",O115,"") | CJ115: =IF(AZ115="D_15",O115,"") | CK115: =IF(AND(AZ115="D_16",OR(ISNUMBER(SEARCH("34",BB115)),ISNUMBER(SEARCH("35",BB115)),ISNUMBER(SEARCH("38",BB115)),ISNUMBER(SEARCH("40",BB115)),ISNUMBER(SEARCH("41",BB115)),ISNUMBER(SEARCH("42",BB115)),ISNUMBER(SEARCH("43",BB115)),ISNUMBER(SEARCH("46",BB115)),ISNUMBER(SEARCH("47",BB115)),ISNUMBER(SEARCH("48",BB115)),ISNUMBER(SEARCH("53",BB115)),ISNUMBER(SEARCH("55",BB115)),ISNUMBER(SEARCH("58",BB115)))),O115-IF(ISNUMBER(CL115),CL115,0),"") | CL115: =IF(AND(AZ115="D_16",OR(ISNUMBER(SEARCH("01",BB115)),ISNUMBER(SEARCH("02",BB115)),ISNUMBER(SEARCH("03",BB115)),ISNUMBER(SEARCH("04",BB115)),ISNUMBER(SEARCH("05",BB115)),ISNUMBER(SEARCH("06",BB115)),ISNUMBER(SEARCH("07",BB115)),ISNUMBER(SEARCH("08",BB115)),ISNUMBER(SEARCH("09",BB115)),ISNUMBER(SEARCH("10",BB115)),ISNUMBER(SEARCH("11",BB115)),ISNUMBER(SEARCH("12",BB115)),ISNUMBER(SEARCH("13",BB115)),ISNUMBER(SEARCH("14",BB115)),ISNUMBER(SEARCH("15",BB115)),ISNUMBER(SEARCH("16",BB115)),ISNUMBER(SEARCH("17",BB115)),ISNUMBER(SEARCH("18",BB115)),ISNUMBER(SEARCH("19",BB115)),ISNUMBER(SEARCH("20",BB115)),ISNUMBER(SEARCH("21",BB115)),ISNUMBER(SEARCH("22",BB115)),ISNUMBER(SEARCH("23",BB115)),ISNUMBER(SEARCH("24",BB115)),ISNUMBER(SEARCH("25",BB115)),ISNUMBER(SEARCH("26",BB115)),ISNUMBER(SEARCH("27",BB115)),ISNUMBER(SEARCH("28",BB115)),ISNUMBER(SEARCH("29",BB115)),ISNUMBER(SEARCH("30",BB115)),ISNUMBER(SEARCH("31",BB115)),ISNUMBER(SEARCH("32",BB115)),ISNUMBER(SEARCH("33",BB115)),ISNUMBER(SEARCH("36",BB115)),ISNUMBER(SEARCH("37",BB115)),ISNUMBER(SEARCH("39",BB115)),ISNUMBER(SEARCH("44",BB115)),ISNUMBER(SEARCH("45",BB115)),ISNUMBER(SEARCH("49",BB115)),ISNUMBER(SEARCH("50",BB115)),ISNUMBER(SEARCH("51",BB115)),ISNUMBER(SEARCH("52",BB115)),ISNUMBER(SEARCH("54",BB115)),ISNUMBER(SEARCH("56",BB115)),ISNUMBER(SEARCH("57",BB115)),ISNUMBER(SEARCH("59",BB115)),ISNUMBER(SEARCH("60",BB115)),ISNUMBER(SEARCH("61",BB115)),ISNUMBER(SEARCH("62",BB115)),ISNUMBER(SEARCH("63",BB115)),ISNUMBER(SEARCH("64",BB115)),ISNUMBER(SEARCH("65",BB115)),ISNUMBER(SEARCH("66",BB115)))),O115,"") | CM115: =IF(OR(ISNUMBER(SEARCH("44",BB115)),ISNUMBER(SEARCH("45",BB115)),ISNUMBER(SEARCH("46",BB115)),ISNUMBER(SEARCH("47",BB115)),ISNUMBER(SEARCH("50",BB115)),ISNUMBER(SEARCH("51",BB115)),ISNUMBER(SEARCH("52",BB115)),ISNUMBER(SEARCH("53",BB115)),ISNUMBER(SEARCH("54",BB115)),ISNUMBER(SEARCH("55",BB115)),ISNUMBER(SEARCH("56",BB115)),ISNUMBER(SEARCH("57",BB115)),ISNUMBER(SEARCH("59",BB115))),B115 & ",","") | CR115: =IF(OR(AZ115="D_15", CM115<>"",CN115<>"",CO115<>"",CP115<>""), "YES", "NO") -> NO | CS115: =IF(ISNUMBER(SEARCH("01",AX115)),B115 & ",","") | CT115: =IF(ISNUMBER(SEARCH("02",AX115)),B115 & ",","") | CU115: =IF(ISNUMBER(SEARCH("03",AX115)),B115 & ",","") | CV115: =IF(ISNUMBER(SEARCH("04",AX115)),B115 & ",","") | CW115: =IF(ISNUMBER(SEARCH("05",AX115)),B115 & ",","") | CX115: =IF(ISNUMBER(SEARCH("06",AX115)),B115 & ",","") | CY115: =IF(ISNUMBER(SEARCH("07",AX115)),B115 & ",","") | CZ115: =IF(ISNUMBER(SEARCH("08",AX115)),B115 & ",","") | DA115: =IF(ISNUMBER(SEARCH("09",AX115)),B115 & ",","") | DB115: =IF(ISNUMBER(SEARCH("10",AX115)),B115 & ",","") | DC115: =IF(ISNUMBER(SEARCH("01",BC115)),B115 & ",","") | DD115: =IF(ISNUMBER(SEARCH("02",BC115)),B115 & ",","") | DE115: =IF(ISNUMBER(SEARCH("03",BC115)),B115 & ",","") | DF115: =IF(ISNUMBER(SEARCH("04",BC115)),B115 & ",","")
B116: 111 | P116: =IF(ISBLANK(M116),"",VLOOKUP(M116,ComboValue!$E$2:$I$18,5,FALSE)) | R116: {=IF(OR(ISNUMBER(SEARCH("GHS05",$D116:$L116)),ISNUMBER(SEARCH("GHS06",$D116:$L116)),ISNUMBER(SEARCH("GHS07",$D116:$L116)),ISNUMBER(SEARCH("GHS08",$D116:$L116)),ISNUMBER(SEARCH("geen pictogram",$D116:$L116)),ISNUMBER(SEARCH("GHS09",$D116:$L116)),ISNUMBER(SEARCH("GHS05",$D116:$L116))),"JA","NEE")} -> NEE | AX116: =IF(ISBLANK(D116),"",VLOOKUP(D116,ComboValue!$B$2:$C$11,2,FALSE) & ",") & IF(ISBLANK(E116),"",VLOOKUP(E116,ComboValue!$B$2:$C$11,2,FALSE) & ",") & IF(ISBLANK(F116),"",VLOOKUP(F116,ComboValue!$B$2:$C$11,2,FALSE) & ",") & IF(ISBLANK(G116),"",VLOOKUP(G116,ComboValue!$B$2:$C$11,2,FALSE) & ",") & IF(ISBLANK(H116),"",VLOOKUP(H116,ComboValue!$B$2:$C$11,2,FALSE) & ",") & IF(ISBLANK(I116),"",VLOOKUP(I116,ComboValue!$B$2:$C$11,2,FALSE) & ",") & IF(ISBLANK(J116),"",VLOOKUP(J116,ComboValue!$B$2:$C$11,2,FALSE) & ",") & IF(ISBLANK(K116),"",VLOOKUP(K116,ComboValue!$B$2:$C$11,2,FALSE) & ",") & IF(ISBLANK(L116),"",VLOOKUP(L116,ComboValue!$B$2:$C$11,2,FALSE) & ",") | AY116: =IF(ISNUMBER(SEARCH("04",AX116)),"Gaz_Nl","Tous_NL") -> Tous_NL | AZ116: =IF(ISBLANK(M116),"",VLOOKUP(M116,ComboValue!$E$2:$G$18,3,FALSE)) | BA116: =IF(ISBLANK(N116),"",VLOOKUP(N116,ComboValue!$K$2:$L$5,2,FALSE)) | BB116: =IF(ISBLANK(S116),"",VLOOKUP(S116,ComboValue!$N$2:$O$70,2,FALSE) & ",") & IF(ISBLANK(T116),"",VLOOKUP(T116,ComboValue!$N$2:$O$70,2,FALSE) & ",") & IF(ISBLANK(U116),"",VLOOKUP(U116,ComboValue!$N$2:$O$70,2,FALSE) & ",") & IF(ISBLANK(V116),"",VLOOKUP(V116,ComboValue!$N$2:$O$70,2,FALSE) & ",") & IF(ISBLANK(W116),"",VLOOKUP(W116,ComboValue!$N$2:$O$70,2,FALSE) & ",") & IF(ISBLANK(X116),"",VLOOKUP(X116,ComboValue!$N$2:$O$70,2,FALSE) & ",") & IF(ISBLANK(Y116),"",VLOOKUP(Y116,ComboValue!$N$2:$O$70,2,FALSE) & ",") & IF(ISBLANK(Z116),"",VLOOKUP(Z116,ComboValue!$N$2:$O$70,2,FALSE) & ",") & IF(ISBLANK(AA116),"",VLOOKUP(AA116,ComboValue!$N$2:$O$70,2,FALSE) & ",") & IF(ISBLANK(AB116),"",VLOOKUP(AB116,ComboValue!$N$2:$O$70,2,FALSE) & ",") & IF(ISBLANK(AC116),"",VLOOKUP(AC116,ComboValue!$N$2:$O$70,2,FALSE) & ",") & IF(ISBLANK(AD116),"",VLOOKUP(AD116,ComboValue!$N$2:$O$70,2,FALSE) & ",") & IF(ISBLANK(AE116),"",VLOOKUP(AE116,ComboValue!$N$2:$O$70,2,FALSE) & ",") & IF(ISBLANK(AF116),"",VLOOKUP(AF116,ComboValue!$N$2:$O$70,2,FALSE) & ",") & IF(ISBLANK(AG116),"",VLOOKUP(AG116,ComboValue!$N$2:$O$70,2,FALSE) & ",") & IF(ISBLANK(AH116),"",VLOOKUP(AH116,ComboValue!$N$2:$O$70,2,FALSE) & ",") & IF(ISBLANK(AI116),"",VLOOKUP(AI116,ComboValue!$N$2:$O$70,2,FALSE) & ",") & IF(ISBLANK(AJ116),"",VLOOKUP(AJ116,ComboValue!$N$2:$O$70,2,FALSE) & ",") & IF(ISBLANK(AK116),"",VLOOKUP(AK116,ComboValue!$N$2:$O$70,2,FALSE) & ",") & IF(ISBLANK(AL116),"",VLOOKUP(AL116,ComboValue!$N$2:$O$70,2,FALSE) & ",") & IF(ISBLANK(AM116),"",VLOOKUP(AM116,ComboValue!$N$2:$O$70,2,FALSE) & ",") & IF(ISBLANK(AN116),"",VLOOKUP(AN116,ComboValue!$N$2:$O$70,2,FALSE) & ",") & IF(ISBLANK(AO116),"",VLOOKUP(AO116,ComboValue!$N$2:$O$70,2,FALSE) & ",") & IF(ISBLANK(AP116),"",VLOOKUP(AP116,ComboValue!$N$2:$O$70,2,FALSE) & ",") & IF(ISBLANK(AQ116),"",VLOOKUP(AQ116,ComboValue!$N$2:$O$70,2,FALSE) & ",") & IF(ISBLANK(AR116),"",VLOOKUP(AR116,ComboValue!$N$2:$O$70,2,FALSE) & ",") & IF(ISBLANK(AS116),"",VLOOKUP(AS116,ComboValue!$N$2:$O$70,2,FALSE) & ",") & IF(ISBLANK(AT116),"",VLOOKUP(AT116,ComboValue!$N$2:$O$70,2,FALSE) & ",") & IF(ISBLANK(AU116),"",VLOOKUP(AU116,ComboValue!$N$2:$O$70,2,FALSE) & ",") & IF(ISBLANK(AV116),"",VLOOKUP(AV116,ComboValue!$N$2:$O$70,2,FALSE) & ",") | BC116: =IF(AND(ISNUMBER(SEARCH("04",AX116)),NOT(OR("C_01"=AZ116,"C_01b"=AZ116,"C_02"=AZ116,"C_03"=AZ116))),"01,","") & IF(OR(AND("C_01"=AZ116,NOT("04"=BA116)),AND("C_02"=AZ116,NOT("04"=BA116)),AND("C_03"=AZ116,NOT("04"=BA116)),AND("C_04"=AZ116,NOT("01"=BA116)),AND("C_05"=AZ116,NOT("01"=BA116)),AND("C_06"=AZ116,OR("04"=BA116,BA116="")),AND("C_07"=AZ116,OR("04"=BA116,BA116="")),AND("C_08"=AZ116,NOT("03"=BA116)),AND("C_09"=AZ116,NOT("03"=BA116)),AND("C_10"=AZ116,NOT("04"=BA116)),AND("C_11"=AZ116,NOT("04"=BA116)),AND("C_12"=AZ116,NOT("04"=BA116)),AND("C_13"=AZ116,NOT("04"=BA116)),AND("C_14"=AZ116,NOT("04"=BA116))),"02,","") & IF(AND(OR(ISNUMBER(SEARCH("11",BB116)),ISNUMBER(SEARCH("12",BB116))),NOT("01"=BA116)),"03,","") & IF(AND(ISNUMBER(SEARCH("13",BB116)),NOT("02"=BA116)),"04,","") | BE116: =IF(ISNUMBER(SEARCH("01",AX116)),O116,"") | BF116: =IF(ISNUMBER(SEARCH("02",AX116)),O116,"") | BG116: =IF(ISNUMBER(SEARCH("03",AX116)),O116,"") | BH116: =IF(ISNUMBER(SEARCH("04",AX116)),O116,"") | BI116: =IF(ISNUMBER(SEARCH("05",AX116)),O116,"") | BJ116: =IF(ISNUMBER(SEARCH("06",AX116)),O116,"") | BK116: =IF(ISNUMBER(SEARCH("07",AX116)),O116,"") | BL116: =IF(ISNUMBER(SEARCH("08",AX116)),O116,"") | BM116: =IF(ISNUMBER(SEARCH("09",AX116)),O116,"") | BN116: =IF(ISNUMBER(SEARCH("10",AX116)),O116,"") | BO116: =IF(BF116="",0,BF116) -> 0 | BP116: =IF(BI116="",0,BI116-BQ116-BO116) -> 0 | BQ116: =IF(BJ116="",0,BJ116-BO116) -> 0 | BR116: =IF(BK116="",0,BK116-BS116-BP116-BQ116-BO116) -> 0 | BS116: =IF(BK116="",0,BK116-BP116-BQ116-BO116) -> 0 | BT116: =IF(BL116="",0,BL116-BR116-BS116-BP116-BQ116-BO116) -> 0 | BU116: =IF(AZ116="D_01",O116,"") | BV116: =IF(AZ116="D_01b",O116,"") | BW116: =IF(AZ116="D_02",O116,"") | BX116: =IF(AZ116="D_03",O116,"") | BY116: =IF(AND(OR(AZ116="D_04",AZ116="D_06"),BA116="01"),O116,"") | BZ116: =IF(AND(OR(AZ116="D_05",AZ116="D_07"),BA116="01"),O116,"") | CA116: =IF(AND(AZ116="D_06",BA116="02"),O116,"") | CB116: =IF(AND(AZ116="D_07",BA116="02"),O116,"") | CC116: =IF(AND(OR(AZ116="D_06",AZ116="D_08"),BA116="03"),O116,"") | CD116: =IF(AND(OR(AZ116="D_07",AZ116="D_09"),BA116="03"),O116,"") | CE116: =IF(AZ116="D_10",O116,"") | CF116: =IF(AZ116="D_11",O116,"") | CG116: =IF(AZ116="D_12",O116,"") | CH116: =IF(AZ116="D_13",O116,"") | CI116: =IF(AZ116="D_14",O116,"") | CJ116: =IF(AZ116="D_15",O116,"") | CK116: =IF(AND(AZ116="D_16",OR(ISNUMBER(SEARCH("34",BB116)),ISNUMBER(SEARCH("35",BB116)),ISNUMBER(SEARCH("38",BB116)),ISNUMBER(SEARCH("40",BB116)),ISNUMBER(SEARCH("41",BB116)),ISNUMBER(SEARCH("42",BB116)),ISNUMBER(SEARCH("43",BB116)),ISNUMBER(SEARCH("46",BB116)),ISNUMBER(SEARCH("47",BB116)),ISNUMBER(SEARCH("48",BB116)),ISNUMBER(SEARCH("53",BB116)),ISNUMBER(SEARCH("55",BB116)),ISNUMBER(SEARCH("58",BB116)))),O116-IF(ISNUMBER(CL116),CL116,0),"") | CL116: =IF(AND(AZ116="D_16",OR(ISNUMBER(SEARCH("01",BB116)),ISNUMBER(SEARCH("02",BB116)),ISNUMBER(SEARCH("03",BB116)),ISNUMBER(SEARCH("04",BB116)),ISNUMBER(SEARCH("05",BB116)),ISNUMBER(SEARCH("06",BB116)),ISNUMBER(SEARCH("07",BB116)),ISNUMBER(SEARCH("08",BB116)),ISNUMBER(SEARCH("09",BB116)),ISNUMBER(SEARCH("10",BB116)),ISNUMBER(SEARCH("11",BB116)),ISNUMBER(SEARCH("12",BB116)),ISNUMBER(SEARCH("13",BB116)),ISNUMBER(SEARCH("14",BB116)),ISNUMBER(SEARCH("15",BB116)),ISNUMBER(SEARCH("16",BB116)),ISNUMBER(SEARCH("17",BB116)),ISNUMBER(SEARCH("18",BB116)),ISNUMBER(SEARCH("19",BB116)),ISNUMBER(SEARCH("20",BB116)),ISNUMBER(SEARCH("21",BB116)),ISNUMBER(SEARCH("22",BB116)),ISNUMBER(SEARCH("23",BB116)),ISNUMBER(SEARCH("24",BB116)),ISNUMBER(SEARCH("25",BB116)),ISNUMBER(SEARCH("26",BB116)),ISNUMBER(SEARCH("27",BB116)),ISNUMBER(SEARCH("28",BB116)),ISNUMBER(SEARCH("29",BB116)),ISNUMBER(SEARCH("30",BB116)),ISNUMBER(SEARCH("31",BB116)),ISNUMBER(SEARCH("32",BB116)),ISNUMBER(SEARCH("33",BB116)),ISNUMBER(SEARCH("36",BB116)),ISNUMBER(SEARCH("37",BB116)),ISNUMBER(SEARCH("39",BB116)),ISNUMBER(SEARCH("44",BB116)),ISNUMBER(SEARCH("45",BB116)),ISNUMBER(SEARCH("49",BB116)),ISNUMBER(SEARCH("50",BB116)),ISNUMBER(SEARCH("51",BB116)),ISNUMBER(SEARCH("52",BB116)),ISNUMBER(SEARCH("54",BB116)),ISNUMBER(SEARCH("56",BB116)),ISNUMBER(SEARCH("57",BB116)),ISNUMBER(SEARCH("59",BB116)),ISNUMBER(SEARCH("60",BB116)),ISNUMBER(SEARCH("61",BB116)),ISNUMBER(SEARCH("62",BB116)),ISNUMBER(SEARCH("63",BB116)),ISNUMBER(SEARCH("64",BB116)),ISNUMBER(SEARCH("65",BB116)),ISNUMBER(SEARCH("66",BB116)))),O116,"") | CM116: =IF(OR(ISNUMBER(SEARCH("44",BB116)),ISNUMBER(SEARCH("45",BB116)),ISNUMBER(SEARCH("46",BB116)),ISNUMBER(SEARCH("47",BB116)),ISNUMBER(SEARCH("50",BB116)),ISNUMBER(SEARCH("51",BB116)),ISNUMBER(SEARCH("52",BB116)),ISNUMBER(SEARCH("53",BB116)),ISNUMBER(SEARCH("54",BB116)),ISNUMBER(SEARCH("55",BB116)),ISNUMBER(SEARCH("56",BB116)),ISNUMBER(SEARCH("57",BB116)),ISNUMBER(SEARCH("59",BB116))),B116 & ",","") | CR116: =IF(OR(AZ116="D_15", CM116<>"",CN116<>"",CO116<>"",CP116<>""), "YES", "NO") -> NO | CS116: =IF(ISNUMBER(SEARCH("01",AX116)),B116 & ",","") | CT116: =IF(ISNUMBER(SEARCH("02",AX116)),B116 & ",","") | CU116: =IF(ISNUMBER(SEARCH("03",AX116)),B116 & ",","") | CV116: =IF(ISNUMBER(SEARCH("04",AX116)),B116 & ",","") | CW116: =IF(ISNUMBER(SEARCH("05",AX116)),B116 & ",","") | CX116: =IF(ISNUMBER(SEARCH("06",AX116)),B116 & ",","") | CY116: =IF(ISNUMBER(SEARCH("07",AX116)),B116 & ",","") | CZ116: =IF(ISNUMBER(SEARCH("08",AX116)),B116 & ",","") | DA116: =IF(ISNUMBER(SEARCH("09",AX116)),B116 & ",","") | DB116: =IF(ISNUMBER(SEARCH("10",AX116)),B116 & ",","") | DC116: =IF(ISNUMBER(SEARCH("01",BC116)),B116 & ",","") | DD116: =IF(ISNUMBER(SEARCH("02",BC116)),B116 & ",","") | DE116: =IF(ISNUMBER(SEARCH("03",BC116)),B116 & ",","") | DF116: =IF(ISNUMBER(SEARCH("04",BC116)),B116 & ",","")
B117: 112 | P117: =IF(ISBLANK(M117),"",VLOOKUP(M117,ComboValue!$E$2:$I$18,5,FALSE)) | R117: {=IF(OR(ISNUMBER(SEARCH("GHS05",$D117:$L117)),ISNUMBER(SEARCH("GHS06",$D117:$L117)),ISNUMBER(SEARCH("GHS07",$D117:$L117)),ISNUMBER(SEARCH("GHS08",$D117:$L117)),ISNUMBER(SEARCH("geen pictogram",$D117:$L117)),ISNUMBER(SEARCH("GHS09",$D117:$L117)),ISNUMBER(SEARCH("GHS05",$D117:$L117))),"JA","NEE")} -> NEE | AX117: =IF(ISBLANK(D117),"",VLOOKUP(D117,ComboValue!$B$2:$C$11,2,FALSE) & ",") & IF(ISBLANK(E117),"",VLOOKUP(E117,ComboValue!$B$2:$C$11,2,FALSE) & ",") & IF(ISBLANK(F117),"",VLOOKUP(F117,ComboValue!$B$2:$C$11,2,FALSE) & ",") & IF(ISBLANK(G117),"",VLOOKUP(G117,ComboValue!$B$2:$C$11,2,FALSE) & ",") & IF(ISBLANK(H117),"",VLOOKUP(H117,ComboValue!$B$2:$C$11,2,FALSE) & ",") & IF(ISBLANK(I117),"",VLOOKUP(I117,ComboValue!$B$2:$C$11,2,FALSE) & ",") & IF(ISBLANK(J117),"",VLOOKUP(J117,ComboValue!$B$2:$C$11,2,FALSE) & ",") & IF(ISBLANK(K117),"",VLOOKUP(K117,ComboValue!$B$2:$C$11,2,FALSE) & ",") & IF(ISBLANK(L117),"",VLOOKUP(L117,ComboValue!$B$2:$C$11,2,FALSE) & ",") | AY117: =IF(ISNUMBER(SEARCH("04",AX117)),"Gaz_Nl","Tous_NL") -> Tous_NL | AZ117: =IF(ISBLANK(M117),"",VLOOKUP(M117,ComboValue!$E$2:$G$18,3,FALSE)) | BA117: =IF(ISBLANK(N117),"",VLOOKUP(N117,ComboValue!$K$2:$L$5,2,FALSE)) | BB117: =IF(ISBLANK(S117),"",VLOOKUP(S117,ComboValue!$N$2:$O$70,2,FALSE) & ",") & IF(ISBLANK(T117),"",VLOOKUP(T117,ComboValue!$N$2:$O$70,2,FALSE) & ",") & IF(ISBLANK(U117),"",VLOOKUP(U117,ComboValue!$N$2:$O$70,2,FALSE) & ",") & IF(ISBLANK(V117),"",VLOOKUP(V117,ComboValue!$N$2:$O$70,2,FALSE) & ",") & IF(ISBLANK(W117),"",VLOOKUP(W117,ComboValue!$N$2:$O$70,2,FALSE) & ",") & IF(ISBLANK(X117),"",VLOOKUP(X117,ComboValue!$N$2:$O$70,2,FALSE) & ",") & IF(ISBLANK(Y117),"",VLOOKUP(Y117,ComboValue!$N$2:$O$70,2,FALSE) & ",") & IF(ISBLANK(Z117),"",VLOOKUP(Z117,ComboValue!$N$2:$O$70,2,FALSE) & ",") & IF(ISBLANK(AA117),"",VLOOKUP(AA117,ComboValue!$N$2:$O$70,2,FALSE) & ",") & IF(ISBLANK(AB117),"",VLOOKUP(AB117,ComboValue!$N$2:$O$70,2,FALSE) & ",") & IF(ISBLANK(AC117),"",VLOOKUP(AC117,ComboValue!$N$2:$O$70,2,FALSE) & ",") & IF(ISBLANK(AD117),"",VLOOKUP(AD117,ComboValue!$N$2:$O$70,2,FALSE) & ",") & IF(ISBLANK(AE117),"",VLOOKUP(AE117,ComboValue!$N$2:$O$70,2,FALSE) & ",") & IF(ISBLANK(AF117),"",VLOOKUP(AF117,ComboValue!$N$2:$O$70,2,FALSE) & ",") & IF(ISBLANK(AG117),"",VLOOKUP(AG117,ComboValue!$N$2:$O$70,2,FALSE) & ",") & IF(ISBLANK(AH117),"",VLOOKUP(AH117,ComboValue!$N$2:$O$70,2,FALSE) & ",") & IF(ISBLANK(AI117),"",VLOOKUP(AI117,ComboValue!$N$2:$O$70,2,FALSE) & ",") & IF(ISBLANK(AJ117),"",VLOOKUP(AJ117,ComboValue!$N$2:$O$70,2,FALSE) & ",") & IF(ISBLANK(AK117),"",VLOOKUP(AK117,ComboValue!$N$2:$O$70,2,FALSE) & ",") & IF(ISBLANK(AL117),"",VLOOKUP(AL117,ComboValue!$N$2:$O$70,2,FALSE) & ",") & IF(ISBLANK(AM117),"",VLOOKUP(AM117,ComboValue!$N$2:$O$70,2,FALSE) & ",") & IF(ISBLANK(AN117),"",VLOOKUP(AN117,ComboValue!$N$2:$O$70,2,FALSE) & ",") & IF(ISBLANK(AO117),"",VLOOKUP(AO117,ComboValue!$N$2:$O$70,2,FALSE) & ",") & IF(ISBLANK(AP117),"",VLOOKUP(AP117,ComboValue!$N$2:$O$70,2,FALSE) & ",") & IF(ISBLANK(AQ117),"",VLOOKUP(AQ117,ComboValue!$N$2:$O$70,2,FALSE) & ",") & IF(ISBLANK(AR117),"",VLOOKUP(AR117,ComboValue!$N$2:$O$70,2,FALSE) & ",") & IF(ISBLANK(AS117),"",VLOOKUP(AS117,ComboValue!$N$2:$O$70,2,FALSE) & ",") & IF(ISBLANK(AT117),"",VLOOKUP(AT117,ComboValue!$N$2:$O$70,2,FALSE) & ",") & IF(ISBLANK(AU117),"",VLOOKUP(AU117,ComboValue!$N$2:$O$70,2,FALSE) & ",") & IF(ISBLANK(AV117),"",VLOOKUP(AV117,ComboValue!$N$2:$O$70,2,FALSE) & ",") | BC117: =IF(AND(ISNUMBER(SEARCH("04",AX117)),NOT(OR("C_01"=AZ117,"C_01b"=AZ117,"C_02"=AZ117,"C_03"=AZ117))),"01,","") & IF(OR(AND("C_01"=AZ117,NOT("04"=BA117)),AND("C_02"=AZ117,NOT("04"=BA117)),AND("C_03"=AZ117,NOT("04"=BA117)),AND("C_04"=AZ117,NOT("01"=BA117)),AND("C_05"=AZ117,NOT("01"=BA117)),AND("C_06"=AZ117,OR("04"=BA117,BA117="")),AND("C_07"=AZ117,OR("04"=BA117,BA117="")),AND("C_08"=AZ117,NOT("03"=BA117)),AND("C_09"=AZ117,NOT("03"=BA117)),AND("C_10"=AZ117,NOT("04"=BA117)),AND("C_11"=AZ117,NOT("04"=BA117)),AND("C_12"=AZ117,NOT("04"=BA117)),AND("C_13"=AZ117,NOT("04"=BA117)),AND("C_14"=AZ117,NOT("04"=BA117))),"02,","") & IF(AND(OR(ISNUMBER(SEARCH("11",BB117)),ISNUMBER(SEARCH("12",BB117))),NOT("01"=BA117)),"03,","") & IF(AND(ISNUMBER(SEARCH("13",BB117)),NOT("02"=BA117)),"04,","") | BE117: =IF(ISNUMBER(SEARCH("01",AX117)),O117,"") | BF117: =IF(ISNUMBER(SEARCH("02",AX117)),O117,"") | BG117: =IF(ISNUMBER(SEARCH("03",AX117)),O117,"") | BH117: =IF(ISNUMBER(SEARCH("04",AX117)),O117,"") | BI117: =IF(ISNUMBER(SEARCH("05",AX117)),O117,"") | BJ117: =IF(ISNUMBER(SEARCH("06",AX117)),O117,"") | BK117: =IF(ISNUMBER(SEARCH("07",AX117)),O117,"") | BL117: =IF(ISNUMBER(SEARCH("08",AX117)),O117,"") | BM117: =IF(ISNUMBER(SEARCH("09",AX117)),O117,"") | BN117: =IF(ISNUMBER(SEARCH("10",AX117)),O117,"") | BO117: =IF(BF117="",0,BF117) -> 0 | BP117: =IF(BI117="",0,BI117-BQ117-BO117) -> 0 | BQ117: =IF(BJ117="",0,BJ117-BO117) -> 0 | BR117: =IF(BK117="",0,BK117-BS117-BP117-BQ117-BO117) -> 0 | BS117: =IF(BK117="",0,BK117-BP117-BQ117-BO117) -> 0 | BT117: =IF(BL117="",0,BL117-BR117-BS117-BP117-BQ117-BO117) -> 0 | BU117: =IF(AZ117="D_01",O117,"") | BV117: =IF(AZ117="D_01b",O117,"") | BW117: =IF(AZ117="D_02",O117,"") | BX117: =IF(AZ117="D_03",O117,"") | BY117: =IF(AND(OR(AZ117="D_04",AZ117="D_06"),BA117="01"),O117,"") | BZ117: =IF(AND(OR(AZ117="D_05",AZ117="D_07"),BA117="01"),O117,"") | CA117: =IF(AND(AZ117="D_06",BA117="02"),O117,"") | CB117: =IF(AND(AZ117="D_07",BA117="02"),O117,"") | CC117: =IF(AND(OR(AZ117="D_06",AZ117="D_08"),BA117="03"),O117,"") | CD117: =IF(AND(OR(AZ117="D_07",AZ117="D_09"),BA117="03"),O117,"") | CE117: =IF(AZ117="D_10",O117,"") | CF117: =IF(AZ117="D_11",O117,"") | CG117: =IF(AZ117="D_12",O117,"") | CH117: =IF(AZ117="D_13",O117,"") | CI117: =IF(AZ117="D_14",O117,"") | CJ117: =IF(AZ117="D_15",O117,"") | CK117: =IF(AND(AZ117="D_16",OR(ISNUMBER(SEARCH("34",BB117)),ISNUMBER(SEARCH("35",BB117)),ISNUMBER(SEARCH("38",BB117)),ISNUMBER(SEARCH("40",BB117)),ISNUMBER(SEARCH("41",BB117)),ISNUMBER(SEARCH("42",BB117)),ISNUMBER(SEARCH("43",BB117)),ISNUMBER(SEARCH("46",BB117)),ISNUMBER(SEARCH("47",BB117)),ISNUMBER(SEARCH("48",BB117)),ISNUMBER(SEARCH("53",BB117)),ISNUMBER(SEARCH("55",BB117)),ISNUMBER(SEARCH("58",BB117)))),O117-IF(ISNUMBER(CL117),CL117,0),"") | CL117: =IF(AND(AZ117="D_16",OR(ISNUMBER(SEARCH("01",BB117)),ISNUMBER(SEARCH("02",BB117)),ISNUMBER(SEARCH("03",BB117)),ISNUMBER(SEARCH("04",BB117)),ISNUMBER(SEARCH("05",BB117)),ISNUMBER(SEARCH("06",BB117)),ISNUMBER(SEARCH("07",BB117)),ISNUMBER(SEARCH("08",BB117)),ISNUMBER(SEARCH("09",BB117)),ISNUMBER(SEARCH("10",BB117)),ISNUMBER(SEARCH("11",BB117)),ISNUMBER(SEARCH("12",BB117)),ISNUMBER(SEARCH("13",BB117)),ISNUMBER(SEARCH("14",BB117)),ISNUMBER(SEARCH("15",BB117)),ISNUMBER(SEARCH("16",BB117)),ISNUMBER(SEARCH("17",BB117)),ISNUMBER(SEARCH("18",BB117)),ISNUMBER(SEARCH("19",BB117)),ISNUMBER(SEARCH("20",BB117)),ISNUMBER(SEARCH("21",BB117)),ISNUMBER(SEARCH("22",BB117)),ISNUMBER(SEARCH("23",BB117)),ISNUMBER(SEARCH("24",BB117)),ISNUMBER(SEARCH("25",BB117)),ISNUMBER(SEARCH("26",BB117)),ISNUMBER(SEARCH("27",BB117)),ISNUMBER(SEARCH("28",BB117)),ISNUMBER(SEARCH("29",BB117)),ISNUMBER(SEARCH("30",BB117)),ISNUMBER(SEARCH("31",BB117)),ISNUMBER(SEARCH("32",BB117)),ISNUMBER(SEARCH("33",BB117)),ISNUMBER(SEARCH("36",BB117)),ISNUMBER(SEARCH("37",BB117)),ISNUMBER(SEARCH("39",BB117)),ISNUMBER(SEARCH("44",BB117)),ISNUMBER(SEARCH("45",BB117)),ISNUMBER(SEARCH("49",BB117)),ISNUMBER(SEARCH("50",BB117)),ISNUMBER(SEARCH("51",BB117)),ISNUMBER(SEARCH("52",BB117)),ISNUMBER(SEARCH("54",BB117)),ISNUMBER(SEARCH("56",BB117)),ISNUMBER(SEARCH("57",BB117)),ISNUMBER(SEARCH("59",BB117)),ISNUMBER(SEARCH("60",BB117)),ISNUMBER(SEARCH("61",BB117)),ISNUMBER(SEARCH("62",BB117)),ISNUMBER(SEARCH("63",BB117)),ISNUMBER(SEARCH("64",BB117)),ISNUMBER(SEARCH("65",BB117)),ISNUMBER(SEARCH("66",BB117)))),O117,"") | CM117: =IF(OR(ISNUMBER(SEARCH("44",BB117)),ISNUMBER(SEARCH("45",BB117)),ISNUMBER(SEARCH("46",BB117)),ISNUMBER(SEARCH("47",BB117)),ISNUMBER(SEARCH("50",BB117)),ISNUMBER(SEARCH("51",BB117)),ISNUMBER(SEARCH("52",BB117)),ISNUMBER(SEARCH("53",BB117)),ISNUMBER(SEARCH("54",BB117)),ISNUMBER(SEARCH("55",BB117)),ISNUMBER(SEARCH("56",BB117)),ISNUMBER(SEARCH("57",BB117)),ISNUMBER(SEARCH("59",BB117))),B117 & ",","") | CR117: =IF(OR(AZ117="D_15", CM117<>"",CN117<>"",CO117<>"",CP117<>""), "YES", "NO") -> NO | CS117: =IF(ISNUMBER(SEARCH("01",AX117)),B117 & ",","") | CT117: =IF(ISNUMBER(SEARCH("02",AX117)),B117 & ",","") | CU117: =IF(ISNUMBER(SEARCH("03",AX117)),B117 & ",","") | CV117: =IF(ISNUMBER(SEARCH("04",AX117)),B117 & ",","") | CW117: =IF(ISNUMBER(SEARCH("05",AX117)),B117 & ",","") | CX117: =IF(ISNUMBER(SEARCH("06",AX117)),B117 & ",","") | CY117: =IF(ISNUMBER(SEARCH("07",AX117)),B117 & ",","") | CZ117: =IF(ISNUMBER(SEARCH("08",AX117)),B117 & ",","") | DA117: =IF(ISNUMBER(SEARCH("09",AX117)),B117 & ",","") | DB117: =IF(ISNUMBER(SEARCH("10",AX117)),B117 & ",","") | DC117: =IF(ISNUMBER(SEARCH("01",BC117)),B117 & ",","") | DD117: =IF(ISNUMBER(SEARCH("02",BC117)),B117 & ",","") | DE117: =IF(ISNUMBER(SEARCH("03",BC117)),B117 & ",","") | DF117: =IF(ISNUMBER(SEARCH("04",BC117)),B117 & ",","")
